Workbook

Sheet разбивка по мер
C1: Предусмотрено по программе на 2017 год | I1: Утверждено (уточнено) в бюджете на 2017 год (тыс.руб.) | O1: % финансров.программ за отч.период | P1: Кассовые расходы за 2017 год (тыс.руб.) | V1: % финансров.программ за отч.период
C2: Итого | D2: ФБ | E2: РБ | F2: МР | G2: МО | H2: ВБ | I2: Итого | J2: ФБ | K2: РБ | L2: МР | M2: МО | N2: ВБ | P2: Итого | Q2: ФБ | R2: РБ | S2: МР | T2: МО | U2: ВБ
B3: ВСЕГО | C3: =C5+C31+C39+C48+C57+C151+C166+C187+C201+C212+C217+C232+C246+C253+C281+C294+C311+C313+C348+C379+C398+C433 -> 1614118.2 | D3: =D5+D31+D39+D48+D57+D151+D166+D187+D201+D212+D217+D232+D246+D253+D281+D294+D311+D313+D348+D379+D398+D433 -> 42681.7 | E3: =E5+E31+E39+E48+E57+E151+E166+E187+E201+E212+E217+E232+E246+E253+E281+E294+E311+E313+E348+E379+E398+E433 -> 859841.99 | F3: =F5+F31+F39+F48+F57+F151+F166+F187+F201+F212+F217+F232+F246+F253+F281+F294+F311+F313+F348+F379+F398+F433 -> 508473.74 | G3: =G5+G31+G39+G48+G57+G151+G166+G187+G201+G212+G217+G232+G246+G253+G281+G294+G311+G313+G348+G379+G398+G433 -> 57524.06 | H3: =H5+H31+H39+H48+H57+H151+H166+H187+H201+H212+H217+H232+H246+H253+H281+H294+H311+H313+H348+H379+H398+H433 -> 145596.72 | I3: =I5+I31+I39+I48+I57+I151+I166+I187+I201+I212+I217+I232+I246+I253+I281+I294+I311+I313+I348+I379+I398+I433+I458 -> 1555656.4 | J3: =J5+J31+J39+J48+J57+J151+J166+J187+J201+J212+J217+J232+J246+J253+J281+J294+J311+J313+J348+J379+J398+J433+J458 -> 33944.795 | K3: =K5+K31+K39+K48+K57+K151+K166+K187+K201+K212+K217+K232+K246+K253+K281+K294+K311+K313+K348+K379+K398+K433+K458 -> 855829.09 | L3: =L5+L31+L39+L48+L57+L151+L166+L187+L201+L212+L217+L232+L246+L253+L281+L294+L311+L313+L348+L379+L398+L433+L458 -> 521981.08 | M3: =M5+M31+M39+M48+M57+M151+M166+M187+M201+M212+M217+M232+M246+M253+M281+M294+M311+M313+M348+M379+M398+M433+M458 -> 56152.621 | N3: =N5+N31+N39+N48+N57+N151+N166+N187+N201+N212+N217+N232+N246+N253+N281+N294+N311+N313+N348+N379+N398+N433+N458 -> 87748.834 | O3: =(I3/C3)*100 -> 96.378097 | P3: =P5+P31+P39+P48+P57+P151+P166+P187+P201+P212+P217+P232+P246+P253+P281+P294+P311+P313+P348+P379+P398+P433 -> 1532840.8 | Q3: =Q5+Q31+Q39+Q48+Q57+Q151+Q166+Q187+Q201+Q212+Q217+Q232+Q246+Q253+Q281+Q294+Q311+Q313+Q348+Q379+Q398+Q433 -> 33944.795 | R3: =R5+R31+R39+R48+R57+R151+R166+R187+R201+R212+R217+R232+R246+R253+R281+R294+R311+R313+R348+R379+R398+R433 -> 850591.1 | S3: =S5+S31+S39+S48+S57+S151+S166+S187+S201+S212+S217+S232+S246+S253+S281+S294+S311+S313+S348+S379+S398+S433 -> 506806.51 | T3: =T5+T31+T39+T48+T57+T151+T166+T187+T201+T212+T217+T232+T246+T253+T281+T294+T311+T313+T348+T379+T398+T433 -> 55842.12 | U3: =U5+U31+U39+U48+U57+U151+U166+U187+U201+U212+U217+U232+U246+U253+U281+U294+U311+U313+U348+U379+U398+U433 -> 85656.24 | V3: =SUM(P3/I3*100) -> 98.533375
V4: =SUM(P4/I4*100) -> #DIV/0!
A5: 1 | B5: Обеспечение качественным жильем в МР "Горный улус" на 2012-2019 годы | C5: =C6+C9+C11+C13+C15+C18+C20+C24+C26+C28 -> 251234.22 | D5: =D6+D9+D11+D13+D15+D18+D20+D24+D26+D28 -> 3000 | E5: =E6+E9+E11+E13+E15+E18+E20+E24+E26+E28 -> 163646.84 | F5: =F6+F9+F11+F13+F15+F18+F20+F24+F26+F28 -> 8163.76 | G5: =G6+G9+G11+G13+G15+G18+G20+G24+G26+G28 -> 3088.76 | H5: =H6+H9+H11+H13+H15+H18+H20+H24+H26+H28 -> 73334.86 | I5: =I6+I9+I11+I13+I15+I18+I20+I24+I26+I28 -> 165060.37 | J5: =J6+J9+J11+J13+J15+J18+J20+J24+J26+J28 -> 6001.2291 | ... N5: =N6+N9+N11+N13+N15+N18+N20+N24+N26+N28 -> 7958.834 | O5: =(I5/C5)*100 -> 65.699797 | P5: =SUM(Q5:U5) -> 163402.38 | Q5: =SUM(Q6+Q9+Q11+Q13+Q15+Q18+Q20+Q24+Q26+Q28) -> 6001.2291 | R5: =SUM(R6+R9+R11+R13+R15+R18+R20+R24+R26+R28) -> 145567.26 | S5: =SUM(S6+S9+S11+S13+S15+S18+S20+S24+S26+S28) -> 3467.6448 | T5: =SUM(T6+T9+T11+T13+T15+T18+T20+T24+T26+T28) -> 2500 | U5: =SUM(U6+U9+U11+U13+U15+U18+U20+U24+U26+U28) -> 5866.24 | V5: =SUM(P5/I5*100) -> 98.995523
A6: 1.1. | B6: Градостроительное планирование развития территорий. Снижение административных барьеров в области строительства | C6: =SUM(D6:H6) -> 1250 | D6: =D7+D8 -> 0 | E6: =E7+E8 -> 0 | F6: =F7+F8 -> 800 | G6: =G7+G8 -> 450 | H6: =H7+H8 -> 0 | I6: =SUM(J6:N6) -> 1216.23 | J6: =J7+J8 -> 0 | K6: =K7+K8 -> 478.89376 | L6: =L7+L8 -> 287.33627 | M6: =M7+M8 -> 450 | N6: =N7+N8 -> 0 | O6: =(I6/C6)*100 -> 97.298402 | P6: =SUM(Q6:U6) -> 1216.23 | Q6: =Q7+Q8 -> 0 | R6: =R7+R8 -> 478.89 | S6: =S7+S8 -> 287.34 | T6: =T7+T8 -> 450 | U6: =U7+U8 -> 0 | V6: =SUM(P6/I6*100) -> 99.999998
B7: Подготовка и утверждение документов по планировке территорий муниципальных образований | C7: =SUM(D7:H7) -> 1250 | D7: 0 | E7: 0 | F7: 800 | G7: 450 | H7: 0 | I7: =SUM(J7:N7) -> 1216.23 | J7: 0 | K7: 478.89376 | L7: 287.33627 | M7: 450 | N7: 0 | O7: =(I7/C7)*100 -> 97.298402 | P7: =SUM(Q7:U7) -> 1216.23 | Q7: 0 | R7: 478.89 | S7: 287.34 | T7: 450 | U7: 0 | V7: =SUM(P7/I7*100) -> 99.999998 | X7: 478.8 | Y7: 287.33
B8: Разработка местных нормативов градостроительного проектирования муниципальных образований | C8: =SUM(D8:H8) -> 0 | D8: 0 | E8: 0 | F8: 0 | G8: 0 | H8: 0 | I8: =SUM(J8:N8) -> 0 | J8: 0 | K8: 0 | L8: 0 | M8: 0 | N8: 0 | O8: =(I8/C8)*100 -> #DIV/0! | P8: =SUM(Q8:U8) -> 0 | Q8: 0 | R8: 0 | S8: 0 | T8: 0 | U8: 0 | V8: =SUM(P8/I8*100) -> #DIV/0!
A9: 1.2. | B9: Переселение граждан из ветхого и аварийного жилищного фонда | C9: =SUM(D9:H9) -> 144909.22 | D9: =D10 -> 0 | E9: =E10 -> 114446.84 | F9: =F10 -> 1913.76 | G9: =G10 -> 713.76 | H9: =H10 -> 27834.86 | I9: =SUM(J9:N9) -> 136261.46 | J9: =J10 -> 0 | K9: =K10 -> 136261.46 | L9: =L10 -> 0 | M9: =M10 -> 0 | N9: =N10 -> 0 | O9: =(I9/C9)*100 -> 94.032291 | P9: =SUM(Q9:U9) -> 137637.84 | Q9: =Q10 -> 0 | R9: =R10 -> 136261.46 | S9: =S10 -> 1376.3783 | T9: =T10 -> 0 | U9: =U10 -> 0 | V9: =SUM(P9/I9*100) -> 101.0101
B10: Переселение граждан из аварийного жилищного фонда с использованием средств финансовой поддержки Фонда содействия реформированию жилищно-коммунального хозяйства (в рамках реализации республиканских адресных программ) | C10: =SUM(D10:H10) -> 144909.22 | D10: 0 | E10: 114446.84 | F10: 1913.76 | G10: 713.76 | H10: 27834.86 | I10: =SUM(J10:N10) -> 136261.46 | J10: 0 | K10: 136261.46 | L10: 0 | M10: 0 | N10: 0 | O10: =(I10/C10)*100 -> 94.032291 | P10: =SUM(Q10:U10) -> 137637.84 | Q10: 0 | R10: 136261.46 | S10: 1376.3783 | T10: 0 | U10: 0 | V10: =SUM(P10/I10*100) -> 101.0101 | X10: 184193.81 | Y10: =SUM(42327.41+3718312.04) -> 3760639.5 | Z10: =SUM(35700+3718312.04) -> 3754012
A11: 1.3. | B11: Обеспечение жильем работников бюджетной сферы | C11: =SUM(D11:H11) -> 0 | D11: =D12 -> 0 | E11: =E12 -> 0 | F11: =F12 -> 0 | G11: =G12 -> 0 | H11: =H12 -> 0 | I11: =SUM(J11:N11) -> 0 | J11: =J12 -> 0 | K11: =K12 -> 0 | L11: =L12 -> 0 | M11: =M12 -> 0 | N11: =N12 -> 0 | P11: =SUM(Q11:U11) -> 0 | Q11: =Q12 -> 0 | R11: =R12 -> 0 | S11: =S12 -> 0 | T11: =T12 -> 0 | U11: =U12 -> 0 | V11: =SUM(P11/I11*100) -> #DIV/0!
B12: Предоставление работникам бюджетной сферы социальных выплат на приобретение жилья на первичном рынке недвижимости | C12: =SUM(D12:H12) -> 0 | D12: 0 | E12: 0 | F12: 0 | G12: 0 | H12: 0 | I12: =SUM(J12:N12) -> 0 | J12: 0 | K12: 0 | P12: =SUM(Q12:U12) -> 0 | Q12: 0 | R12: 0 | S12: 0 | T12: 0 | U12: 0 | V12: =SUM(P12/I12*100) -> #DIV/0! | Y12: 120 | Z12: 120
A13: 1.4. | B13: Комплексное освоение и развитие территорий в целях жилищного строительства | C13: =SUM(D13:H13) -> 0 | D13: =D14 -> 0 | E13: =E14 -> 0 | F13: =F14 -> 0 | G13: =G14 -> 0 | H13: =H14 -> 0 | I13: =SUM(J13:N13) -> 0 | J13: =J14 -> 0 | K13: =K14 -> 0 | L13: =L14 -> 0 | M13: =M14 -> 0 | N13: =N14 -> 0 | P13: =SUM(Q13:U13) -> 0 | Q13: =Q14 -> 0 | R13: =R14 -> 0 | S13: =S14 -> 0 | T13: =T14 -> 0 | U13: =U14 -> 0 | V13: =SUM(P13/I13*100) -> #DIV/0!
B14: Реализация проектов комплексного освоения и развития территорий в целях жилищного строительства | C14: =SUM(D14:H14) -> 0 | D14: 0 | E14: 0 | F14: 0 | G14: 0 | H14: 0 | I14: =SUM(J14:N14) -> 0 | J14: 0 | K14: 0 | L14: 0 | M14: 0 | N14: 0 | P14: =SUM(Q14:U14) -> 0 | Q14: 0 | R14: 0 | S14: 0 | T14: 0 | U14: 0 | V14: =SUM(P14/I14*100) -> #DIV/0!
A15: 1.5. | B15: Индивидуальное жилищное строительство | C15: =SUM(D15:H15) -> 38650 | D15: =D16+D17 -> 0 | E15: =E16+E17 -> 20000 | F15: =F16+F17 -> 1000 | G15: =G16+G17 -> 650 | H15: =H16+H17 -> 17000 | I15: =SUM(J15:N15) -> 13782.618 | J15: =J16+J17 -> 0 | K15: =K16+K17 -> 4673.784 | L15: =L16+L17 -> 1000 | M15: =M16+M17 -> 150 | N15: =N16+N17 -> 7958.834 | O15: =(I15/C15)*100 -> 35.660072 | P15: =SUM(Q15:U15) -> 10748.246 | Q15: =Q16+Q17 -> 0 | R15: =R16+R17 -> 4673.78 | S15: =S16+S17 -> 58.22648 | T15: =T16+T17 -> 150 | U15: =U16+U17 -> 5866.24 | V15: =SUM(P15/I15*100) -> 77.98407
B16: Предоставление кредитных (заемных) средств гражданам на строительство индивидуального жилья сроком до 10 лет | C16: =SUM(D16:H16) -> 17000 | D16: 0 | E16: 0 | F16: 0 | G16: 0 | H16: 17000 | I16: =SUM(J16:N16) -> 7958.834 | J16: 0 | K16: 0 | L16: 0 | M16: 0 | N16: 7958.834 | O16: =(I16/C16)*100 -> 46.816671 | P16: =SUM(Q16:U16) -> 5866.24 | Q16: 0 | R16: 0 | S16: 0 | T16: 0 | U16: 5866.24 | V16: =SUM(P16/I16*100) -> 73.707279
B17: Выделение средств в виде капитальных вложений на обустройство зон индивидуальной жилой застройки | C17: =SUM(D17:H17) -> 21650 | D17: 0 | E17: 20000 | F17: 1000 | G17: 650 | H17: 0 | I17: =SUM(J17:N17) -> 5823.784 | J17: 0 | K17: 4673.784 | L17: 1000 | M17: 150 | N17: 0 | O17: =(I17/C17)*100 -> 26.899695 | P17: =SUM(Q17:U17) -> 4882.0065 | Q17: 0 | R17: 4673.78 | S17: 58.22648 | T17: 150 | U17: 0 | V17: =SUM(P17/I17*100) -> 83.82877 | X17: 4673.783 | Y17: 1000 | Z17: 58.226
A18: 1.6. | B18: Обеспечение жильем молодых семей | C18: =SUM(D18:H18) -> 8475 | D18: =D19 -> 3000 | E18: =E19 -> 1700 | F18: =F19 -> 2500 | G18: =G19 -> 1275 | H18: =H19 -> 0 | I18: =SUM(J18:N18) -> 13800.064 | J18: =J19 -> 6001.2291 | K18: =K19 -> 4153.1349 | L18: =L19 -> 1745.7 | M18: =M19 -> 1900 | N18: =N19 -> 0 | O18: =(I18/C18)*100 -> 162.83261 | P18: =SUM(Q18:U18) -> 13800.064 | Q18: =Q19 -> 6001.2291 | R18: =R19 -> 4153.1349 | S18: =S19 -> 1745.7 | T18: =T19 -> 1900 | U18: =U19 -> 0 | V18: =SUM(P18/I18*100) -> 100
B19: Предоставление молодым семьям-участникам подпрограммы социальных выплат на приобретение жилья эконом-класса или строительство индивидуального жилого дома эконом-класса | C19: =SUM(D19:H19) -> 8475 | D19: 3000 | E19: 1700 | F19: 2500 | G19: 1275 | H19: 0 | I19: =SUM(J19:N19) -> 13800.064 | J19: 6001.2291 | K19: 4153.1349 | L19: 1745.7 | M19: 1900 | N19: 0 | O19: =(I19/C19)*100 -> 162.83261 | P19: =SUM(Q19:U19) -> 13800.064 | Q19: 6001.2291 | R19: 4153.1349 | S19: 1745.7 | T19: 1900 | U19: 0 | V19: =SUM(P19/I19*100) -> 100 | X19: 3642.99 | Y19: 3642.99 | Z19: 3642.99
A20: 1.7. | B20: Обеспечение жильем отдельных категорий граждан | C20: =SUM(D20:H20) -> 11600 | D20: =D21+D22+D23 -> 0 | E20: =E21+E22+E23 -> 10500 | F20: =F21+F22+F23 -> 1100 | G20: =G21+G22+G23 -> 0 | H20: =H21+H22+H23 -> 0 | I20: =SUM(J20:N20) -> 0 | J20: =J21+J22+J23 -> 0 | K20: =K21+K22+K23 -> 0 | L20: =L21+L22+L23 -> 0 | M20: =M21+M22+M23 -> 0 | N20: =N21+N22+N23 -> 0 | O20: =(I20/C20)*100 -> 0 | P20: =SUM(Q20:U20) -> 0 | Q20: =Q21+Q22+Q23 -> 0 | R20: =R21+R22+R23 -> 0 | S20: =S21+S22+S23 -> 0 | T20: =T21+T22+T23 -> 0 | U20: =U21+U22+U23 -> 0 | V20: =SUM(P20/I20*100) -> #DIV/0!
B21: Предоставление гражданам, пострадавших от воздействия радиационных аварий и катастроф и приравненных к ним лицам социальных выплат посредством государственных жилищных сертификатов на приобретение жилья | C21: =SUM(D21:H21) -> 0 | D21: 0 | E21: 0 | F21: 0 | G21: 0 | H21: 0 | I21: =SUM(J21:N21) -> 0 | J21: 0 | K21: 0 | L21: 0 | M21: 0 | N21: 0 | P21: =SUM(Q21:U21) -> 0 | Q21: 0 | R21: 0 | S21: 0 | T21: 0 | U21: 0 | V21: =SUM(P21/I21*100) -> #DIV/0!
B22: Обеспечение жильем граждан-ветеранов боевых действий, инвалидов и семей, имеющих детей-инвалидов | C22: =SUM(D22:H22) -> 1100 | D22: 0 | E22: 0 | F22: 1100 | G22: 0 | H22: 0 | I22: =SUM(J22:N22) -> 0 | J22: 0 | K22: 0 | L22: 0 | M22: 0 | N22: 0 | O22: =(I22/C22)*100 -> 0 | P22: =SUM(Q22:U22) -> 0 | Q22: 0 | R22: 0 | S22: 0 | T22: 0 | U22: 0 | V22: =SUM(P22/I22*100) -> #DIV/0!
B23: Обеспечение жильем многодетных семей, имеющих 5 и более несовершеннолетних детей | C23: =SUM(D23:H23) -> 10500 | D23: 0 | E23: 10500 | F23: 0 | G23: 0 | H23: 0 | I23: =SUM(J23:N23) -> 0 | J23: 0 | K23: 0 | L23: 0 | M23: 0 | N23: 0 | O23: =(I23/C23)*100 -> 0 | P23: =SUM(Q23:U23) -> 0 | Q23: 0 | R23: 0 | S23: 0 | T23: 0 | U23: 0 | V23: =SUM(P23/I23*100) -> #DIV/0!
A24: 1.8. | B24: Строительство жилищного фонда социального использования | C24: =SUM(D24:H24) -> 0 | D24: =D25 -> 0 | E24: =E25 -> 0 | F24: =F25 -> 0 | G24: =G25 -> 0 | H24: =H25 -> 0 | I24: =SUM(J24:N24) -> 0 | J24: =J25 -> 0 | K24: =K25 -> 0 | L24: =L25 -> 0 | M24: =M25 -> 0 | N24: =N25 -> 0 | P24: =SUM(Q24:U24) -> 0 | Q24: =Q25 -> 0 | R24: =R25 -> 0 | S24: =S25 -> 0 | T24: =T25 -> 0 | U24: =U25 -> 0 | V24: =SUM(P24/I24*100) -> #DIV/0!
B25: Строительство многоквартирных жилых домов социального использования | C25: =SUM(D25:H25) -> 0 | D25: 0 | E25: 0 | F25: 0 | G25: 0 | H25: 0 | I25: =SUM(J25:N25) -> 0 | J25: 0 | K25: 0 | L25: 0 | M25: 0 | N25: 0 | P25: =SUM(Q25:U25) -> 0 | Q25: 0 | R25: 0 | S25: 0 | T25: 0 | U25: 0 | V25: =SUM(P25/I25*100) -> #DIV/0!
A26: 1.9. | B26: Повышение доступности рынка многоквартирных жилых домов | C26: =SUM(D26:H26) -> 46350 | D26: =D27 -> 0 | E26: =E27 -> 17000 | F26: =F27 -> 850 | G26: =G27 -> 0 | H26: =H27 -> 28500 | I26: =SUM(J26:N26) -> 0 | J26: =J27 -> 0 | K26: =K27 -> 0 | L26: =L27 -> 0 | M26: =M27 -> 0 | N26: =N27 -> 0 | O26: =(I26/C26)*100 -> 0 | P26: =SUM(Q26:U26) -> 0 | Q26: =Q27 -> 0 | R26: =R27 -> 0 | S26: =S27 -> 0 | T26: =T27 -> 0 | U26: =U27 -> 0 | V26: =SUM(P26/I26*100) -> #DIV/0!
B27: Предоставление участникам подпрограммы социальных выплат на приобретение жилья на первичном рынке недвижимости | C27: =SUM(D27:H27) -> 46350 | D27: 0 | E27: 17000 | F27: 850 | G27: 0 | H27: 28500 | I27: =SUM(J27:N27) -> 0 | J27: 0 | K27: 0 | L27: 0 | M27: 0 | N27: 0 | O27: =(I27/C27)*100 -> 0 | P27: =SUM(Q27:U27) -> 0 | Q27: 0 | R27: 0 | S27: 0 | T27: 0 | U27: 0 | V27: =SUM(P27/I27*100) -> #DIV/0!
A28: 1.10. | B28: Ипотечное кредитование молодых учителей | C28: =SUM(D28:H28) -> 0 | D28: =D29 -> 0 | E28: =E29 -> 0 | F28: =F29 -> 0 | G28: =G29 -> 0 | H28: =H29 -> 0 | I28: =SUM(J28:N28) -> 0 | J28: =J29 -> 0 | K28: =K29 -> 0 | L28: =L29 -> 0 | M28: =M29 -> 0 | N28: =N29 -> 0 | P28: =SUM(Q28:U28) -> 0 | Q28: =Q29 -> 0 | R28: =R29 -> 0 | S28: =S29 -> 0 | T28: =T29 -> 0 | U28: =U29 -> 0 | V28: =SUM(P28/I28*100) -> #DIV/0!
B29: Предоставление участникам подпрограммы ипотечного кредитования молодых учителей | C29: =SUM(D29:H29) -> 0 | D29: 0 | E29: 0 | F29: 0 | G29: 0 | H29: 0 | I29: =SUM(J29:N29) -> 0 | J29: 0 | K29: 0 | L29: 0 | M29: 0 | N29: 0 | P29: =SUM(Q29:U29) -> 0 | Q29: 0 | R29: 0 | S29: 0 | T29: 0 | U29: 0 | V29: =SUM(P29/I29*100) -> #DIV/0!
A30: 2 | B30: Переселение граждан из ветхого и аварийного жилищного фонда | V30: =SUM(P30/I30*100) -> #DIV/0!
A31: 3 | B31: Развитие промышленности на территории МР "Горный улус" РС(Я) на период 2012-2016годы и основные направления до 2020 года | C31: =SUM(D31:H31) -> 0 | D31: =D32+D33+D34 -> 0 | E31: =E32+E33+E34 -> 0 | F31: =F32+F33+F34 -> 0 | G31: =G32+G33+G34 -> 0 | H31: =H32+H33+H34 -> 0 | I31: =I32+I33+I34 -> 0 | J31: =J32+J33+J34 -> 0 | K31: =K32+K33+K34 -> 0 | ... N31: =N32+N33+N34 -> 0 | O31: =(I31/C31)*100 -> #DIV/0! | P31: =SUM(Q31:U31) -> 0 | Q31: 0 | R31: 0 | S31: 0 | T31: 0 | U31: 0 | V31: =SUM(P31/I31*100) -> #DIV/0!
A32: 3.1. | B32: Пищевая и перерабатывающая промышленность | C32: =SUM(D32:H32) -> 0 | I32: =SUM(J32:N32) -> 0 | O32: =(I32/C32)*100 -> #DIV/0! | P32: =SUM(Q32:U32) -> 0 | V32: =SUM(P32/I32*100) -> #DIV/0!
A33: 3.2. | B33: Производство бутылированной питьевой воды | C33: =SUM(D33:H33) -> 0 | I33: =SUM(J33:N33) -> 0 | O33: =(I33/C33)*100 -> #DIV/0! | P33: =SUM(Q33:U33) -> 0 | V33: =SUM(P33/I33*100) -> #DIV/0!
A34: 3.3. | B34: Развитие лесопромышленного комплекса | C34: =SUM(D34:H34) -> 0 | I34: =SUM(J34:N34) -> 0 | O34: =(I34/C34)*100 -> #DIV/0! | P34: =SUM(Q34:U34) -> 0 | V34: =SUM(P34/I34*100) -> #DIV/0!
B35: Строительство автодорог | C35: =SUM(D35:H35) -> 0 | I35: =SUM(J35:N35) -> 0 | O35: =(I35/C35)*100 -> #DIV/0! | P35: =SUM(Q35:U35) -> 0 | V35: =SUM(P35/I35*100) -> #DIV/0!
B36: Приобретение техники и лесоперерабатывающего оборудования | C36: =SUM(D36:H36) -> 0 | I36: =SUM(J36:N36) -> 0 | O36: =(I36/C36)*100 -> #DIV/0! | P36: =SUM(Q36:U36) -> 0 | V36: =SUM(P36/I36*100) -> #DIV/0!
B37: Приобретение оборудования для производства биотоплива (пеллета) | C37: =SUM(D37:H37) -> 0 | I37: =SUM(J37:N37) -> 0 | O37: =(I37/C37)*100 -> #DIV/0! | P37: =SUM(Q37:U37) -> 0 | V37: =SUM(P37/I37*100) -> #DIV/0!
B38: Приобретение технологического оборудования для организации цеха по производству домокомплектов | C38: =SUM(D38:H38) -> 0 | I38: =SUM(J38:N38) -> 0 | O38: =(I38/C38)*100 -> #DIV/0! | P38: =SUM(Q38:U38) -> 0 | V38: =SUM(P38/I38*100) -> #DIV/0!
A39: 2 | B39: Дорожное хозяйство на 2012-2019 годы | C39: =SUM(D39:H39) -> 40400 | D39: =D40+D41+D43+D44+D45 -> 0 | E39: =E40+E41+E43+E44+E45 -> 25000 | F39: =F40+F41+F43+F44+F45 -> 15400 | G39: =G40+G41+G43+G44+G45 -> 0 | H39: =H40+H41+H43+H44+H45 -> 0 | I39: =SUM(J39:N39) -> 39721.679 | J39: =J40+J41+J43+J44+J45 -> 0 | K39: =K40+K41+K43+K44+K45 -> 22511.534 | L39: =L40+L41+L43+L44+L45 -> 17210.145 | M39: =M40+M41+M43+M44+M45 -> 0 | N39: =N40+N41+N43+N44+N45 -> 0 | O39: =(I39/C39)*100 -> 98.320987 | P39: =SUM(Q39:U39) -> 38471.701 | Q39: =Q40+Q41+Q43+Q44+Q45 -> 0 | R39: =R40+R41+R43+R44+R45 -> 22511.534 | S39: =S40+S41+S43+S44+S45 -> 15960.167 | T39: =T40+T41+T43+T44+T45 -> 0 | U39: =U40+U41+U43+U44+U45 -> 0 | V39: =SUM(P39/I39*100) -> 96.853161
A40: 2.1. | B40: Содержание и эксплуатация муниципальных автомобильных дорог "Бердигестях -Дикимдя-Ерт", "Орто-Сурт - Кептин", "Дикимдя-Эбэ", "Бердигестях-Аэропорт" | C40: =SUM(D40:H40) -> 3000 | D40: 0 | E40: 0 | F40: 3000 | G40: 0 | H40: 0 | I40: =SUM(J40:N40) -> 3157.3473 | J40: 0 | K40: 0 | L40: 3157.3473 | M40: 0 | N40: 0 | O40: =(I40/C40)*100 -> 105.24491 | P40: =SUM(Q40:U40) -> 2907.37 | Q40: 0 | R40: 0 | S40: 2907.37 | T40: 0 | U40: 0 | V40: =SUM(P40/I40*100) -> 92.08268
A41: 2.2. | B41: Ремонт муниципальных межпоселковых автомобильных дорог | C41: =SUM(D41:H41) -> 7000 | D41: 0 | E41: 0 | F41: 7000 | G41: 0 | H41: 0 | I41: =SUM(J41:N41) -> 11867.25 | J41: 0 | K41: 0 | L41: 11867.25 | M41: 0 | N41: 0 | O41: =(I41/C41)*100 -> 169.53214 | P41: =SUM(Q41:U41) -> 11867.25 | Q41: 0 | R41: 0 | S41: 11867.25 | T41: 0 | U41: 0 | V41: =SUM(P41/I41*100) -> 100
A42: 6.2.1. | B42: Капитальный ремонт автомобильной дороги местного значения "Орто-Сурт - Кептин" | C42: =SUM(D42:H42) -> 0 | I42: =SUM(J42:N42) -> 0 | O42: 0 | P42: =SUM(Q42:U42) -> 0 | V42: =SUM(P42/I42*100) -> #DIV/0!
A43: 2.3. | B43: Ремонт и благоустройство дворовых территорий многоквартирных домов и проездов к ним | C43: =SUM(D43:H43) -> 0 | I43: =SUM(J43:N43) -> 0 | O43: 0 | P43: =SUM(Q43:U43) -> 0 | V43: =SUM(P43/I43*100) -> #DIV/0!
A44: 2.4. | B44: Ремонт внутрипоселковых дорог населенных пунктов | C44: =SUM(D44:H44) -> 0 | I44: =SUM(J44:N44) -> 0 | O44: 0 | P44: =SUM(Q44:U44) -> 0 | V44: =SUM(P44/I44*100) -> #DIV/0!
A45: 2.5. | B45: Проектирование и строительство муниципальных автомобильных дорог | C45: =SUM(D45:H45) -> 30400 | D45: 0 | E45: 25000 | F45: 5400 | G45: 0 | H45: 0 | I45: =SUM(J45:N45) -> 24697.081 | J45: 0 | K45: 22511.534 | L45: 2185.5471 | M45: 0 | N45: 0 | O45: =(I45/C45)*100 -> 81.240398 | P45: =SUM(Q45:U45) -> 23697.081 | Q45: 0 | R45: 22511.534 | S45: 1185.5471 | T45: 0 | U45: 0 | V45: =SUM(P45/I45*100) -> 95.950939
A46: 6.5.1. | B46: Проектирование строительства моста через р.Сиэгэннээх на муниципальной автомобильной дороге "Орто-Сурт - Кептин" | C46: =SUM(D46:H46) -> 0 | I46: =SUM(J46:N46) -> 0 | O46: 0 | P46: =SUM(Q46:U46) -> 0 | V46: =SUM(P46/I46*100) -> #DIV/0!
A47: 6.5.2. | B47: Строительство муниципальной автомобильной дороги V категории "Орто-Сурт - Кептин" (II очередь) | C47: =SUM(D47:H47) -> 0 | I47: =SUM(J47:N47) -> 0 | O47: 0 | P47: =SUM(Q47:U47) -> 0 | V47: =SUM(P47/I47*100) -> #DIV/0!
A48: 3 | B48: Энергосбережение на территории МР "Горный улус" РС(Я) на 2010-2019 годы | C48: =C49+C51+C55 -> 500 | D48: =D49+D51+D55 -> 0 | E48: =E49+E51+E55 -> 0 | F48: =F49+F51+F55 -> 500 | G48: =G49+G51+G55 -> 0 | H48: =H49+H51+H55 -> 0 | I48: =I49+I51+I55 -> 1265 | J48: =J49+J51+J55 -> 0 | ... N48: =N49+N51+N55 -> 0 | O48: =(I48/C48)*100 -> 253 | P48: =P49+P51+P55 -> 1241.291 | Q48: =Q49+Q51+Q55 -> 0 | R48: =R49+R51+R55 -> 0 | S48: =S49+S51+S55 -> 1241.291 | T48: =T49+T51+T55 -> 0 | U48: =U49+U51+U55 -> 0 | V48: =SUM(P48/I48*100) -> 98.125771
A49: 3.1. | B49: Организационные мероприятия по энергосбережению и повышению энергетической эффективности жилищного фонда | C49: =C50 -> 0 | D49: =D50 -> 0 | E49: =E50 -> 0 | F49: =F50 -> 0 | G49: =G50 -> 0 | H49: =H50 -> 0 | I49: =I50 -> 0 | J49: =J50 -> 0 | ... N49: =N50 -> 0 | O49: =(I49/C49)*100 -> #DIV/0! | P49: =P50 -> 0 | Q49: =Q50 -> 0 | R49: =R50 -> 0 | S49: =S50 -> 0 | T49: =T50 -> 0 | U49: =U50 -> 0 | V49: =SUM(P49/I49*100) -> #DIV/0!
B50: Проведение энергетических обследований, включая диагностику оптимальности структуры потребления энергетических ресурсов | C50: =SUM(D50:H50) -> 0 | I50: =SUM(J50:N50) -> 0 | O50: =(I50/C50)*100 -> #DIV/0! | P50: =SUM(Q50:U50) -> 0 | V50: =SUM(P50/I50*100) -> #DIV/0!
A51: 3.2. | B51: ТМероприятия по энергосбережению и повышению энергетической эффективности систем коммунальной инфраструктуры | C51: =C52+C53+C54 -> 0 | D51: =D52+D53+D54 -> 0 | E51: =E52+E53+E54 -> 0 | F51: =F52+F53+F54 -> 0 | G51: =G52+G53+G54 -> 0 | H51: =H52+H53+H54 -> 0 | I51: =I52+I53+I54 -> 0 | J51: =J52+J53+J54 -> 0 | ... N51: =N52+N53+N54 -> 0 | O51: =(I51/C51)*100 -> #DIV/0! | P51: =P52+P53+P54 -> 0 | Q51: =Q52+Q53+Q54 -> 0 | R51: =R52+R53+R54 -> 0 | S51: =S52+S53+S54 -> 0 | T51: =T52+T53+T54 -> 0 | U51: =U52+U53+U54 -> 0 | V51: =SUM(P51/I51*100) -> #DIV/0!
B52: Модернизация котельных с использованием энергоэффективного оборудования с высоким коэффициентом полезного действия | C52: =SUM(D52:H52) -> 0 | I52: =SUM(J52:N52) -> 0 | O52: =(I52/C52)*100 -> #DIV/0! | P52: =SUM(Q52:U52) -> 0 | V52: =SUM(P52/I52*100) -> #DIV/0!
B53: Строительство тепловых сетей с использованием энергоэффективных технологий | C53: =SUM(D53:H53) -> 0 | I53: =SUM(J53:N53) -> 0 | O53: =(I53/C53)*100 -> #DIV/0! | P53: =SUM(Q53:U53) -> 0 | V53: =SUM(P53/I53*100) -> #DIV/0!
B54: Проведение мероприятий по повышению энергетической эффективности объектов наружного освещения и рекламы, в том числе направленных на замену светильников уличного освещения на энергоффективные; замену неизолированных проводов на самонесущие изолированные провода, кабельные линии; установку светодиодных ламп | C54: =SUM(D54:H54) -> 0 | E54: 0 | I54: =SUM(J54:N54) -> 0 | O54: =(I54/C54)*100 -> #DIV/0! | P54: =SUM(Q54:U54) -> 0 | V54: =SUM(P54/I54*100) -> #DIV/0!
A55: 3.3. | B55: Мероприятия по энергосбережению в организациях с участием муниципального образования и повышению энергетической эффективности этих организаций | C55: =SUM(D55:H55) -> 500 | D55: =D56 -> 0 | E55: =E56 -> 0 | F55: =F56 -> 500 | G55: =G56 -> 0 | H55: =H56 -> 0 | I55: =SUM(J55:N55) -> 1265 | J55: =J56 -> 0 | K55: =K56 -> 0 | L55: =L56 -> 1265 | M55: =M56 -> 0 | N55: =N56 -> 0 | O55: =(I55/C55)*100 -> 253 | P55: =SUM(Q55:U55) -> 1241.291 | Q55: =Q56 -> 0 | R55: =R56 -> 0 | S55: =S56 -> 1241.291 | T55: =T56 -> 0 | U55: =U56 -> 0 | V55: =SUM(P55/I55*100) -> 98.125771
B56: Оснащение зданий, строений, сооружений приборами учета используемых энергетических ресурсов | C56: =SUM(D56:H56) -> 500 | F56: 500 | I56: =SUM(J56:N56) -> 1265 | L56: 1265 | P56: =SUM(Q56:U56) -> 1241.291 | S56: 1241.291 | V56: =SUM(P56/I56*100) -> 98.125771
A57: 4 | B57: Развитие сельскохозяйственного производства в муниципальном районе "Горный улус" Республики Саха (Якутия) на 2012-2019 годы | C57: =C58+C78+C99+C109+C112+C121+C123+C126+C129+C133+C140+C141 -> 284921.94 | D57: =D58+D78+D99+D109+D112+D121+D123+D126+D129+D133+D140+D141 -> 36075 | E57: =E58+E78+E99+E109+E112+E121+E123+E126+E129+E133+E140+E141 -> 173959.6 | F57: =F58+F78+F99+F109+F112+F121+F123+F126+F129+F133+F140+F141 -> 17881.18 | G57: =G58+G78+G99+G109+G112+G121+G123+G126+G129+G133+G140+G141 -> 4300 | H57: =H58+H78+H99+H109+H112+H121+H123+H126+H129+H133+H140+H141 -> 52706.16 | I57: =I58+I78+I99+I109+I112+I121+I123+I126+I129+I141 -> 253334.81 | J57: =J58+J78+J99+J109+J112+J121+J123+J126+J129+J141 -> 24168.266 | K57: =K58+K78+K99+K109+K112+K121+K123+K126+K129+K141 -> 160558.37 | L57: =L58+L78+L99+L109+L112+L121+L123+L126+L129+L141 -> 11691.174 | M57: =M58+M78+M99+M109+M112+M121+M123+M126+M129+M141 -> 0 | N57: =N58+N78+N99+N109+N112+N121+N123+N126+N129+N141 -> 56917 | O57: =(I57/C57)*100 -> 88.913762 | P57: =P58+P78+P99+P109+P112+P121+P123+P126+P129+P141 -> 253334.81 | Q57: =Q58+Q78+Q99+Q109+Q112+Q121+Q123+Q126+Q129+Q141 -> 24168.266 | R57: =R58+R78+R99+R109+R112+R121+R123+R126+R129+R141 -> 160558.37 | S57: =S58+S78+S99+S109+S112+S121+S123+S126+S129+S141 -> 11691.174 | T57: =T58+T78+T99+T109+T112+T121+T123+T126+T129+T141 -> 0 | U57: =U58+U78+U99+U109+U112+U121+U123+U126+U129+U141 -> 56917 | V57: =SUM(P57/I57*100) -> 99.999997
A58: 4.1. | B58: Развитие животноводства | C58: =C59+C65+C69+C76 -> 30624 | D58: =D59+D65+D69+D76 -> 1100 | E58: =E59+E65+E69+E76 -> 12980 | F58: =F59+F65+F69+F76 -> 7050 | G58: =G59+G65+G69+G76 -> 0 | H58: =H59+H65+H69+H76 -> 9494 | I58: =I59+I65+I69+I76 -> 22534.692 | J58: =J59+J65+J69+J76 -> 1971.116 | ... N58: =N59+N65+N69+N76 -> 4740 | O58: =(I58/C58)*100 -> 73.585069 | P58: =P59+P65+P69+P76 -> 22534.692 | Q58: =Q59+Q65+Q69+Q76 -> 1971.116 | R58: =R59+R65+R69+R76 -> 12252.671 | S58: =S59+S65+S69+S76 -> 3570.905 | T58: =T59+T65+T69+T76 -> 0 | U58: =U59+U65+U69+U76 -> 4740 | V58: =SUM(P58/I58*100) -> 100
A59: 4.1.1. | B59: Строительство и модернизация животноводческих объектов, совершенствование технологии производства продукции животноводства | C59: =SUM(D59:H59) -> 20994 | D59: =SUM(D60:D64) -> 0 | E59: =SUM(E60:E64) -> 9000 | F59: =SUM(F60:F64) -> 5000 | G59: =SUM(G60:G64) -> 0 | H59: =SUM(H60:H64) -> 6994 | I59: =SUM(J59:N59) -> 18763.655 | J59: =SUM(J60:J64) -> 0 | K59: =SUM(K60:K64) -> 10452.75 | L59: =SUM(L60:L64) -> 3570.905 | M59: =SUM(M60:M64) -> 0 | N59: =SUM(N60:N64) -> 4740 | O59: =(I59/C59)*100 -> 89.376274 | P59: =SUM(Q59:U59) -> 18763.655 | Q59: =SUM(Q60:Q64) -> 0 | R59: =SUM(R60:R64) -> 10452.75 | S59: =SUM(S60:S64) -> 3570.905 | T59: =SUM(T60:T64) -> 0 | U59: =SUM(U60:U64) -> 4740 | V59: =SUM(P59/I59*100) -> 100
B60: Строительство коровников | C60: =SUM(D60:H60) -> 6900 | F60: 5000 | H60: 1900 | I60: =SUM(J60:N60) -> 12523.655 | K60: 6452.75 | L60: 3570.905 | M60: 0 | N60: 2500 | O60: =(I60/C60)*100 -> 181.50225 | P60: =SUM(Q60:U60) -> 12523.655 | R60: 6452.75 | S60: 3570.905 | T60: 0 | U60: 2500 | V60: =SUM(P60/I60*100) -> 100
B61: Ремонт, техническое перевооружение, электрификация сайылыков | C61: =SUM(D61:H61) -> 0 | I61: =SUM(J61:N61) -> 0 | O61: =(I61/C61)*100 -> #DIV/0! | P61: =SUM(Q61:U61) -> 0 | V61: =SUM(P61/I61*100) -> #DIV/0!
B62: Материально-техническое обеспечение коровников | C62: =SUM(D62:H62) -> 0 | I62: =SUM(J62:N62) -> 0 | P62: =SUM(Q62:U62) -> 0 | V62: =SUM(P62/I62*100) -> #DIV/0!
B63: Мероприятия по электрификации объектов животноводства | C63: =SUM(D63:H63) -> 0 | I63: =SUM(J63:N63) -> 0 | O63: =(I63/C63)*100 -> #DIV/0! | P63: =SUM(Q63:U63) -> 0 | V63: =SUM(P63/I63*100) -> #DIV/0!
B64: Строительство конебаз. Материально-техническое обеспечение. | C64: =SUM(D64:H64) -> 14094 | E64: 9000 | H64: 5094 | I64: =SUM(J64:N64) -> 6240 | K64: 4000 | N64: 2240 | O64: =(I64/C64)*100 -> 44.274159 | P64: =SUM(Q64:U64) -> 6240 | R64: 4000 | U64: 2240 | V64: =SUM(P64/I64*100) -> 100
A65: 4.1.2. | B65: Поддержка племенного животноводства | C65: =SUM(D65:H65) -> 3750 | D65: =D66+D67+D68 -> 0 | E65: =E66+E67+E68 -> 0 | F65: =F66+F67+F68 -> 1250 | G65: =G66+G67+G68 -> 0 | H65: =H66+H67+H68 -> 2500 | I65: =SUM(J65:N65) -> 0 | J65: =J66+J67+J68 -> 0 | K65: =K66+K67+K68 -> 0 | L65: =L66+L67+L68 -> 0 | M65: =M66+M67+M68 -> 0 | N65: =N66+N67+N68 -> 0 | O65: =(I65/C65)*100 -> 0 | P65: =SUM(Q65:U65) -> 0 | Q65: =Q66+Q67+Q68 -> 0 | R65: =R66+R67+R68 -> 0 | S65: =S66+S67+S68 -> 0 | T65: =T66+T67+T68 -> 0 | U65: =U66+U67+U68 -> 0 | V65: =SUM(P65/I65*100) -> #DIV/0!
B66: Мероприятия по искусственному осеменению | C66: =SUM(D66:H66) -> 0 | I66: =SUM(J66:N66) -> 0 | O66: =(I66/C66)*100 -> #DIV/0! | P66: =SUM(Q66:U66) -> 0 | V66: =SUM(P66/I66*100) -> #DIV/0!
B67: Создание пункта (лаборатории) искусственного осеменения | C67: =SUM(D67:H67) -> 0 | I67: =SUM(J67:N67) -> 0 | O67: =(I67/C67)*100 -> #DIV/0! | P67: =SUM(Q67:U67) -> 0 | V67: =SUM(P67/I67*100) -> #DIV/0!
B68: Приобретение племенных КРС (включая транспортные расходы) | C68: =SUM(D68:H68) -> 3750 | F68: 1250 | H68: 2500 | I68: =SUM(J68:N68) -> 0 | O68: =(I68/C68)*100 -> 0 | P68: =SUM(Q68:U68) -> 0 | V68: =SUM(P68/I68*100) -> #DIV/0!
A69: 4.1.3. | B69: Углубление специализации животноводческих хозяйств, улучшение структуры стада, сохранение традиционных отраслей | C69: =SUM(D69:H69) -> 5880 | D69: =D70+D71+D72+D73+D74 -> 1100 | E69: =E70+E71+E72+E73+E74 -> 3980 | F69: =F70+F71+F72+F73+F74 -> 800 | G69: =G70+G71+G72+G73+G74 -> 0 | H69: =H70+H71+H72+H73+H74 -> 0 | I69: =SUM(J69:N69) -> 3771.0365 | J69: =J70+J71+J72+J73 -> 1971.116 | K69: =K70+K71+K72+K73 -> 1799.9205 | L69: =L70+L71+L72+L73+L74 -> 0 | M69: =M70+M71+M72+M73+M74 -> 0 | N69: =N70+N71+N72+N73 -> 0 | O69: =(I69/C69)*100 -> 64.133274 | P69: =SUM(Q69:U69) -> 3771.0365 | Q69: =Q70+Q71+Q72+Q73 -> 1971.116 | R69: =R70+R71+R72+R73 -> 1799.9205 | S69: =S70+S71+S72+S73+S74 -> 0 | T69: =T70+T71+T72+T73+T74 -> 0 | U69: =U70+U71+U72+U73 -> 0 | V69: =SUM(P69/I69*100) -> 100
B70: Поддержка скотоводства | C70: =SUM(D70:H70) -> 0 | I70: =SUM(J70:N70) -> 675.45 | K70: 675.45 | O70: =(I70/C70)*100 -> #DIV/0! | P70: =SUM(Q70:U70) -> 675.45 | R70: 675.45 | V70: =SUM(P70/I70*100) -> 100
B71: Стимулирование прироста поголовья КРС | C71: =SUM(D71:H71) -> 0 | I71: =SUM(J71:N71) -> 0 | O71: =(I71/C71)*100 -> #DIV/0! | P71: =SUM(Q71:U71) -> 0 | V71: =SUM(P71/I71*100) -> #DIV/0!
B72: Поддержка табунного коневодства | C72: =SUM(D72:H72) -> 4600 | D72: 1100 | E72: 3500 | I72: =SUM(J72:N72) -> 2832.47 | J72: 1971.116 | K72: 861.354 | O72: =(I72/C72)*100 -> 61.575435 | P72: =SUM(Q72:U72) -> 2832.47 | Q72: 1971.116 | R72: 861.354 | V72: =SUM(P72/I72*100) -> 100 | X72: 2832.47 | Y72: 116
B73: Поддержка свиноводческих хозяйств | C73: =SUM(D73:H73) -> 480 | E73: 480 | I73: =SUM(J73:N73) -> 263.1165 | K73: 263.1165 | O73: =(I73/C73)*100 -> 54.815937 | P73: =SUM(Q73:U73) -> 263.1165 | R73: 263.1165 | V73: =SUM(P73/I73*100) -> 100
B74: Поддержка ведения сайылычного хозяйства | C74: =SUM(D74:H74) -> 800 | D74: =D75 -> 0 | E74: =E75 -> 0 | F74: =F75 -> 800 | G74: =G75 -> 0 | H74: =H75 -> 0 | I74: =SUM(J74:N74) -> 0 | O74: =(I74/C74)*100 -> 0 | P74: =SUM(Q74:U74) -> 0 | V74: =SUM(P74/I74*100) -> #DIV/0!
B75: Финансовое обеспечение (возмещение) затрат на выход крупного рогатого скота в летники | C75: =SUM(D75:H75) -> 800 | F75: 800 | V75: =SUM(P75/I75*100) -> #DIV/0!
A76: 4.1.4. | B76: Финансовое обеспечение затрат в связи с производством продукции скотоводства | C76: =SUM(D76:H76) -> 0 | D76: =D77 -> 0 | E76: =E77 -> 0 | F76: =F77 -> 0 | G76: =G77 -> 0 | H76: =H77 -> 0 | I76: =SUM(J76:N76) -> 0 | J76: =J77 -> 0 | K76: =K77 -> 0 | L76: =L77 -> 0 | M76: =M77 -> 0 | N76: =N77 -> 0 | O76: =(I76/C76)*100 -> #DIV/0! | P76: =SUM(Q76:U76) -> 0 | Q76: =Q77 -> 0 | R76: =R77 -> 0 | S76: =S77 -> 0 | T76: =T77 -> 0 | U76: =U77 -> 0 | V76: =SUM(P76/I76*100) -> #DIV/0!
B77: Проведение мероприятий по обеспечению зимовки скота и лошадей | C77: =SUM(D77:H77) -> 0 | I77: =SUM(J77:N77) -> 0 | O77: =(I77/C77)*100 -> #DIV/0! | P77: =SUM(Q77:U77) -> 0 | V77: =SUM(P77/I77*100) -> #DIV/0!
A78: 4.2. | B78: Развитие растениеводства | C78: =SUM(D78:H78) -> 8655.5 | D78: =D79+D84+D87+D92+D95+D96+D97+D98 -> 1100 | E78: =E79+E84+E87+E92+E95+E96+E97+E98 -> 2584.2 | F78: =F79+F84+F87+F92+F95+F96+F97+F98 -> 2050 | G78: =G79+G84+G87+G92+G95+G96+G97+G98 -> 100 | H78: =H79+H84+H87+H92+H95+H96+H97+H98 -> 2821.3 | I78: =I79+I84+I87+I92+I95+I96+I97 -> 12370.123 | J78: =J79+J84+J87+J92+J95+J96+J97 -> 0 | K78: =K79+K84+K87+K92+K95+K96+K97 -> 7368.2537 | L78: =L79+L84+L87+L92+L95+L96+L97 -> 5001.8691 | M78: =M79+M84+M87+M92+M95+M96+M97 -> 0 | N78: =N79+N84+N87+N92+N95+N96+N97 -> 0 | O78: =(I78/C78)*100 -> 142.91633 | P78: =P79+P84+P87+P92+P95+P96+P97 -> 12370.116 | Q78: =Q79+Q84+Q87+Q92+Q95+Q96+Q97 -> 0 | R78: =R79+R84+R87+R92+R95+R96+R97 -> 7368.2469 | S78: =S79+S84+S87+S92+S95+S96+S97 -> 5001.8691 | T78: =T79+T84+T87+T92+T95+T96+T97 -> 0 | U78: =U79+U84+U87+U92+U95+U96+U97 -> 0 | V78: =SUM(P78/I78*100) -> 99.999945
A79: 4.2.1. | B79: Поддержание почвенного плодородия | C79: =SUM(D79:H79) -> 2103.5 | D79: =SUM(D80:D83) -> 0 | E79: =SUM(E80:E83) -> 1682.2 | F79: =SUM(F80:F83) -> 0 | G79: =SUM(G80:G83) -> 0 | H79: =SUM(H80:H83) -> 421.3 | I79: =SUM(I80:I83) -> 1829.6 | J79: =SUM(J80:J83) -> 0 | K79: =SUM(K80:K82) -> 179.6 | L79: =SUM(L80:L82) -> 1650 | M79: =SUM(M80:M82) -> 0 | N79: =SUM(N80:N82) -> 0 | O79: =(I79/C79)*100 -> 86.978845 | P79: =SUM(P80:P83) -> 1829.6 | Q79: =SUM(Q80:Q83) -> 0 | R79: =SUM(R80:R82) -> 179.6 | S79: =SUM(S80:S82) -> 1650 | T79: =SUM(T80:T82) -> 0 | U79: =SUM(U80:U82) -> 0 | V79: =SUM(P79/I79*100) -> 100 | X79: 1869.1
B80: Вовлечение в сельскохозяйственный оборот неиспользуемых сенокосных угодий | C80: =SUM(D80:H80) -> 0 | I80: =SUM(J80:N80) -> 1760 | J80: =J81 -> 0 | K80: 110 | L80: 1650 | O80: =(I80/C80)*100 -> #DIV/0! | P80: =SUM(Q80:U80) -> 1760 | Q80: =Q81 -> 0 | R80: 110 | S80: 1650 | V80: =SUM(P80/I80*100) -> 100
B81: Внесение минеральных удобрений | C81: =SUM(D81:H81) -> 2103.5 | E81: 1682.2 | H81: 421.3 | I81: =SUM(J81:N81) -> 69.6 | K81: 69.6 | L81: 0 | O81: =(I81/C81)*100 -> 3.3087711 | P81: =SUM(Q81:U81) -> 69.6 | R81: 69.6 | S81: 0 | V81: =SUM(P81/I81*100) -> 100
B82: Приобретение ГСМ | C82: =SUM(D82:H82) -> 0 | I82: =SUM(J82:N82) -> 0 | K82: 0 | L82: 0 | O82: =(I82/C82)*100 -> #DIV/0! | P82: =SUM(Q82:U82) -> 0 | R82: 0 | S82: 0 | V82: =SUM(P82/I82*100) -> #DIV/0!
B83: Возмещение затрат на проведение комплекса агротехнологических работ, повышение уровня экологической безопасности СХП, повышение плодородия и качества почв, поступающих из средств ФБ | C83: =SUM(D83:H83) -> 0 | I83: =SUM(J83:N83) -> 0 | P83: =SUM(Q83:U83) -> 0 | V83: =SUM(P83/I83*100) -> #DIV/0!
A84: 4.2.2. | B84: Техническая модернизация основных фондов | C84: =SUM(D84:H84) -> 2800 | D84: =D85+D86 -> 0 | E84: =E85+E86 -> 0 | F84: =F85+F86 -> 1000 | G84: =G85+G86 -> 100 | H84: =H85+H86 -> 1700 | I84: =I85+I86 -> 9255.88 | J84: =J85+J86 -> 0 | K84: =K85+K86 -> 5905.88 | ... N84: =N85+N86 -> 0 | O84: =(I84/C84)*100 -> 330.56714 | P84: =P85+P86 -> 9255.88 | Q84: =Q85+Q86 -> 0 | R84: =R85+R86 -> 5905.88 | S84: =S85+S86 -> 3350 | T84: =T85+T86 -> 0 | U84: =U85+U86 -> 0 | V84: =SUM(P84/I84*100) -> 100
B85: Приобретение сельскохозяйственной техники | C85: =SUM(D85:H85) -> 1000 | F85: 500 | H85: 500 | I85: =SUM(J85:N85) -> 5655.88 | J85: =J86 -> 0 | K85: 3505.88 | L85: 2150 | O85: =(I85/C85)*100 -> 565.588 | P85: =SUM(Q85:U85) -> 5655.88 | Q85: =Q86 -> 0 | R85: 3505.88 | S85: 2150 | V85: =SUM(P85/I85*100) -> 100
B86: Возмещение затрат на строительство изгороди | C86: =SUM(D86:H86) -> 1800 | F86: 500 | G86: 100 | H86: 1200 | I86: =SUM(J86:N86) -> 3600 | K86: 2400 | L86: 1200 | O86: =(I86/C86)*100 -> 200 | P86: =SUM(Q86:U86) -> 3600 | R86: 2400 | S86: 1200 | V86: =SUM(P86/I86*100) -> 100
A87: 4.2.3. | B87: Повышение урожайности сельскохозяйственных культур | C87: =SUM(D87:H87) -> 830 | D87: =D88+D89+D90+D91 -> 0 | E87: =E88+E89+E90+E91 -> 830 | F87: =F88+F89+F90+F91 -> 0 | G87: =G88+G89+G90+G91 -> 0 | H87: =H88+H89+H90+H91 -> 0 | I87: =I88+I89 -> 219.8648 | J87: =J88+J89 -> 0 | K87: =K88+K89 -> 217.9957 | L87: =L88+L89 -> 1.8691 | M87: =SUM(M88:M91) -> 0 | N87: =N88+N89 -> 0 | O87: =(I87/C87)*100 -> 26.489735 | P87: =P88+P89 -> 219.858 | Q87: =Q88+Q89 -> 0 | R87: =R88+R89 -> 217.9889 | S87: =S88+S89 -> 1.8691 | T87: =SUM(T88:T91) -> 0 | U87: =U88+U89 -> 0 | V87: =SUM(P87/I87*100) -> 99.996907
B88: Поддержка производства картофеля | C88: =SUM(D88:H88) -> 650 | E88: 650 | I88: =SUM(J88:N88) -> 209.65 | K88: 207.7809 | L88: 1.8691 | O88: =(I88/C88)*100 -> 32.253846 | P88: =SUM(Q88:U88) -> 209.65 | R88: 207.7809 | S88: 1.8691 | V88: =SUM(P88/I88*100) -> 100
B89: Поддержка производства овощей открытого грунта | C89: =SUM(D89:H89) -> 180 | E89: 180 | I89: =SUM(J89:N89) -> 10.2148 | K89: 10.2148 | L89: 0 | O89: =(I89/C89)*100 -> 5.6748889 | P89: =SUM(Q89:U89) -> 10.208 | R89: 10.208 | S89: 0 | V89: =SUM(P89/I89*100) -> 99.93343
B90: Строительство склада овощей | C90: =SUM(D90:H90) -> 0 | I90: =SUM(J90:N90) -> 0 | P90: =SUM(Q90:U90) -> 0 | V90: =SUM(P90/I90*100) -> #DIV/0!
B91: Строительство станции летнего водопровода | C91: =SUM(D91:H91) -> 0 | I91: =SUM(J91:N91) -> 0 | P91: =SUM(Q91:U91) -> 0 | V91: =SUM(P91/I91*100) -> #DIV/0!
A92: 4.2.4. | B92: Поддержка развития семеноводства | C92: =SUM(D92:H92) -> 1822 | D92: =D93+D94 -> 1100 | E92: =E93+E94 -> 72 | F92: =F93+F94 -> 150 | G92: =G93+G94 -> 0 | H92: =H93+H94 -> 500 | I92: =SUM(J92:N92) -> 1064.778 | J92: =J93+J94 -> 0 | K92: =K93+K94 -> 1064.778 | L92: =L93+L94 -> 0 | M92: =M93+M94 -> 0 | N92: =N93+N94 -> 0 | O92: =(I92/C92)*100 -> 58.440066 | P92: =SUM(Q92:U92) -> 1064.778 | Q92: =Q93+Q94 -> 0 | R92: =R93+R94 -> 1064.778 | S92: =S93+S94 -> 0 | T92: =T93+T94 -> 0 | U92: =U93+U94 -> 0 | V92: =SUM(P92/I92*100) -> 100
B93: Поддержка посева кормовых культур | C93: =SUM(D93:H93) -> 600 | F93: 150 | H93: 450 | I93: =SUM(J93:N93) -> 0 | O93: =(I93/C93)*100 -> 0 | P93: =SUM(Q93:U93) -> 0 | V93: =SUM(P93/I93*100) -> #DIV/0!
B94: Завоз семян | C94: =SUM(D94:H94) -> 1222 | D94: 1100 | E94: 72 | H94: 50 | I94: =SUM(J94:N94) -> 1064.778 | K94: 1064.778 | O94: =(I94/C94)*100 -> 87.134043 | P94: =SUM(Q94:U94) -> 1064.778 | R94: 1064.778 | V94: =SUM(P94/I94*100) -> 100
A95: 4.2.5. | B95: Транспортные расходы по перевозке кормов | C95: =SUM(D95:H95) -> 0 | I95: =SUM(J95:N95) -> 0 | O95: =(I95/C95)*100 -> #DIV/0! | P95: =SUM(Q95:U95) -> 0 | V95: =SUM(P95/I95*100) -> #DIV/0!
A96: 4.2.6. | B96: Возмещение затрат на приобретение сена пострадавшим от пожара | C96: =SUM(D96:H96) -> 0 | I96: =SUM(J96:N96) -> 0 | O96: =(I96/C96)*100 -> #DIV/0! | P96: =SUM(Q96:U96) -> 0 | V96: =SUM(P96/I96*100) -> #DIV/0!
A97: 4.2.7. | B97: Организация мобильных бриргад | C97: =SUM(D97:H97) -> 500 | F97: 500 | I97: =SUM(J97:N97) -> 0 | O97: =(I97/C97)*100 -> 0 | P97: =SUM(Q97:U97) -> 0 | V97: =SUM(P97/I97*100) -> #DIV/0!
A98: 4.2.8. | B98: Строительство силосных ям | C98: =SUM(D98:H98) -> 600 | F98: 400 | H98: 200 | V98: =SUM(P98/I98*100) -> #DIV/0!
A99: 4.3. | B99: Развитие пищевой и перерабатывающей промышленности | C99: =C100+C104+C106+C105+C107+C108 -> 161426.86 | D99: =D100+D104+D106+D105+D107+D108 -> 17200 | E99: =E100+E104+E106+E105+E107+E108 -> 100210 | F99: =F100+F104+F106+F105+F107+F108 -> 2376 | G99: =G100+G104+G106+G105+G107+G108 -> 1850 | H99: =H100+H104+H106+H105+H107+H108 -> 39790.86 | I99: =I100+I104+I106+I105+I107 -> 154016.5 | J99: =J100+J104+J106+J105+J107 -> 0 | K99: =K100+K104+K106+K105+K107 -> 116531.5 | L99: =L100+L104+L106+L105+L107 -> 76 | M99: =M100+M104+M106+M105+M107 -> 0 | N99: =N100+N104+N106+N105+N107 -> 37409 | O99: =(I99/C99)*100 -> 95.409463 | P99: =P100+P104+P106+P105+P107 -> 154016.5 | Q99: =Q100+Q104+Q106+Q105+Q107 -> 0 | R99: =R100+R104+R106+R105+R107 -> 116531.5 | S99: =S100+S104+S106+S105+S107 -> 76 | T99: =T100+T104+T106+T105+T107 -> 0 | U99: =U100+U104+U106+U105+U107 -> 37409 | V99: =SUM(P99/I99*100) -> 100
A100: 4.3.1. | B100: Поддержка производства и переработки продукции скотоводства | C100: =SUM(D100:H100) -> 99326.86 | D100: =SUM(D101:D103) -> 0 | E100: =SUM(E101:E103) -> 79010 | F100: =SUM(F101:F103) -> 0 | G100: =SUM(G101:G103) -> 0 | H100: =SUM(H101:H103) -> 20316.86 | I100: =SUM(J100:N100) -> 135940.5 | J100: =SUM(J101:J103) -> 0 | K100: =SUM(K101:K103) -> 105731.5 | L100: =SUM(L101:L103) -> 0 | M100: =SUM(M101:M103) -> 0 | N100: =SUM(N101:N103) -> 30209 | O100: =(I100/C100)*100 -> 136.86177 | P100: =SUM(Q100:U100) -> 135940.5 | Q100: =SUM(Q101:Q103) -> 0 | R100: =SUM(R101:R103) -> 105731.5 | S100: =SUM(S101:S103) -> 0 | T100: =SUM(T101:T103) -> 0 | U100: =SUM(U101:U103) -> 30209 | V100: =SUM(P100/I100*100) -> 100
...

Sheet форма1
D1: Финансирование муниципальных программ за 2017год по МР "Горный улус"
C3: всего | H3: федеральный бюджет | L3: гоусдарственный бюджет | P3: мр | T3: мо | X3: внебюджетные средства
C4: план | D4: факт | E4: % | F4: кассовый расход | G4: остаток | H4: план | I4: факт | J4: % | K4: кассовый расход | L4: план | M4: факт | N4: % | O4: кассовый расход | P4: план | Q4: факт | R4: % | S4: кассовый расход | T4: план | U4: факт | V4: % | W4: кассовый расход | X4: план | Y4: факт | Z4: % | AA4: кассовый расход
A5: 1 | B5: Обеспечение качественным жильем в МР "Горный улус" на 2012-2019 годы | C5: =SUM(C6:C15) -> 251234.22 | D5: =SUM(D6:D15) -> 165060.36 | E5: =SUM(D5/C5*100) -> 65.699792 | F5: =SUM(K5+O5+S5+W5+AA5) -> 163402.38 | G5: =SUM(D5-F5) -> 1657.98 | H5: =SUM(H6:H15) -> 3000 | I5: =SUM(I6:I15) -> 6001.23 | J5: =SUM(I5/H5*100) -> 200.041 | K5: =SUM(K6:K15) -> 6001.23 | L5: =SUM(L6:L15) -> 163646.84 | M5: =SUM(M6:M15) -> 145567.26 | N5: =SUM(M5/L5*100) -> 88.952075 | O5: =SUM(O6:O15) -> 145567.26 | P5: =SUM(P6:P15) -> 8163.76 | Q5: =SUM(Q6:Q15) -> 3033.04 | R5: =SUM(Q5/P5*100) -> 37.152489 | S5: =SUM(S6:S15) -> 3467.65 | T5: =SUM(T6:T15) -> 3088.76 | U5: =SUM(U6:U15) -> 2500 | V5: =SUM(U5/T5*100) -> 80.938629 | W5: =SUM(W6:W15) -> 2500 | X5: =SUM(X6:X15) -> 73334.86 | Y5: =SUM(Y6:Y15) -> 7958.83 | Z5: =SUM(Y5/X5*100) -> 10.852724 | AA5: =SUM(AA6:AA15) -> 5866.24
A6: 1.1. | B6: Градостроительное планирование развития территорий. Снижение административных барьеров в области строительства | C6: =SUM(H6+L6+P6+T6+X6) -> 1250 | D6: =SUM(I6+M6+Q6+U6+Y6) -> 1216.23 | F6: =SUM(K6+O6+S6+W6+AA6) -> 1216.23 | G6: =SUM(D6-F6) -> 0 | M6: 478.89 | O6: 478.89 | P6: 800 | Q6: 287.34 | S6: 287.34 | T6: 450 | U6: 450 | W6: 450
A7: 1.2. | B7: Переселение граждан из ветхого и аварийного жилищного фонда | C7: =SUM(H7+L7+P7+T7+X7) -> 144909.22 | D7: =SUM(I7+M7+Q7+U7+Y7) -> 136261.46 | E7: =SUM(D7/C7*100) -> 94.032291 | F7: =SUM(K7+O7+S7+W7+AA7) -> 137637.84 | G7: =SUM(D7-F7) -> -1376.38 | L7: 114446.84 | M7: 136261.46 | N7: =SUM(M7/L7*100) -> 119.06092 | O7: 136261.46 | P7: 1913.76 | R7: =SUM(Q7/P7*100) -> 0 | S7: 1376.38 | T7: 713.76 | V7: =SUM(U7/T7*100) -> 0 | X7: 27834.86 | Z7: =SUM(Y7/X7*100) -> 0
A8: 1.3. | B8: Обеспечение жильем работников бюджетной сферы | C8: =SUM(H8+L8+P8+T8+X8) -> 0 | D8: =SUM(I8+M8+Q8+U8+Y8) -> 0 | F8: =SUM(K8+O8+S8+W8+AA8) -> 0 | G8: =SUM(D8-F8) -> 0
A9: 1.4. | B9: Комплексное освоение и развитие территорий в целях жилищного строительства | C9: =SUM(H9+L9+P9+T9+X9) -> 0 | D9: =SUM(I9+M9+Q9+U9+Y9) -> 0 | F9: =SUM(K9+O9+S9+W9+AA9) -> 0 | G9: =SUM(D9-F9) -> 0
A10: 1.5. | B10: Индивидуальное жилищное строительство | C10: =SUM(H10+L10+P10+T10+X10) -> 38650 | D10: =SUM(I10+M10+Q10+U10+Y10) -> 13782.61 | E10: =SUM(D10/C10*100) -> 35.660052 | F10: =SUM(K10+O10+S10+W10+AA10) -> 10748.25 | G10: =SUM(D10-F10) -> 3034.36 | L10: 20000 | M10: 4673.78 | N10: =SUM(M10/L10*100) -> 23.3689 | O10: 4673.78 | P10: 1000 | Q10: 1000 | R10: =SUM(Q10/P10*100) -> 100 | S10: 58.23 | T10: 650 | U10: 150 | V10: =SUM(U10/T10*100) -> 23.076923 | W10: 150 | X10: 17000 | Y10: 7958.83 | Z10: =SUM(Y10/X10*100) -> 46.816647 | AA10: 5866.24
A11: 1.6. | B11: Обеспечение жильем молодых семей | C11: =SUM(H11+L11+P11+T11+X11) -> 8475 | D11: =SUM(I11+M11+Q11+U11+Y11) -> 13800.06 | E11: =SUM(D11/C11*100) -> 162.83257 | F11: =SUM(K11+O11+S11+W11+AA11) -> 13800.06 | G11: =SUM(D11-F11) -> 0 | H11: 3000 | I11: 6001.23 | J11: =SUM(I11/H11*100) -> 200.041 | K11: 6001.23 | L11: 1700 | M11: 4153.13 | N11: =SUM(M11/L11*100) -> 244.30176 | O11: 4153.13 | P11: 2500 | Q11: 1745.7 | R11: =SUM(Q11/P11*100) -> 69.828 | S11: 1745.7 | T11: 1275 | U11: 1900 | V11: =SUM(U11/T11*100) -> 149.01961 | W11: 1900
A12: 1.7. | B12: Обеспечение жильем отдельных категорий граждан | C12: =SUM(H12+L12+P12+T12+X12) -> 11600 | D12: =SUM(I12+M12+Q12+U12+Y12) -> 0 | E12: =SUM(D12/C12*100) -> 0 | F12: =SUM(K12+O12+S12+W12+AA12) -> 0 | G12: =SUM(D12-F12) -> 0 | L12: 10500 | N12: =SUM(M12/L12*100) -> 0 | P12: 1100 | R12: =SUM(Q12/P12*100) -> 0
A13: 1.8. | B13: Строительство жилищного фонда социального использования | C13: =SUM(H13+L13+P13+T13+X13) -> 0 | D13: =SUM(I13+M13+Q13+U13+Y13) -> 0 | F13: =SUM(K13+O13+S13+W13+AA13) -> 0 | G13: =SUM(D13-F13) -> 0
A14: 1.9. | B14: Повышение доступности рынка многоквартирных жилых домов | C14: =SUM(H14+L14+P14+T14+X14) -> 46350 | D14: =SUM(I14+M14+Q14+U14+Y14) -> 0 | E14: =SUM(D14/C14*100) -> 0 | F14: =SUM(K14+O14+S14+W14+AA14) -> 0 | G14: =SUM(D14-F14) -> 0 | L14: 17000 | N14: =SUM(M14/L14*100) -> 0 | P14: 850 | R14: =SUM(Q14/P14*100) -> 0 | X14: 28500 | Z14: =SUM(Y14/X14*100) -> 0
A15: 1.10. | B15: Ипотечное кредитование молодых учителей | C15: =SUM(H15+L15+P15+T15+X15) -> 0 | D15: =SUM(I15+M15+Q15+U15+Y15) -> 0 | F15: =SUM(K15+O15+S15+W15+AA15) -> 0 | G15: =SUM(D15-F15) -> 0
A16: 2 | B16: Дорожное хозяйство на 2012-2019 годы | C16: =SUM(C17:C19) -> 40400 | D16: =SUM(D17:D19) -> 39721.675 | E16: =SUM(D16/C16*100) -> 98.320977 | F16: =SUM(K16+O16+S16+W16+AA16) -> 38471.7 | G16: =SUM(D16-F16) -> 1249.9746 | L16: =SUM(L17:L19) -> 25000 | M16: =SUM(M17:M19) -> 22511.53 | N16: =SUM(M16/L16*100) -> 90.04612 | O16: 22511.53 | P16: =SUM(P17:P19) -> 15400 | Q16: =SUM(Q17:Q19) -> 17210.145 | R16: =SUM(Q16/P16*100) -> 111.75419 | S16: =SUM(S17:S19) -> 15960.17
A17: 2.1. | B17: Содержание и эксплуатация муниципальных автомобильных дорог "Бердигестях -Дикимдя-Ерт", "Орто-Сурт - Кептин", "Дикимдя-Эбэ", "Бердигестях-Аэропорт" | C17: =SUM(H17+L17+P17+T17+X17) -> 3000 | D17: =SUM(I17+M17+Q17+U17+Y17) -> 3157.3473 | E17: =SUM(D17/C17*100) -> 105.24491 | F17: =SUM(K17+O17+S17+W17+AA17) -> 2907.37 | G17: =SUM(D17-F17) -> 249.97731 | P17: 3000 | Q17: 3157.3473 | R17: =SUM(Q17/P17*100) -> 105.24491 | S17: 2907.37
A18: 2.2. | B18: Ремонт муниципальных межпоселковых автомобильных дорог | C18: =SUM(H18+L18+P18+T18+X18) -> 7000 | D18: =SUM(I18+M18+Q18+U18+Y18) -> 11867.25 | E18: =SUM(D18/C18*100) -> 169.53214 | F18: =SUM(K18+O18+S18+W18+AA18) -> 11867.25 | G18: =SUM(D18-F18) -> 0.00014 | P18: 7000 | Q18: 11867.25 | R18: =SUM(Q18/P18*100) -> 169.53214 | S18: 11867.25
A19: 2.3. | B19: Проектирование и строительство муниципальных автомобильных дорог | C19: =SUM(H19+L19+P19+T19+X19) -> 30400 | D19: =SUM(I19+M19+Q19+U19+Y19) -> 24697.077 | E19: =SUM(D19/C19*100) -> 81.240385 | F19: =SUM(K19+O19+S19+W19+AA19) -> 23697.08 | G19: =SUM(D19-F19) -> 999.99712 | L19: 25000 | M19: 22511.53 | N19: =SUM(M19/L19*100) -> 90.04612 | O19: 22511.53 | P19: 5400 | Q19: 2185.5471 | R19: =SUM(Q19/P19*100) -> 40.473095 | S19: 1185.55
A20: 3 | B20: Энергосбережение на территории МР "Горный улус" РС(Я) на 2010-2019 годы | C20: =SUM(H20+L20+P20+T20+X20) -> 500 | D20: =SUM(I20+M20+Q20+U20+Y20) -> 1265 | E20: =SUM(D20/C20*100) -> 253 | F20: =SUM(K20+O20+S20+W20+AA20) -> 1241.294 | G20: =SUM(D20-F20) -> 23.706 | P20: 500 | Q20: 1265 | R20: =SUM(Q20/P20*100) -> 253 | S20: 1241.294
B21: Мероприятия по энергосбережению в организациях с участием муниципального образования и повышению энергетической эффективности этих организаций | C21: 500 | D21: =SUM(I21+M21+Q21+U21+Y21) -> 1265 | E21: =SUM(D21/C21*100) -> 253 | F21: =SUM(K21+O21+S21+W21+AA21) -> 1241.291 | G21: =SUM(D21-F21) -> 23.709 | P21: 500 | Q21: 1265 | R21: =SUM(Q21/P21*100) -> 253 | S21: 1241.291
A22: 4 | B22: Развитие сельскохозяйственного производства в муниципальном районе "Горный улус" Республики Саха (Якутия) на 2012-2019 годы | C22: =SUM(C23:C34) -> 284921.94 | D22: =SUM(D23:D34) -> 253334.82 | E22: =SUM(D22/C22*100) -> 88.913764 | F22: =SUM(K22+O22+S22+W22+AA22) -> 253334.87 | G22: =SUM(D22-F22) -> -0.05 | H22: =SUM(H23:H34) -> 36075 | I22: =SUM(I23:I34) -> 24168.27 | J22: =SUM(I22/H22*100) -> 66.994511 | K22: =SUM(K23:K34) -> 24168.32 | L22: =SUM(L23:L34) -> 173959.6 | M22: =SUM(M23:M34) -> 160558.37 | N22: =SUM(M22/L22*100) -> 92.296355 | O22: =SUM(O23:O34) -> 160558.37 | P22: =SUM(P23:P34) -> 17881.18 | Q22: =SUM(Q23:Q34) -> 11691.18 | R22: =SUM(Q22/P22*100) -> 65.382598 | S22: =SUM(S23:S34) -> 11691.18 | T22: =SUM(T23:T34) -> 4300 | V22: =SUM(U22/T22*100) -> 0 | W22: =SUM(W23:W34) -> 0 | X22: =SUM(X23:X34) -> 52706.16 | Y22: =SUM(Y23:Y34) -> 56917 | Z22: =SUM(Y22/X22*100) -> 107.98927 | AA22: =SUM(AA23:AA34) -> 56917
A23: 4.1 | B23: Развитие животноводства | C23: =SUM(H23+L23+P23+T23+X23) -> 30624 | D23: =SUM(I23+M23+Q23+U23+Y23) -> 22534.7 | E23: =SUM(D23/C23*100) -> 73.585097 | F23: =SUM(K23+O23+S23+W23+AA23) -> 22534.7 | G23: =SUM(D23-F23) -> 0 | H23: =SUM([1]сх!D58) -> 1100 | I23: 1971.12 | J23: =SUM(I23/H23*100) -> 179.19273 | K23: 1971.12 | L23: =SUM([1]сх!E58) -> 12980 | M23: 12252.67 | N23: =SUM(M23/L23*100) -> 94.396533 | O23: 12252.67 | P23: =SUM([1]сх!F58) -> 7050 | Q23: 3570.91 | R23: =SUM(Q23/P23*100) -> 50.651206 | S23: 3570.91 | V23: =SUM(U23/T23*100) -> #DIV/0! | X23: 9494 | Y23: 4740 | Z23: =SUM(Y23/X23*100) -> 49.926269 | AA23: 4740
A24: 4.2 | B24: Развитие растениеводства | C24: =SUM(H24+L24+P24+T24+X24) -> 8655.5 | D24: =SUM(I24+M24+Q24+U24+Y24) -> 12370.12 | E24: =SUM(D24/C24*100) -> 142.9163 | F24: =SUM(K24+O24+S24+W24+AA24) -> 12370.12 | G24: =SUM(D24-F24) -> 0 | H24: =SUM([1]сх!D78) -> 1100 | J24: =SUM(I24/H24*100) -> 0 | L24: =SUM([1]сх!E78) -> 2584.2 | M24: 7368.25 | N24: =SUM(M24/L24*100) -> 285.12693 | O24: 7368.25 | P24: =SUM([1]сх!F78) -> 2050 | Q24: 5001.87 | R24: =SUM(Q24/P24*100) -> 243.99366 | S24: 5001.87 | T24: 100 | V24: =SUM(U24/T24*100) -> 0 | X24: 2821.3 | Z24: =SUM(Y24/X24*100) -> 0
A25: 4.3 | B25: Развитие пищевой и перерабатывающей промышленности | C25: =SUM(H25+L25+P25+T25+X25) -> 161426.86 | D25: =SUM(I25+M25+Q25+U25+Y25) -> 154016.5 | E25: =SUM(D25/C25*100) -> 95.409463 | F25: =SUM(K25+O25+S25+W25+AA25) -> 154016.5 | G25: =SUM(D25-F25) -> 0 | H25: =SUM([1]сх!D99) -> 17200 | J25: =SUM(I25/H25*100) -> 0 | L25: =SUM([1]сх!E99) -> 100210 | M25: 116531.5 | N25: =SUM(M25/L25*100) -> 116.2873 | O25: 116531.5 | P25: =SUM([1]сх!F99) -> 2376 | Q25: 76 | R25: =SUM(Q25/P25*100) -> 3.1986532 | S25: 76 | T25: 1850 | V25: =SUM(U25/T25*100) -> 0 | X25: 39790.86 | Y25: 37409 | Z25: =SUM(Y25/X25*100) -> 94.014052 | AA25: 37409
A26: 4.4 | B26: Развитие мелиорации сельскохозяйственных земель | C26: =SUM(H26+L26+P26+T26+X26) -> 0 | D26: =SUM(I26+M26+Q26+U26+Y26) -> 0 | F26: =SUM(K26+O26+S26+W26+AA26) -> 0 | G26: =SUM(D26-F26) -> 0
A27: 4.5 | B27: Развитие традиционных отраслей Севера | C27: =SUM(H27+L27+P27+T27+X27) -> 2905 | D27: =SUM(I27+M27+Q27+U27+Y27) -> 1155 | E27: =SUM(D27/C27*100) -> 39.759036 | F27: =SUM(K27+O27+S27+W27+AA27) -> 1155 | G27: =SUM(D27-F27) -> 0 | H27: =SUM([1]сх!D112) -> 50 | J27: =SUM(I27/H27*100) -> 0 | L27: =SUM([1]сх!E112) -> 2555 | M27: 855 | N27: =SUM(M27/L27*100) -> 33.463796 | O27: 855 | P27: 300 | Q27: 300 | R27: =SUM(Q27/P27*100) -> 100 | S27: 300
A28: 4.6 | B28: Устойчивое развитие сельских территорий | C28: =SUM(H28+L28+P28+T28+X28) -> 20800 | D28: =SUM(I28+M28+Q28+U28+Y28) -> 38552.63 | E28: =SUM(D28/C28*100) -> 185.34918 | F28: =SUM(K28+O28+S28+W28+AA28) -> 38552.68 | G28: =SUM(D28-F28) -> -0.05 | H28: =SUM([1]сх!D121) -> 9600 | I28: 14785.15 | J28: =SUM(I28/H28*100) -> 154.01198 | K28: 14785.2 | L28: =SUM([1]сх!E121) -> 11200 | M28: 10274.48 | N28: =SUM(M28/L28*100) -> 91.736429 | O28: 10274.48 | Y28: 13493 | AA28: 13493
A29: 4.7 | B29: Создание общих условий функционирования сельского хозяйства | C29: =SUM(H29+L29+P29+T29+X29) -> 2000 | D29: =SUM(I29+M29+Q29+U29+Y29) -> 3382 | E29: =SUM(D29/C29*100) -> 169.1 | F29: =SUM(K29+O29+S29+W29+AA29) -> 3382 | G29: =SUM(D29-F29) -> 0 | H29: =SUM([1]сх!D123) -> 900 | J29: =SUM(I29/H29*100) -> 0 | L29: 1100 | M29: 3382 | N29: =SUM(M29/L29*100) -> 307.45455 | O29: 3382
A30: 4.8 | B30: Кадровое обеспечение | C30: =SUM(H30+L30+P30+T30+X30) -> 150 | D30: =SUM(I30+M30+Q30+U30+Y30) -> 0 | E30: =SUM(D30/C30*100) -> 0 | F30: =SUM(K30+O30+S30+W30+AA30) -> 0 | G30: =SUM(D30-F30) -> 0 | L30: 150 | N30: =SUM(M30/L30*100) -> 0
A31: 4.9 | B31: Развитие кооперации и малых форм хозяйствования на селе | C31: =SUM(H31+L31+P31+T31+X31) -> 37225 | D31: =SUM(I31+M31+Q31+U31+Y31) -> 9775 | E31: =SUM(D31/C31*100) -> 26.259234 | F31: =SUM(K31+O31+S31+W31+AA31) -> 9775 | G31: =SUM(D31-F31) -> 0 | H31: =SUM([1]сх!D129) -> 4425 | I31: 7412 | J31: =SUM(I31/H31*100) -> 167.50282 | K31: 7412 | L31: =SUM([1]сх!E129) -> 31800 | M31: 1088 | N31: =SUM(M31/L31*100) -> 3.4213836 | O31: 1088 | P31: 500 | R31: =SUM(Q31/P31*100) -> 0 | T31: 500 | V31: =SUM(U31/T31*100) -> 0 | Y31: 1275 | AA31: 1275
A32: 4.10 | B32: Комплексное обустройство населенных пунктов, расположенных в сельской местности, объектами социальной и инженерной инфраструктуры | C32: =SUM(H32+L32+P32+T32+X32) -> 4700 | D32: =SUM(I32+M32+Q32+U32+Y32) -> 0 | E32: =SUM(D32/C32*100) -> 0 | F32: =SUM(K32+O32+S32+W32+AA32) -> 0 | G32: =SUM(D32-F32) -> 0 | H32: 200 | J32: =SUM(I32/H32*100) -> 0 | L32: =SUM([1]сх!E133) -> 1700 | N32: =SUM(M32/L32*100) -> 0 | P32: 1500 | R32: =SUM(Q32/P32*100) -> 0 | T32: 1100 | V32: =SUM(U32/T32*100) -> 0 | X32: 200 | Z32: =SUM(Y32/X32*100) -> 0
A33: 4.11 | B33: Грантовая поддержка местных инициатив граждан, проживающих в сельской местности | C33: =SUM(H33+L33+P33+T33+X33) -> 8255.18 | D33: =SUM(I33+M33+Q33+U33+Y33) -> 0 | E33: =SUM(D33/C33*100) -> 0 | F33: =SUM(K33+O33+S33+W33+AA33) -> 0 | G33: =SUM(D33-F33) -> 0 | H33: =SUM([1]сх!D140) -> 1500 | J33: =SUM(I33/H33*100) -> 0 | L33: =SUM([1]сх!E140) -> 1500 | N33: =SUM(M33/L33*100) -> 0 | P33: 4105.18 | R33: =SUM(Q33/P33*100) -> 0 | T33: 750 | V33: =SUM(U33/T33*100) -> 0 | X33: 400 | Z33: =SUM(Y33/X33*100) -> 0
A34: 4.12 | B34: Содержание МКУ "УСХ МР "Горный улус" | C34: =SUM(H34+L34+P34+T34+X34) -> 8180.4 | D34: =SUM(I34+M34+Q34+U34+Y34) -> 11548.87 | E34: =SUM(D34/C34*100) -> 141.17733 | F34: =SUM(K34+O34+S34+W34+AA34) -> 11548.87 | G34: =SUM(D34-F34) -> 0 | L34: 8180.4 | M34: 8806.47 | N34: =SUM(M34/L34*100) -> 107.65329 | O34: 8806.47 | Q34: 2742.4 | S34: 2742.4
A35: 5 | B35: Управление муниципальной собственностью муниципальном районе "Горный улус" на 2015-2017 годы | C35: =SUM(C36:C40) -> 3255.4 | D35: =SUM(D36:D40) -> 5968.33 | E35: =SUM(D35/C35*100) -> 183.3363 | F35: =SUM(K35+O35+S35+W35+AA35) -> 5968.33 | G35: =SUM(D35-F35) -> 0 | P35: =SUM(P36:P40) -> 3255.4 | Q35: =SUM(Q36:Q40) -> 3355.13 | R35: =SUM(Q35/P35*100) -> 103.06353 | S35: =SUM(S36:S40) -> 3355.13 | U35: =SUM(U36:U40) -> 2613.2 | W35: =SUM(W36:W40) -> 2613.2
A36: 1.1. | B36: Управление программой | C36: =SUM(H36+L36+P36+T36+X36) -> 2605.4 | D36: =SUM(I36+M36+Q36+U36+Y36) -> 5318.33 | E36: =SUM(D36/C36*100) -> 204.1272 | F36: =SUM(K36+O36+S36+W36+AA36) -> 5318.33 | G36: =SUM(D36-F36) -> 0 | P36: 2605.4 | Q36: 2705.13 | R36: =SUM(Q36/P36*100) -> 103.82782 | S36: 2705.13 | U36: 2613.2 | W36: 2613.2
A37: 1.2 | B37: Учет муниципального имущества и формирование муниципальной собственности на объекты капитального строительства | C37: =SUM(H37+L37+P37+T37+X37) -> 220 | D37: =SUM(I37+M37+Q37+U37+Y37) -> 216.33 | E37: =SUM(D37/C37*100) -> 98.331818 | F37: =SUM(K37+O37+S37+W37+AA37) -> 216.33 | G37: =SUM(D37-F37) -> 0 | P37: 220 | Q37: 216.33 | R37: =SUM(Q37/P37*100) -> 98.331818 | S37: 216.33
A38: 1.3 | B38: Управление муниципальным имуществом | C38: =SUM(H38+L38+P38+T38+X38) -> 280 | D38: =SUM(I38+M38+Q38+U38+Y38) -> 273.17 | E38: =SUM(D38/C38*100) -> 97.560714 | F38: =SUM(K38+O38+S38+W38+AA38) -> 273.17 | G38: =SUM(D38-F38) -> 0 | P38: 280 | Q38: 273.17 | R38: =SUM(Q38/P38*100) -> 97.560714 | S38: 273.17
A39: 1.4 | B39: Формирование муниципальной собственности на землю | C39: =SUM(H39+L39+P39+T39+X39) -> 100 | D39: =SUM(I39+M39+Q39+U39+Y39) -> 0 | E39: =SUM(D39/C39*100) -> 0 | F39: =SUM(K39+O39+S39+W39+AA39) -> 0 | G39: =SUM(D39-F39) -> 0 | P39: 100 | R39: =SUM(Q39/P39*100) -> 0
A40: 1.5 | B40: Организация учета использования земель в МР "Горный улус" | C40: =SUM(H40+L40+P40+T40+X40) -> 50 | D40: =SUM(I40+M40+Q40+U40+Y40) -> 160.5 | E40: =SUM(D40/C40*100) -> 321 | F40: =SUM(K40+O40+S40+W40+AA40) -> 160.5 | G40: =SUM(D40-F40) -> 0 | P40: 50 | Q40: 160.5 | R40: =SUM(Q40/P40*100) -> 321 | S40: 160.5
A41: 6 | B41: Развитие предпринимательства и туризма в Горном улусе в МР "Горный улус" на 2012-2017 годы | C41: =SUM(C42:C53) -> 7337.35 | D41: =SUM(D42:D53) -> 5588.544 | E41: =SUM(D41/C41*100) -> 76.1657 | F41: =SUM(K41+O41+S41+W41+AA41) -> 5190.08 | G41: =SUM(D41-F41) -> 398.464 | L41: =SUM(L42:L53) -> 1334.35 | N41: =SUM(M41/L41*100) -> 0 | P41: =SUM(P42:P53) -> 6003 | Q41: =SUM(Q42:Q53) -> 5588.544 | R41: =SUM(Q41/P41*100) -> 93.095852 | S41: =SUM(S42:S53) -> 5190.08 | U41: =SUM(U42:U53) -> 0
A42: 1.1 | B42: Предоставление грантов начинающим субъектам малого предпринимательства | C42: =SUM(H42+L42+P42+T42+X42) -> 200 | D42: =SUM(I42+M42+Q42+U42+Y42) -> 126 | E42: =SUM(D42/C42*100) -> 63 | F42: =SUM(K42+O42+S42+W42+AA42) -> 0 | G42: =SUM(D42-F42) -> 126 | P42: 200 | Q42: 126 | R42: =SUM(Q42/P42*100) -> 63
A43: 1.2 | B43: Поддержка местных товаропроизводителей | C43: =SUM(H43+L43+P43+T43+X43) -> 0 | D43: =SUM(I43+M43+Q43+U43+Y43) -> 0 | F43: =SUM(K43+O43+S43+W43+AA43) -> 0 | G43: =SUM(D43-F43) -> 0
A44: 1.3 | B44: Поддержка социально-значимых услуг | C44: =SUM(H44+L44+P44+T44+X44) -> 1234.35 | D44: =SUM(I44+M44+Q44+U44+Y44) -> 0 | E44: =SUM(D44/C44*100) -> 0 | F44: =SUM(K44+O44+S44+W44+AA44) -> 0 | G44: =SUM(D44-F44) -> 0 | L44: 1234.35 | N44: =SUM(M44/L44*100) -> 0
A45: 1.4 | B45: Создание и (или) обеспечение деятельности инфраструктуры поддержки предпринимательства | C45: =SUM(H45+L45+P45+T45+X45) -> 4361.9 | D45: =SUM(I45+M45+Q45+U45+Y45) -> 4104.544 | E45: =SUM(D45/C45*100) -> 94.099911 | F45: =SUM(K45+O45+S45+W45+AA45) -> 3832.08 | G45: =SUM(D45-F45) -> 272.464 | P45: 4361.9 | Q45: 4104.544 | R45: =SUM(Q45/P45*100) -> 94.099911 | S45: 3832.08
A46: 1.5 | B46: Организация массовых программ обучения | C46: =SUM(H46+L46+P46+T46+X46) -> 141.1 | D46: =SUM(I46+M46+Q46+U46+Y46) -> 0 | E46: =SUM(D46/C46*100) -> 0 | F46: =SUM(K46+O46+S46+W46+AA46) -> 0 | G46: =SUM(D46-F46) -> 0 | L46: 100 | N46: =SUM(M46/L46*100) -> 0 | P46: 41.1 | R46: =SUM(Q46/P46*100) -> 0
A47: 1.6 | B47: Развитие туризма | C47: =SUM(H47+L47+P47+T47+X47) -> 400 | D47: =SUM(I47+M47+Q47+U47+Y47) -> 20 | E47: =SUM(D47/C47*100) -> 5 | F47: =SUM(K47+O47+S47+W47+AA47) -> 20 | G47: =SUM(D47-F47) -> 0 | P47: 400 | Q47: 20 | R47: =SUM(Q47/P47*100) -> 5 | S47: 20
A48: 1.7 | B48: Софинансирование муниипальных инвестиционных проектов | C48: =SUM(H48+L48+P48+T48+X48) -> 0 | D48: =SUM(I48+M48+Q48+U48+Y48) -> 0 | F48: =SUM(K48+O48+S48+W48+AA48) -> 0 | G48: =SUM(D48-F48) -> 0
A49: 1.8 | B49: Создание бизнес инкубатора в с. Бердигестях | C49: =SUM(H49+L49+P49+T49+X49) -> 0 | D49: =SUM(I49+M49+Q49+U49+Y49) -> 0 | F49: =SUM(K49+O49+S49+W49+AA49) -> 0 | G49: =SUM(D49-F49) -> 0
A50: 1.9 | B50: Мероприятия по проведению Года предпринимательства в Горном улусе | C50: =SUM(H50+L50+P50+T50+X50) -> 0 | D50: =SUM(I50+M50+Q50+U50+Y50) -> 0 | F50: =SUM(K50+O50+S50+W50+AA50) -> 0 | G50: =SUM(D50-F50) -> 0
A51: 1.10 | B51: Предоставление микрокредитов субъектам малого и среднего предпринимательства | C51: =SUM(H51+L51+P51+T51+X51) -> 1000 | D51: =SUM(I51+M51+Q51+U51+Y51) -> 1323 | E51: =SUM(D51/C51*100) -> 132.3 | F51: =SUM(K51+O51+S51+W51+AA51) -> 1323 | G51: =SUM(D51-F51) -> 0 | P51: 1000 | Q51: 1323 | R51: =SUM(Q51/P51*100) -> 132.3 | S51: 1323
A52: 1.11 | B52: Поддержка субъектов малого и среднего предпринимательства на организацию групп дневного времяпровождения детей дошкольного возраста и иных подобных им видов деятельности по уходу и присмотру за детьми | C52: =SUM(H52+L52+P52+T52+X52) -> 0 | D52: =SUM(I52+M52+Q52+U52+Y52) -> 0 | F52: =SUM(K52+O52+S52+W52+AA52) -> 0 | G52: =SUM(D52-F52) -> 0
A53: 1.12 | B53: Формирование положительного образа предпринимателя, популяризация роли предпринимательства | C53: =SUM(H53+L53+P53+T53+X53) -> 0 | D53: =SUM(I53+M53+Q53+U53+Y53) -> 15 | F53: =SUM(K53+O53+S53+W53+AA53) -> 15 | G53: =SUM(D53-F53) -> 0 | Q53: 15 | S53: 15
A54: 7 | B54: Развитие информационного общества на территории муниципального района "Горный улус" на 2014-2017 годы | C54: =SUM(C55:C56) -> 1389.9 | D54: =SUM(D55:D56) -> 1295.65 | E54: =SUM(D54/C54*100) -> 93.218937 | F54: =SUM(K54+O54+S54+W54+AA54) -> 1295.65 | G54: =SUM(D54-F54) -> 0 | L54: =SUM(L55:L56) -> 0 | M54: =SUM(M55:M56) -> 0 | P54: 1389.9 | Q54: 1295.65 | R54: =SUM(Q54/P54*100) -> 93.218937 | S54: 1295.65
A55: 1.1. | B55: Формирование единого пространства электронного взаимодействия органов государственной власти и органов местного самоуправления,и повышение качества предоставления муниципальных услуг на основе использования информационных и телекоммуникационных технологий | C55: =SUM(H55+L55+P55+T55+X55) -> 0 | D55: =SUM(I55+M55+Q55+U55+Y55) -> 40 | F55: =SUM(K55+O55+S55+W55+AA55) -> 40 | G55: =SUM(D55-F55) -> 0 | Q55: 40 | S55: 40
A56: 1 .2 | B56: Обеспечение наибольшей открытости информации об органах местного самоуправления МР «Горный улус» и информирование населения о деятельности органов местного самоуправления МР «Горный улус», формирование позитивного имиджа органов местного самоуправления МР «Горный улус» | C56: =SUM(H56+L56+P56+T56+X56) -> 1389.9 | D56: =SUM(I56+M56+Q56+U56+Y56) -> 1255.65 | E56: =SUM(D56/C56*100) -> 90.341032 | F56: =SUM(K56+O56+S56+W56+AA56) -> 1255.65 | G56: =SUM(D56-F56) -> 0 | P56: 1389.9 | Q56: 1255.65 | R56: =SUM(Q56/P56*100) -> 90.341032 | S56: 1255.65
A57: 8 | B57: Повышение эффективности бюджетных расходов МР "Горный улус" на 2011-2013годы (2014 год) | C57: =SUM(C58:C61) -> 500 | D57: =SUM(M57+Q57) -> 1520.928 | E57: =SUM(D57/C57*100) -> 304.1856 | F57: =SUM(K57+O57+S57+W57+AA57) -> 1512.448 | G57: =SUM(D57-F57) -> 8.48 | M57: 1020.928 | O57: 1020.928 | P57: 500 | Q57: =SUM(Q58:Q62) -> 500 | R57: =SUM(Q57/P57*100) -> 100 | S57: =SUM(S58:S62) -> 491.52
A58: 1.1 | B58: Участие в серии семинаров для работников в области управления муниципальными закупками | C58: =SUM(H58+L58+P58+T58+X58) -> 0 | D58: =SUM(I58+M58+Q58+U58+Y58) -> 220 | F58: =SUM(K58+O58+S58+W58+AA58) -> 211.52 | G58: =SUM(D58-F58) -> 8.48 | Q58: 220 | S58: 211.52
A59: 1.2 | B59: Проведение экспертизы проектов новых муниципальных программ, предлагаемых к реализации | C59: =SUM(H59+L59+P59+T59+X59) -> 500 | D59: =SUM(I59+M59+Q59+U59+Y59) -> 0 | E59: =SUM(D59/C59*100) -> 0 | F59: =SUM(K59+O59+S59+W59+AA59) -> 0 | G59: =SUM(D59-F59) -> 0 | P59: 500 | R59: =SUM(Q59/P59*100) -> 0
A60: 1.3 | B60: Обеспечение открытости и доступности информации о деятельности органов местного самоуправления, формируемых ими информационных ресурсах и обеспечение свободного доступа через сеть | C60: =SUM(H60+L60+P60+T60+X60) -> 0 | D60: =SUM(I60+M60+Q60+U60+Y60) -> 50 | F60: =SUM(K60+O60+S60+W60+AA60) -> 50 | G60: =SUM(D60-F60) -> 0 | Q60: 50 | S60: 50
A61: 1.4 | B61: Совершенствование системы мониторинга и оценки качества управления муниципальными финансами (финансового менеджмента) | C61: =SUM(H61+L61+P61+T61+X61) -> 0 | D61: =SUM(I61+M61+Q61+U61+Y61) -> 130 | F61: =SUM(K61+O61+S61+W61+AA61) -> 130 | G61: =SUM(D61-F61) -> 0 | Q61: 130 | S61: 130
A62: 1.5 | B62: Проведение экспертизы проектов новых муниципальных программ, предлагаемых к реализации | D62: =SUM(I62+M62+Q62+U62+Y62) -> 100 | F62: =SUM(K62+O62+S62+W62+AA62) -> 100 | G62: =SUM(D62-F62) -> 0 | Q62: 100 | S62: 100
A63: 9 | B63: Развитие муниципальной службы в Горном улусе на 2012-2017 годы | C63: =SUM(C64:C67) -> 175 | D63: =SUM(D64:D67) -> 175 | E63: =SUM(D63/C63*100) -> 100 | F63: =SUM(K63+O63+S63+W63+AA63) -> 174.726 | G63: =SUM(D63-F63) -> 0.274 | P63: 175 | Q63: =SUM(Q64:Q67) -> 175 | R63: =SUM(Q63/P63*100) -> 100 | S63: =SUM(S64:S67) -> 174.726
A64: 1.1 | B64: Аттестация муниципальных служащих | C64: =SUM(H64+L64+P64+T64+X64) -> 0 | D64: =SUM(I64+M64+Q64+U64+Y64) -> 36.272 | F64: =SUM(K64+O64+S64+W64+AA64) -> 35.998 | G64: =SUM(D64-F64) -> 0.274 | Q64: 36.272 | S64: 35.998
A65: 1.2 | B65: Повышение квалификации | C65: =SUM(H65+L65+P65+T65+X65) -> 86.68 | D65: =SUM(I65+M65+Q65+U65+Y65) -> 4.608 | E65: =SUM(D65/C65*100) -> 5.3161052 | F65: =SUM(K65+O65+S65+W65+AA65) -> 4.608 | G65: =SUM(D65-F65) -> 0 | P65: 86.68 | Q65: 4.608 | R65: =SUM(Q65/P65*100) -> 5.3161052 | S65: 4.608
A66: 1.3 | B66: Профессиональная переподготовка | C66: =SUM(H66+L66+P66+T66+X66) -> 88.32 | D66: =SUM(I66+M66+Q66+U66+Y66) -> 58.88 | E66: =SUM(D66/C66*100) -> 66.666667 | F66: =SUM(K66+O66+S66+W66+AA66) -> 58.88 | G66: =SUM(D66-F66) -> 0 | P66: 88.32 | Q66: 58.88 | R66: =SUM(Q66/P66*100) -> 66.666667 | S66: 58.88
B67: Проведение социологического опроса населения Горного улуса | C67: =SUM(H67+L67+P67+T67+X67) -> 0 | D67: =SUM(I67+M67+Q67+U67+Y67) -> 75.24 | F67: =SUM(K67+O67+S67+W67+AA67) -> 75.24 | G67: =SUM(D67-F67) -> 0 | Q67: 75.24 | S67: 75.24
A68: 10 | B68: Охрана труда в Горном улусе на 2014-2017гг. | C68: =SUM(C69:C72) -> 3432 | D68: =SUM(D69:D72) -> 4962.51 | E68: =SUM(D68/C68*100) -> 144.59528 | F68: =SUM(K68+O68+S68+W68+AA68) -> 4962.51 | G68: =SUM(D68-F68) -> 0 | P68: =SUM(P69:P72) -> 400 | Q68: =SUM(Q69:Q72) -> 404.5 | R68: =SUM(Q68/P68*100) -> 101.125 | S68: =SUM(S69:S72) -> 404.5 | X68: =SUM(X69:X72) -> 3032 | Y68: =SUM(Y69:Y72) -> 4558.01 | Z68: =SUM(Y68/X68*100) -> 150.33015 | AA68: =SUM(AA69:AA72) -> 4558.01
A69: 1.1 | B69: Непрерывная подготовка работников по охране труда | C69: =SUM(H69+L69+P69+T69+X69) -> 200 | D69: =SUM(I69+M69+Q69+U69+Y69) -> 323.8 | E69: =SUM(D69/C69*100) -> 161.9 | F69: =SUM(K69+O69+S69+W69+AA69) -> 323.8 | G69: =SUM(D69-F69) -> 0 | X69: 200 | Y69: 323.8 | Z69: =SUM(Y69/X69*100) -> 161.9 | AA69: 323.8
A70: 1.2 | B70: Информационное обеспечение и пропаганда охраны труда | C70: =SUM(H70+L70+P70+T70+X70) -> 517 | D70: =SUM(I70+M70+Q70+U70+Y70) -> 15 | E70: =SUM(D70/C70*100) -> 2.901354 | F70: =SUM(K70+O70+S70+W70+AA70) -> 15 | G70: =SUM(D70-F70) -> 0 | P70: 400 | Q70: 15 | R70: =SUM(Q70/P70*100) -> 3.75 | S70: 15 | X70: 117 | Z70: =SUM(Y70/X70*100) -> 0
A71: 1.3 | B71: Управление профессиональными рисками | C71: =SUM(H71+L71+P71+T71+X71) -> 1895 | D71: =SUM(I71+M71+Q71+U71+Y71) -> 2694.4 | E71: =SUM(D71/C71*100) -> 142.1847 | F71: =SUM(K71+O71+S71+W71+AA71) -> 2694.4 | G71: =SUM(D71-F71) -> 0 | Q71: 389.5 | S71: 389.5 | X71: 1895 | Y71: 2304.9 | Z71: =SUM(Y71/X71*100) -> 121.63061 | AA71: 2304.9
A72: 1.4 | B72: Лечебно-профилактические мероприятия | C72: =SUM(H72+L72+P72+T72+X72) -> 820 | D72: =SUM(I72+M72+Q72+U72+Y72) -> 1929.31 | E72: =SUM(D72/C72*100) -> 235.28171 | F72: =SUM(K72+O72+S72+W72+AA72) -> 1929.31 | G72: =SUM(D72-F72) -> 0 | X72: 820 | Y72: 1929.31 | Z72: =SUM(Y72/X72*100) -> 235.28171 | AA72: 1929.31
A73: 11 | B73: Старшее поколение на 2014-2017 годы | C73: =SUM(C74:C76) -> 2045 | D73: =SUM(D74:D76) -> 1699 | E73: =SUM(D73/C73*100) -> 83.080685 | F73: =SUM(K73+O73+S73+W73+AA73) -> 1699 | G73: =SUM(D73-F73) -> 0 | L73: 360 | M73: 300 | N73: =SUM(M73/L73*100) -> 83.333333 | O73: 300 | P73: =SUM(P74:P76) -> 1000 | Q73: =SUM(Q74:Q76) -> 1049 | R73: =SUM(Q73/P73*100) -> 104.9 | S73: =SUM(S74:S76) -> 1049 | T73: =SUM(T74:T76) -> 485 | U73: =SUM(U74:U76) -> 350 | V73: =SUM(U73/T73*100) -> 72.164948 | W73: =SUM(W74:W76) -> 350 | X73: 200 | Z73: =SUM(Y73/X73*100) -> 0
A74: 1.1 | B74: Социальная защита прав и интересов старшего поколения | C74: =SUM(H74+L74+P74+T74+X74) -> 475 | D74: =SUM(I74+M74+Q74+U74+Y74) -> 359 | E74: =SUM(D74/C74*100) -> 75.578947 | F74: =SUM(K74+O74+S74+W74+AA74) -> 359 | G74: =SUM(D74-F74) -> 0 | P74: 210 | Q74: 359 | R74: =SUM(Q74/P74*100) -> 170.95238 | S74: 359 | T74: 65 | V74: =SUM(U74/T74*100) -> 0 | X74: 200 | Z74: =SUM(Y74/X74*100) -> 0
A75: 1.2 | B75: Поддержка деятельности общественных организаций ветеранов | C75: =SUM(H75+L75+P75+T75+X75) -> 370 | D75: =SUM(I75+M75+Q75+U75+Y75) -> 340 | E75: =SUM(D75/C75*100) -> 91.891892 | F75: =SUM(K75+O75+S75+W75+AA75) -> 340 | G75: =SUM(D75-F75) -> 0 | P75: 370 | Q75: 340 | R75: =SUM(Q75/P75*100) -> 91.891892 | S75: 340
A76: 1.3 | B76: Улучшение жилищных условий ветеранов тыла | C76: =SUM(H76+L76+P76+T76+X76) -> 1200 | D76: =SUM(I76+M76+Q76+U76+Y76) -> 1000 | E76: =SUM(D76/C76*100) -> 83.333333 | F76: =SUM(K76+O76+S76+W76+AA76) -> 1000 | G76: =SUM(D76-F76) -> 0 | L76: 360 | M76: 300 | N76: =SUM(M76/L76*100) -> 83.333333 | O76: 300 | P76: 420 | Q76: 350 | R76: =SUM(Q76/P76*100) -> 83.333333 | S76: 350 | T76: 420 | U76: 350 | V76: =SUM(U76/T76*100) -> 83.333333 | W76: 350
A77: 12 | B77: Обеспечение безбарьерной среды жизнедеятельности инвалидов в Горном улусе на 2012 - 2017 годы | C77: =SUM(C78:C82) -> 246.9 | D77: =SUM(D78:D82) -> 569.765 | E77: =SUM(D77/C77*100) -> 230.76752 | F77: =SUM(K77+O77+S77+W77+AA77) -> 394.265 | G77: =SUM(D77-F77) -> 175.5 | L77: =SUM(L78:L82) -> 250.6 | M77: =SUM(M78:M82) -> 323.48 | N77: =SUM(M77/L77*100) -> 129.0822 | O77: =SUM(O78:O82) -> 147.98 | P77: =SUM(P78:P82) -> 0 | Q77: =SUM(Q78:Q82) -> 246.285 | S77: =SUM(S78:S82) -> 246.285
A78: 1.1 | B78: Установление муниципальных льгот инвалидам и детям инвалидам | C78: =SUM(H78+L78+P78+T78+X78) -> 100 | D78: =SUM(I78+M78+Q78+U78+Y78) -> 0 | E78: =SUM(D78/C78*100) -> 0 | F78: =SUM(K78+O78+S78+W78+AA78) -> 0 | G78: =SUM(D78-F78) -> 0 | L78: 100 | N78: =SUM(M78/L78*100) -> 0
A79: 1.2 | B79: Спортивно-культурные мероприятия для инвалидов | C79: 61 | D79: =SUM(I79+M79+Q79+U79+Y79) -> 94.04 | E79: =SUM(D79/C79*100) -> 154.16393 | F79: =SUM(K79+O79+S79+W79+AA79) -> 94.04 | G79: =SUM(D79-F79) -> 0 | L79: 70 | N79: =SUM(M79/L79*100) -> 0 | Q79: 94.04 | S79: 94.04
A80: 1.3 | B80: Поддержка творческих способностей инвалидов | C80: 20 | D80: =SUM(I80+M80+Q80+U80+Y80) -> 48.3 | E80: =SUM(D80/C80*100) -> 241.5 | F80: =SUM(K80+O80+S80+W80+AA80) -> 48.3 | G80: =SUM(D80-F80) -> 0 | L80: 15 | N80: =SUM(M80/L80*100) -> 0 | Q80: 48.3 | S80: 48.3
A81: 1.4 | B81: Улусные мероприятия для инвалидов | C81: 65.9 | D81: =SUM(I81+M81+Q81+U81+Y81) -> 58.738 | E81: =SUM(D81/C81*100) -> 89.132018 | F81: =SUM(K81+O81+S81+W81+AA81) -> 58.738 | G81: =SUM(D81-F81) -> 0 | L81: 65.6 | N81: =SUM(M81/L81*100) -> 0 | Q81: 58.738 | S81: 58.738
A82: 1.5 | B82: Обеспечение доступности инвалидов (Приобретение мобильного переносного подъемника) | C82: =SUM(H82+L82+P82+T82+X82) -> 0 | D82: =SUM(I82+M82+Q82+U82+Y82) -> 368.687 | F82: =SUM(K82+O82+S82+W82+AA82) -> 193.187 | G82: =SUM(D82-F82) -> 175.5 | M82: 323.48 | O82: 147.98 | Q82: 45.207 | S82: 45.207
A83: 13 | B83: Семейная политика в Горном улусе на 2012-2017 годы | C83: =SUM(C84:C88) -> 950 | D83: =SUM(D84:D88) -> 1080.01 | E83: =SUM(D83/C83*100) -> 113.68526 | F83: =SUM(K83+O83+S83+W83+AA83) -> 1080.01 | G83: =SUM(D83-F83) -> 0 | L83: =SUM(L84:L88) -> 0 | M83: =SUM(M84:M88) -> 0 | P83: =SUM(P84:P88) -> 950 | Q83: =SUM(Q84:Q88) -> 1080.01 | R83: =SUM(Q83/P83*100) -> 113.68526 | S83: =SUM(S84:S88) -> 1080.01
A84: 1.1 | B84: Улучшение демографичесской ситуации | C84: =SUM(H84+L84+P84+T84+X84) -> 205 | D84: =SUM(I84+M84+Q84+U84+Y84) -> 309.73 | E84: =SUM(D84/C84*100) -> 151.0878 | F84: =SUM(K84+O84+S84+W84+AA84) -> 309.73 | G84: =SUM(D84-F84) -> 0 | P84: 205 | Q84: 309.73 | R84: =SUM(Q84/P84*100) -> 151.0878 | S84: 309.73
A85: 1.2 | B85: Укрепление института семьи, возрождение и сохранение духовно-нравственных традиций семейных отношени | C85: =SUM(H85+L85+P85+T85+X85) -> 210 | D85: =SUM(I85+M85+Q85+U85+Y85) -> 196.72 | E85: =SUM(D85/C85*100) -> 93.67619 | F85: =SUM(K85+O85+S85+W85+AA85) -> 196.72 | G85: =SUM(D85-F85) -> 0 | P85: 210 | Q85: 196.72 | R85: =SUM(Q85/P85*100) -> 93.67619 | S85: 196.72
A86: 1.3 | B86: Профилактика семейного неблагополучия и социального сиротства детей | C86: =SUM(H86+L86+P86+T86+X86) -> 105 | D86: =SUM(I86+M86+Q86+U86+Y86) -> 66.93 | E86: =SUM(D86/C86*100) -> 63.742857 | F86: =SUM(K86+O86+S86+W86+AA86) -> 66.93 | G86: =SUM(D86-F86) -> 0 | P86: 105 | Q86: 66.93 | R86: =SUM(Q86/P86*100) -> 63.742857 | S86: 66.93
A87: 1.4 | B87: Поддержка и создание условий для пропаганды семейной политики и ЗОЖ | C87: =SUM(H87+L87+P87+T87+X87) -> 345 | D87: =SUM(I87+M87+Q87+U87+Y87) -> 296.09 | E87: =SUM(D87/C87*100) -> 85.823188 | F87: =SUM(K87+O87+S87+W87+AA87) -> 296.09 | G87: =SUM(D87-F87) -> 0 | P87: 345 | Q87: 296.09 | R87: =SUM(Q87/P87*100) -> 85.823188 | S87: 296.09
A88: 1.5 | B88: Повышение качества жизни малоимущих семей | C88: =SUM(H88+L88+P88+T88+X88) -> 85 | D88: =SUM(I88+M88+Q88+U88+Y88) -> 210.54 | E88: =SUM(D88/C88*100) -> 247.69412 | F88: =SUM(K88+O88+S88+W88+AA88) -> 210.54 | G88: =SUM(D88-F88) -> 0 | P88: 85 | Q88: 210.54 | R88: =SUM(Q88/P88*100) -> 247.69412 | S88: 210.54
A89: 14 | B89: Профилактика безнадзорности и правонарушений несовершеннолетних на территории Горного улуса на 2012-2017 годы | C89: =SUM(C90:C92) -> 500 | D89: =SUM(D90:D92) -> 500 | E89: =SUM(D89/C89*100) -> 100 | F89: =SUM(K89+O89+S89+W89+AA89) -> 500 | G89: =SUM(D89-F89) -> 0 | P89: =SUM(P90:P92) -> 500 | Q89: =SUM(Q90:Q92) -> 500 | R89: =SUM(Q89/P89*100) -> 100 | S89: =SUM(S90:S92) -> 500
A90: 1.1 | B90: Организационно – управленческое и правовое обеспечение | C90: =SUM(H90+L90+P90+T90+X90) -> 10 | D90: =SUM(I90+M90+Q90+U90+Y90) -> 10 | E90: =SUM(D90/C90*100) -> 100 | F90: =SUM(K90+O90+S90+W90+AA90) -> 10 | G90: =SUM(D90-F90) -> 0 | P90: 10 | Q90: 10 | R90: =SUM(Q90/P90*100) -> 100 | S90: 10
A91: 1.2 | B91: Социальная адаптация, реабилитация и организация досуга несовершеннолетних | C91: =SUM(H91+L91+P91+T91+X91) -> 490 | D91: =SUM(I91+M91+Q91+U91+Y91) -> 490 | E91: =SUM(D91/C91*100) -> 100 | F91: =SUM(K91+O91+S91+W91+AA91) -> 490 | G91: =SUM(D91-F91) -> 0 | P91: 490 | Q91: 490 | R91: =SUM(Q91/P91*100) -> 100 | S91: 490
A92: 15 | B92: Профилактика правонарушений на территории муниципального района "Горный улус"в период 2012-2017 годы | C92: =SUM(H92+L92+P92+T92+X92) -> 0 | D92: =SUM(I92+M92+Q92+U92+Y92) -> 0 | F92: =SUM(K92+O92+S92+W92+AA92) -> 0 | G92: =SUM(D92-F92) -> 0
A93: 15 | B93: Молодежь Горного улуса РС (Я) на 2012-2017 годы | C93: =SUM(C94:C98) -> 1219.35 | D93: =SUM(D94:D98) -> 1594.9 | E93: =SUM(D93/C93*100) -> 130.7992 | F93: =SUM(K93+O93+S93+W93+AA93) -> 1594.9 | G93: =SUM(D93-F93) -> 0 | L93: =SUM(L94:L98) -> 70 | M93: =SUM(M94:M98) -> 245.7 | N93: =SUM(M93/L93*100) -> 351 | O93: =SUM(O94:O98) -> 245.7 | P93: =SUM(P94:P98) -> 1149.35 | Q93: =SUM(Q94:Q98) -> 1349.2 | R93: =SUM(Q93/P93*100) -> 117.38809 | S93: =SUM(S94:S98) -> 1349.2
A94: 1.1 | B94: Развитие инфраструктуры социальных служб для молодежи | C94: =SUM(H94+L94+P94+T94+X94) -> 542.91 | D94: =SUM(I94+M94+Q94+U94+Y94) -> 495 | E94: =SUM(D94/C94*100) -> 91.175333 | F94: =SUM(K94+O94+S94+W94+AA94) -> 495 | G94: =SUM(D94-F94) -> 0 | P94: 542.91 | Q94: 495 | R94: =SUM(Q94/P94*100) -> 91.175333 | S94: 495
A95: 1.2 | B95: Профориентация, временная занятость подростков и молодежи | C95: =SUM(H95+L95+P95+T95+X95) -> 163.52 | D95: =SUM(I95+M95+Q95+U95+Y95) -> 104.96 | E95: =SUM(D95/C95*100) -> 64.187867 | F95: =SUM(K95+O95+S95+W95+AA95) -> 104.96 | G95: =SUM(D95-F95) -> 0 | L95: 70 | N95: =SUM(M95/L95*100) -> 0 | P95: 93.52 | Q95: 104.96 | R95: =SUM(Q95/P95*100) -> 112.23268 | S95: 104.96
A96: 1.3 | B96: Профилактика + пропаганда ЗОЖ | C96: =SUM(H96+L96+P96+T96+X96) -> 179.58 | D96: =SUM(I96+M96+Q96+U96+Y96) -> 122 | E96: =SUM(D96/C96*100) -> 67.936296 | F96: =SUM(K96+O96+S96+W96+AA96) -> 122 | G96: =SUM(D96-F96) -> 0 | P96: 179.58 | Q96: 122 | R96: =SUM(Q96/P96*100) -> 67.936296 | S96: 122
A97: 1.4 | B97: Молодежные общественные инициативы | C97: =SUM(H97+L97+P97+T97+X97) -> 274.87 | D97: =SUM(I97+M97+Q97+U97+Y97) -> 601.55 | E97: =SUM(D97/C97*100) -> 218.84891 | F97: =SUM(K97+O97+S97+W97+AA97) -> 601.55 | G97: =SUM(D97-F97) -> 0 | P97: 274.87 | Q97: 601.55 | R97: =SUM(Q97/P97*100) -> 218.84891 | S97: 601.55
A98: 1.5 | B98: Гражданско-патриотическое воспитание молодежи | C98: =SUM(H98+L98+P98+T98+X98) -> 58.47 | D98: =SUM(I98+M98+Q98+U98+Y98) -> 271.39 | E98: =SUM(D98/C98*100) -> 464.15256 | F98: =SUM(K98+O98+S98+W98+AA98) -> 271.39 | G98: =SUM(D98-F98) -> 0 | M98: 245.7 | O98: 245.7 | P98: 58.47 | Q98: 25.69 | R98: =SUM(Q98/P98*100) -> 43.937062 | S98: 25.69
A99: 16 | B99: Развитие физической культуры и спорта в Горном улусе на 2012-2017 годы ” | C99: =SUM(C101:C105) -> 5109.8 | D99: =SUM(D100:D105) -> 5234.8 | E99: =SUM(D99/C99*100) -> 102.44628 | F99: =SUM(K99+O99+S99+W99+AA99) -> 5233.91 | G99: =SUM(D99-F99) -> 0.89 | P99: =SUM(P101:P105) -> 2000 | Q99: =SUM(Q100:Q105) -> 5234.8 | R99: =SUM(Q99/P99*100) -> 261.74 | S99: =SUM(S100:S105) -> 5233.91 | T99: =SUM(T101:T105) -> 1554.9 | V99: =SUM(U99/T99*100) -> 0 | X99: =SUM(X101:X105) -> 1554.9 | Z99: =SUM(Y99/X99*100) -> 0
A100: 1.1 | B100: Управление | D100: =SUM(I100+M100+Q100+U100+Y100) -> 131.29 | F100: =SUM(K100+O100+S100+W100+AA100) -> 131.29 | G100: =SUM(D100-F100) -> 0 | Q100: 131.29 | S100: 131.29
A101: 1.2 | B101: Развитие массового спорта | C101: =SUM(H101+L101+P101+T101+X101) -> 400 | D101: =SUM(I101+M101+Q101+U101+Y101) -> 3291.91 | E101: =SUM(D101/C101*100) -> 822.9775 | F101: =SUM(K101+O101+S101+W101+AA101) -> 3291.02 | G101: =SUM(D101-F101) -> 0.89 | P101: 400 | Q101: 3291.91 | R101: =SUM(Q101/P101*100) -> 822.9775 | S101: 3291.02
...

Sheet форма2
E1: Приложение 1
A2: Исполнение целевых индикаторов для оценки эффективности реализации муниципальных программ Горного улуса по состоянию на 01 января 2018 года
A4: Наименование программы/подпрограммы/индикатора | B4: Единица измерения | C4: План | D4: Факт | E4: % | F4: Средний показатель МП
C6: 2017 год
A7: 1 | B7: 2 | C7: 3 | D7: 4 | E7: 5 | F7: 6
A8: 1. Муниципальная программа «Обеспечение качественным жильем в МР «Горный улус» на 2012-2019 годы" | F8: =(E10+E11+E12+E16+E17+E20+E21+E28+E29+E31+E33+E15+E26)/13 -> 90.979155
A9: Цель-обеспечение населения МР «Горный улус» качественным и доступным жильем
A10: Годовой объем ввода жилья, всего | B10: кв.м | C10: =SUM(C11:C12) -> 9395 | D10: =SUM(D11:D12) -> 11711 | E10: =D10/C10*100 -> 124.65141
A11: в т.ч. Многоквартирные дома | B11: кв.м | C11: 2395 | D11: 2660 | E11: =D11/C11*100 -> 111.06472
A12: ИЖС | B12: кв.м | C12: 7000 | D12: 9051 | E12: =D12/C12*100 -> 129.3
A13: Градостроительное планирование, развитие территорий. Снижение административных барьеров в области строительства
A14: Разработка и утверждение схемы территориального планирования МР «Горный улус» | B14: ед. | C14: 0 | D14: 0
A15: Количество населенных пунктов, принявших генеральные планы | B15: ед. | C15: 6 | D15: 4 | E15: =D15/C15*100 -> 66.666667
A16: Количество населенных пунктов, принявших правила землепользования | B16: ед. | C16: 5 | D16: 0 | E16: =D16/C16*100 -> 0
A17: Количество населенных пунктов, территория которых обеспечена проектами планировки | B17: ед. | C17: 1 | D17: 0 | E17: =D17/C17*100 -> 0
A18: Количество населенных пунктов, территория которых обеспечена нормативами градостроительного проектирования | B18: ед. | C18: 0 | D18: 0
A19: Переселение граждан из ветхого и аварийного жилищного фонда
A20: Общий объем освобожденного жилищного фонда | B20: кв.м | C20: 1437 | D20: 2660 | E20: =D20/C20*100 -> 185.10786
A21: Удельный вес ветхого и аварийного жилищного фонда | B21: % | C21: 25.54 | D21: 24.95 | E21: =D21/C21*100 -> 97.689898
A22: Обеспечение жильем работников бюджетной сферы
A23: Количество семей | B23: семей | C23: 0 | D23: 0
A24: Ввод жилья | B24: кв.м | C24: 0 | D24: 0
A25: Комплексное освоение и развитие территорий в целях жилищного строительства
A26: Дополнительный ввод жилья | B26: кв.м | C26: 3057 | D26: 2660 | E26: =D26/C26*100 -> 87.013412
A27: Индивидуальное жилищное строительство
A28: Количество семей | B28: семей | C28: 18 | D28: 13 | E28: =D28/C28*100 -> 72.222222
A29: Ввод жилья | B29: кв.м | C29: 600 | D29: 931 | E29: =D29/C29*100 -> 155.16667
A30: Обеспечение жильем молодых семей
A31: Молодые семьи, улучшившие жилищные условия с помощью социальных выплат | B31: семей | C31: 13 | D31: 20 | E31: =D31/C31*100 -> 153.84615
A32: Обеспечение жильем отдельных категорий граждан
A33: Количество семей | B33: семей | C33: 6 | D33: 0 | E33: =D33/C33*100 -> 0
A34: Строительство жилищного фонда социального использования
A35: Ввод жилья | B35: кв.м. | C35: 0 | D35: 0 | E35: 0
A36: Повышение доступности рынка многоквартирных домов
A37: Количество семей | B37: семей | C37: 0 | D37: 0
A38: Ввод жилья | B38: кв.м. | C38: 0 | D38: 0
A39: Ипотечное кредитование молодых учителей
A40: Количество молодых учителей | B40: чел. | C40: 0 | D40: 0
A41: 2. Муниципальная программа "Дорожное хозяйство на 2012-2019 годы" | F41: =(E43+E44+E45+E46)/4 -> 78.95893
A42: Цель-обеспечение доступности населенных пунктов и рынков сбыта производимой продукции, улучшение транспортно-эксплуатационных качеств автомобильных дорог общего пользования
A43: Общая протяженность автомобильных дорог общего пользования местного значения | B43: км. | C43: 565.4 | D43: 565.4 | E43: =SUM(D43/C43*100) -> 100
A44: Протяженность автомобильных дорог общего пользования местного значения, не отвечающих нормативным требованиям | B44: км. | C44: 494.1 | D44: 494.7 | E44: =SUM(D44/C44*100) -> 100.12143
A45: Протяженность отремонтированных межпоселковых автодорог муниципального значения | B45: км. | C45: 7 | D45: 7.1 | E45: =SUM(D45/C45*100) -> 101.42857
A46: Протяженность построенных автодорог муниципального значвения | B46: км. | C46: 7 | D46: 1 | E46: =SUM(D46/C46*100) -> 14.285714
A47: 3. "Энергосбережение на территории МР "Горный улус на 2010-2019 годы" | F47: =(E48+E49)/1 -> 300
A48: Количество организаций в которых проведены энергетические обследования | B48: ед. | C48: 0 | D48: 0
A49: Количество организаций в которых проведены мероприятия по энергосбережнию | B49: ед. | C49: 3 | D49: 9 | E49: =SUM(D49/C49*100) -> 300
A50: 4. Муниципальная программа"Развитие сельского хозяйства в МР "Горный улус" на 2012-2019 годы" | F50: =(E54+E55+E56+E57+E58+E59+E60+E61+E62+E64+E65+E66+E67+E68+E69+E73+E74+E75+E77+E78+E79+HE81+E82+E83+E85+E86+E88+E90+E92+E95+E97+E100+E103+E105+E108+E110+E111)/37 -> 96.392527
A51: Цель- достижение устойчивого развития агропромышленного комплекса
A52: Развитие животноводства
A53: Поголовье сельскохозяйственных животных
A54: Крупный рогатый скот | B54: гол. | C54: 5597 | D54: 5622 | E54: =SUM(D54/C54*100) -> 100.44667
A55: в том числе коровы | B55: гол. | C55: 2631 | D55: 2638 | E55: =SUM(D55/C55*100) -> 100.26606
A56: Лошади | B56: гол. | C56: 5560 | D56: 5698 | E56: =SUM(D56/C56*100) -> 102.48201
A57: в том числе кобылы | B57: гол. | C57: 3230 | D57: 3453 | E57: =SUM(D57/C57*100) -> 106.90402
A58: Свиньи | B58: гол. | C58: 180 | D58: 184 | E58: =SUM(D58/C58*100) -> 102.22222
A59: в том числе маток | B59: гол. | C59: 52 | D59: 33 | E59: =SUM(D59/C59*100) -> 63.461538
A60: Птицы | B60: гол. | C60: 900 | D60: 931 | E60: =SUM(D60/C60*100) -> 103.44444
A61: Олени | B61: гол. | C61: 235 | D61: 253 | E61: =SUM(D61/C61*100) -> 107.65957
A62: Искусственное осемение | B62: гол. | C62: 1200 | D62: 961 | E62: =SUM(D62/C62*100) -> 80.083333
A63: Производство продукции животноводства
A64: Производство мяса в живом весе | B64: тонн | C64: 1166 | D64: 1207.4 | E64: =SUM(D64/C64*100) -> 103.5506
A65: Сдача мяса | B65: тонн | C65: 62.1 | D65: 62.1 | E65: =SUM(D65/C65*100) -> 100
A66: Валовый надой молока | B66: тонн | C66: 4023 | D66: 4155.9 | E66: =SUM(D66/C66*100) -> 103.3035
A67: Закуп молока | B67: тонн | C67: 3050 | D67: 3254.1 | E67: =SUM(D67/C67*100) -> 106.6918
A68: Средний удой с 1 коровы | B68: кг | C68: =C66*1000/C55 -> 1529.0764 | D68: 1590 | E68: =SUM(D68/C68*100) -> 103.98434
A69: Производство яиц | B69: тыс. штук | C69: 360 | D69: 368 | E69: =SUM(D69/C69*100) -> 102.22222
A70: Развитие растениеводства
A71: Увеличение урожайности сельскохозяйственных культур
A72: Посевная площадь сельхозкультур
A73: Картофель | B73: га | C73: 35 | D73: 35 | E73: =SUM(D73/C73*100) -> 100
A74: Овощи открытого грунта | B74: га | C74: 13 | D74: 13 | E74: =SUM(D74/C74*100) -> 100
A75: Овощи закрытого грунта | B75: га | C75: 5.1 | D75: 5 | E75: =SUM(D75/C75*100) -> 98.039216
A76: Валовый сбор сельхозкультур
A77: Картофель | B77: цн | C77: 1770 | D77: 1770 | E77: =SUM(D77/C77*100) -> 100
A78: Овощи открытого грунта | B78: цн | C78: 2362 | D78: 2362 | E78: =SUM(D78/C78*100) -> 100
A79: Овощи закрытого грунта | B79: цн | C79: 840 | D79: 840 | E79: =SUM(D79/C79*100) -> 100
A80: Урожай сельхозкультур
A81: Картофель | B81: цн/га | C81: =C77/C73 -> 50.571429 | D81: =D77/D73 -> 50.571429 | E81: =SUM(D81/C81*100) -> 100
A82: Овощи открытого грунта | B82: цн/га | C82: =C78/C74 -> 181.69231 | D82: =D78/D74 -> 181.69231 | E82: =SUM(D82/C82*100) -> 100
A83: Овощи закрытого грунта | B83: кг/кв.м. | C83: =C79/C75/100 -> 1.6470588 | D83: =D79/D75/100 -> 1.68 | E83: =SUM(D83/C83*100) -> 102
A84: Грубые корма
A85: Сено | B85: тонн | C85: 16009 | D85: 13187.7 | E85: =SUM(D85/C85*100) -> 82.376788
A86: Сенаж | B86: тонн | C86: 300 | E86: =SUM(D86/C86*100) -> 0
A87: Увеличение доли местных районированных семян
A88: Многолетние травы | B88: тонн | C88: 0.5 | D88: 0.52 | E88: =SUM(D88/C88*100) -> 104
A89: Площадь посадки многолетних трав | B89: га | C89: 30 | D89: 88 | E89: =SUM(D89/C89*100) -> 293.33333
A90: Овес | B90: тонн | C90: 60 | D90: 61.52 | E90: =SUM(D90/C90*100) -> 102.53333
A91: Площадь посадки овса | B91: га | C91: 196 | D91: 158 | E91: =SUM(D91/C91*100) -> 80.612245
A92: Минеральные удобрения | B92: тонн | C92: 1.5 | D92: 1.6 | E92: =SUM(D92/C92*100) -> 106.66667
A93: Площадь внесения минеральных удобрений | B93: га | C93: 50 | D93: 51 | E93: =SUM(D93/C93*100) -> 102
A94: Мелиорация
A95: Почвообработка | B95: га | C95: 782 | D95: 646 | E95: =SUM(D95/C95*100) -> 82.608696
A96: Сохранение отрасли звероводства
A97: Поголовье серебристо-черных лисиц во всех формах хозяйствования, на конец года | B97: голов | C97: 250 | D97: 225 | E97: =SUM(D97/C97*100) -> 90
A98: Развитие пищевой и перерабатывающей промышленности
A99: Увеличение объема производства хлеба и хлебобулочных изделий к 2017 году до 677 тонн
A100: Производство хлеба и хлебобулочных изделий | B100: тонн | C100: 766 | D100: 760.7 | E100: =SUM(D100/C100*100) -> 99.308094
A101: Молочная продукция
A102: Увеличение объема производства цельномолочной продукции к 2017 году до 1840 тонн
...

Sheet оценка
A1: Оценка эффективности реализации муниципальных программ МР "Горный улус" за 2017г.
V3: балл
B4: Обеспечение качественным жильем | C4: Дорожное хозяйство МР "Горный улус" | D4: Энергосбережение на территории МР "Горный улус" | E4: Развитие сельского хозяйства | F4: Управление собственностью МР "Горный улус" | G4: Развитие предпринимательства и туризма МР "Горный улус" | H4: Развитие информационного общества | I4: Повышение эффективности бюджетных расходов | J4: Развитие муниципальной службы | K4: Охрана труда | L4: Старшее поколение МР "Горный улус" | M4: НКО | N4: Безбарьерная среда в МР "Горный улус" | O4: Семейная политика в Горном улусе | P4: Профилактика безнадзорности и правонарушений несовершеннолетних | Q4: Профилактика правонарушений на территории МР "Горный улус" | R4: Молодежь Горного улуса | S4: Физическая культура и спорт | T4: Создание условий для культурно-духовного развития граждан Горного улуса | U4: "Развитие образования МР "Горный улус" | V4: охрана окружающей среды
A5: => эффективную - при 80 <= Экол.<= 100; | B5: 81.5 | C5: 95 | E5: 91.5 | F5: 85 | H5: 83.5 | I5: 80 | K5: 95 | P5: 83.5 | R5: 84 | T5: 95 | U5: 98.5 | V5: 83
A6: => умеренно эффективную - при 60 <= Экол.<= 80; | D6: 75 | G6: 73 | J6: 80 | L6: 77.5 | M6: 65 | N6: 64 | O6: 69 | S6: 79
A7: => недостаточно эффективную - при 40 <= Экол.<= 60;
A8: => неэффективную - при Экол.< 40.

Sheet Лист1
D1: Финансирование муниципальных программ за 2017год по МР "Горный улус"
C3: всего | H3: федеральный бюджет | L3: гоусдарственный бюджет | P3: мр | T3: мо | X3: внебюджетные средсвта
C4: план | D4: факт | E4: % | F4: кассовый расход | G4: остаток | H4: план | I4: факт | J4: % | K4: кассовый расход | L4: план | M4: факт | N4: % | O4: кассовый расход | P4: план | Q4: факт | R4: % | S4: кассовый расход | T4: план | U4: факт | V4: % | W4: кассовый расход | X4: план | Y4: факт | Z4: % | AA4: кассовый расход
A5: 1 | B5: Развития образования в МР "Горный улус" на 2012-2017 годы | C5: =SUM(C6:C10) -> 905209.3 | D5: =SUM(D6:D10) -> 967615.89 | E5: =SUM(D5/C5*100) -> 106.89416 | F5: =SUM(K5+O5+S5+W5+AA5) -> 950501.1 | G5: =SUM(D5-F5) -> 17114.79 | H5: =SUM(H6:H10) -> 3606.7 | I5: =SUM(I6:I10) -> 3606.7 | J5: =SUM(I5/H5*100) -> 100 | K5: =SUM(K6:K10) -> 3606.7 | L5: =SUM(L6:L10) -> 480486.2 | M5: =SUM(M6:M10) -> 522767.97 | N5: =SUM(M5/L5*100) -> 108.79979 | O5: =SUM(O6:O10) -> 519308.5 | P5: =SUM(P6:P10) -> 406447.6 | Q5: =SUM(Q6:Q10) -> 426087.02 | R5: =SUM(Q5/P5*100) -> 104.83197 | S5: =SUM(S6:S10) -> 412431.7 | X5: =SUM(X6:X10) -> 14668.8 | Y5: =SUM(Y6:Y10) -> 15154.2 | Z5: =SUM(Y5/X5*100) -> 103.30906 | AA5: =SUM(AA6:AA10) -> 15154.2
B6: Совершенствование дошкольного образования | C6: =SUM(H6+L6+P6+T6+X6) -> 285040.8 | D6: =SUM(I6+M6+Q6+U6+Y6) -> 285101.93 | E6: =SUM(D6/C6*100) -> 100.02145 | F6: =SUM(K6+O6+S6+W6+AA6) -> 281240 | G6: =SUM(D6-F6) -> 3861.93 | L6: 152109 | M6: 156090.23 | N6: =SUM(M6/L6*100) -> 102.61735 | O6: 155352.3 | P6: 120203.8 | Q6: 116872.2 | R6: =SUM(Q6/P6*100) -> 97.228374 | S6: 113748.2 | X6: 12728 | Y6: 12139.5 | Z6: =SUM(Y6/X6*100) -> 95.376336 | AA6: 12139.5
B7: Совершенствование общего образования | C7: =SUM(H7+L7+P7+T7+X7) -> 512394.8 | D7: =SUM(I7+M7+Q7+U7+Y7) -> 552607.88 | E7: =SUM(D7/C7*100) -> 107.84807 | F7: =SUM(K7+O7+S7+W7+AA7) -> 544539.6 | G7: =SUM(D7-F7) -> 8068.28 | H7: 2925.4 | I7: 2925.4 | J7: =SUM(I7/H7*100) -> 100 | K7: 2925.4 | L7: 323476.9 | M7: 350841.14 | N7: =SUM(M7/L7*100) -> 108.45941 | O7: 350646.9 | P7: 184289.7 | Q7: 196146.14 | R7: =SUM(Q7/P7*100) -> 106.43359 | S7: 188272.1 | X7: 1702.8 | Y7: 2695.2 | Z7: =SUM(Y7/X7*100) -> 158.28048 | AA7: 2695.2
B8: Совершенствование дополнительного образования | C8: =SUM(H8+L8+P8+T8+X8) -> 63373.6 | D8: =SUM(I8+M8+Q8+U8+Y8) -> 66376.7 | E8: =SUM(D8/C8*100) -> 104.73872 | F8: =SUM(K8+O8+S8+W8+AA8) -> 66342.2 | G8: =SUM(D8-F8) -> 34.5 | H8: 681.3 | I8: 681.3 | J8: =SUM(I8/H8*100) -> 100 | K8: 681.3 | L8: 1002.3 | M8: 5313.5 | N8: =SUM(M8/L8*100) -> 530.1307 | O8: 5286 | P8: 61572 | Q8: 60361.9 | R8: =SUM(Q8/P8*100) -> 98.034659 | S8: 60354.9 | X8: 118 | Y8: 20 | Z8: =SUM(Y8/X8*100) -> 16.949153 | AA8: 20
B9: Совершенствование ресурсного обеспечения системы образования | C9: =SUM(H9+L9+P9+T9+X9) -> 38802.1 | D9: =SUM(I9+M9+Q9+U9+Y9) -> 57470.08 | E9: =SUM(D9/C9*100) -> 148.11075 | F9: =SUM(K9+O9+S9+W9+AA9) -> 52320 | G9: =SUM(D9-F9) -> 5150.08 | M9: 6625.1 | O9: 4125.3 | P9: 38682.1 | Q9: 50545.48 | R9: =SUM(Q9/P9*100) -> 130.66891 | S9: 47895.2 | X9: 120 | Y9: 299.5 | Z9: =SUM(Y9/X9*100) -> 249.58333 | AA9: 299.5
B10: Обеспечение доступности полноценного (качественного) отдыха и оздоровления детей | C10: =SUM(H10+L10+P10+T10+X10) -> 5598 | D10: =SUM(I10+M10+Q10+U10+Y10) -> 6059.3 | E10: =SUM(D10/C10*100) -> 108.24044 | F10: =SUM(K10+O10+S10+W10+AA10) -> 6059.3 | G10: =SUM(D10-F10) -> 0 | L10: 3898 | M10: 3898 | N10: =SUM(M10/L10*100) -> 100 | O10: 3898 | P10: 1700 | Q10: 2161.3 | R10: =SUM(Q10/P10*100) -> 127.13529 | S10: 2161.3
A11: 2 | B11: Создание условий для духовно-культурного развития граждан в МР "Горный улус" на 2012-2017 годы | C11: =SUM(C12:C15) -> 89681.4 | D11: =SUM(D12:D15) -> 96021.362 | E11: =SUM(D11/C11*100) -> 107.06943 | F11: =SUM(K11+O11+S11+W11+AA11) -> 91064.397 | G11: =SUM(D11-F11) -> 4956.9643 | I11: 168.6 | M11: =SUM(M12:M15) -> 1558.8 | P11: =SUM(P12:P15) -> 41596 | Q11: =SUM(Q12:Q15) -> 41212.462 | R11: =SUM(Q11/P11*100) -> 99.077944 | S11: =SUM(S12:S15) -> 40974.997 | T11: =SUM(T12:T15) -> 47085.4 | U11: =SUM(U12:U15) -> 50089.4 | V11: =SUM(U11/T11*100) -> 106.3799 | W11: =SUM(W12:W15) -> 50089.4 | Y11: =SUM(Y12:Y15) -> 3160.7 | AA11: =SUM(AA12:AA15) -> 0
B12: Стратегическое направление "Управление программой" | C12: =SUM(H12+L12+P12+T12+X12) -> 8401 | D12: =SUM(I12+M12+Q12+U12+Y12) -> 8648.4917 | E12: =SUM(D12/C12*100) -> 102.94598 | F12: =SUM(K12+O12+S12+W12+AA12) -> 8411.0274 | G12: =SUM(D12-F12) -> 237.46433 | P12: 8401 | Q12: 8648.4917 | R12: =SUM(Q12/P12*100) -> 102.94598 | S12: 8411.0274
B13: Развитие народного творчества и культурно - досуговой деятельности Горного улуса | C13: 52148.4 | D13: =SUM(I13+M13+Q13+U13+Y13) -> 54505.52 | E13: =SUM(D13/C13*100) -> 104.52002 | F13: =SUM(K13+O13+S13+W13+AA13) -> 50815.42 | G13: =SUM(D13-F13) -> 3690.1 | M13: 1107.9 | O13: 480 | P13: 13199 | Q13: 11717.72 | R13: =SUM(Q13/P13*100) -> 88.777332 | S13: 11717.72 | T13: 37949.4 | U13: 38617.7 | V13: =SUM(U13/T13*100) -> 101.76103 | W13: 38617.7 | Y13: 3062.2
B14: Развитие библиотечного дела в Горном улусе | C14: =SUM(H14+L14+P14+T14+X14) -> 20066 | D14: =SUM(I14+M14+Q14+U14+Y14) -> 21309.25 | E14: =SUM(D14/C14*100) -> 106.1958 | F14: =SUM(K14+O14+S14+W14+AA14) -> 21309.25 | G14: =SUM(D14-F14) -> 0 | M14: 303 | O14: 303 | P14: 19996 | Q14: 20846.25 | R14: =SUM(Q14/P14*100) -> 104.2521 | S14: 20846.25 | T14: 70 | U14: 160 | V14: =SUM(U14/T14*100) -> 228.57143 | W14: 160
B15: Развитие музейного дела в Горном улусе | C15: =SUM(H15+L15+P15+T15+X15) -> 9066 | D15: =SUM(I15+M15+Q15+U15+Y15) -> 11558.1 | E15: =SUM(D15/C15*100) -> 127.48842 | F15: =SUM(K15+O15+S15+W15+AA15) -> 11459.6 | G15: =SUM(D15-F15) -> 98.5 | M15: 147.9 | O15: 147.9 | T15: 9066 | U15: 11311.7 | V15: =SUM(U15/T15*100) -> 124.77057 | W15: 11311.7 | Y15: 98.5
A16: 3 | B16: Обеспечение качественным жильем в МР "Горный улус" на 2012-2019 годы | C16: =SUM(C17:C26) -> 251234.22 | D16: =SUM(D17:D26) -> 165060.36 | E16: =SUM(D16/C16*100) -> 65.699792 | F16: =SUM(K16+O16+S16+W16+AA16) -> 163402.38 | G16: =SUM(D16-F16) -> 1657.98 | H16: =SUM(H17:H26) -> 3000 | I16: =SUM(I17:I26) -> 6001.23 | J16: =SUM(I16/H16*100) -> 200.041 | K16: =SUM(K17:K26) -> 6001.23 | L16: =SUM(L17:L26) -> 163646.84 | M16: =SUM(M17:M26) -> 145567.26 | N16: =SUM(M16/L16*100) -> 88.952075 | O16: =SUM(O17:O26) -> 145567.26 | P16: =SUM(P17:P26) -> 8163.76 | Q16: =SUM(Q17:Q26) -> 3033.04 | R16: =SUM(Q16/P16*100) -> 37.152489 | S16: =SUM(S17:S26) -> 3467.65 | T16: =SUM(T17:T26) -> 3088.76 | U16: =SUM(U17:U26) -> 2500 | V16: =SUM(U16/T16*100) -> 80.938629 | W16: =SUM(W17:W26) -> 2500 | X16: =SUM(X17:X26) -> 73334.86 | Y16: =SUM(Y17:Y26) -> 7958.83 | Z16: =SUM(Y16/X16*100) -> 10.852724 | AA16: =SUM(AA17:AA26) -> 5866.24
B17: Градостроительное планирование развития территорий. Снижение административных барьеров в области строительства | C17: =SUM(H17+L17+P17+T17+X17) -> 1250 | D17: =SUM(I17+M17+Q17+U17+Y17) -> 1216.23 | F17: =SUM(K17+O17+S17+W17+AA17) -> 1216.23 | G17: =SUM(D17-F17) -> 0 | M17: 478.89 | O17: 478.89 | P17: 800 | Q17: 287.34 | R17: =SUM(Q17/P17*100) -> 35.9175 | S17: 287.34 | T17: 450 | U17: 450 | V17: =SUM(U17/T17*100) -> 100 | W17: 450
B18: Переселение граждан из ветхого и аварийного жилищного фонда | C18: =SUM(H18+L18+P18+T18+X18) -> 144909.22 | D18: =SUM(I18+M18+Q18+U18+Y18) -> 136261.46 | E18: =SUM(D18/C18*100) -> 94.032291 | F18: =SUM(K18+O18+S18+W18+AA18) -> 137637.84 | G18: =SUM(D18-F18) -> -1376.38 | L18: 114446.84 | M18: 136261.46 | N18: =SUM(M18/L18*100) -> 119.06092 | O18: 136261.46 | P18: 1913.76 | R18: =SUM(Q18/P18*100) -> 0 | S18: 1376.38 | T18: 713.76 | V18: =SUM(U18/T18*100) -> 0 | X18: 27834.86 | Z18: =SUM(Y18/X18*100) -> 0
B19: Обеспечение жильем работников бюджетной сферы | C19: =SUM(H19+L19+P19+T19+X19) -> 0 | D19: =SUM(I19+M19+Q19+U19+Y19) -> 0 | F19: =SUM(K19+O19+S19+W19+AA19) -> 0 | G19: =SUM(D19-F19) -> 0
B20: Комплексное освоение и развитие территорий в целях жилищного строительства | C20: =SUM(H20+L20+P20+T20+X20) -> 0 | D20: =SUM(I20+M20+Q20+U20+Y20) -> 0 | F20: =SUM(K20+O20+S20+W20+AA20) -> 0 | G20: =SUM(D20-F20) -> 0
B21: Индивидуальное жилищное строительство | C21: =SUM(H21+L21+P21+T21+X21) -> 38650 | D21: =SUM(I21+M21+Q21+U21+Y21) -> 13782.61 | E21: =SUM(D21/C21*100) -> 35.660052 | F21: =SUM(K21+O21+S21+W21+AA21) -> 10748.25 | G21: =SUM(D21-F21) -> 3034.36 | L21: 20000 | M21: 4673.78 | N21: =SUM(M21/L21*100) -> 23.3689 | O21: 4673.78 | P21: 1000 | Q21: 1000 | R21: =SUM(Q21/P21*100) -> 100 | S21: 58.23 | T21: 650 | U21: 150 | V21: =SUM(U21/T21*100) -> 23.076923 | W21: 150 | X21: 17000 | Y21: 7958.83 | Z21: =SUM(Y21/X21*100) -> 46.816647 | AA21: 5866.24
B22: Обеспечение жильем молодых семей | C22: =SUM(H22+L22+P22+T22+X22) -> 8475 | D22: =SUM(I22+M22+Q22+U22+Y22) -> 13800.06 | E22: =SUM(D22/C22*100) -> 162.83257 | F22: =SUM(K22+O22+S22+W22+AA22) -> 13800.06 | G22: =SUM(D22-F22) -> 0 | H22: 3000 | I22: 6001.23 | J22: =SUM(I22/H22*100) -> 200.041 | K22: 6001.23 | L22: 1700 | M22: 4153.13 | N22: =SUM(M22/L22*100) -> 244.30176 | O22: 4153.13 | P22: 2500 | Q22: 1745.7 | R22: =SUM(Q22/P22*100) -> 69.828 | S22: 1745.7 | T22: 1275 | U22: 1900 | V22: =SUM(U22/T22*100) -> 149.01961 | W22: 1900
B23: Обеспечение жильем отдельных категорий граждан | C23: =SUM(H23+L23+P23+T23+X23) -> 11600 | D23: =SUM(I23+M23+Q23+U23+Y23) -> 0 | E23: =SUM(D23/C23*100) -> 0 | F23: =SUM(K23+O23+S23+W23+AA23) -> 0 | G23: =SUM(D23-F23) -> 0 | L23: 10500 | N23: =SUM(M23/L23*100) -> 0 | P23: 1100 | R23: =SUM(Q23/P23*100) -> 0
B24: Строительство жилищного фонда социального использования | C24: =SUM(H24+L24+P24+T24+X24) -> 0 | D24: =SUM(I24+M24+Q24+U24+Y24) -> 0 | F24: =SUM(K24+O24+S24+W24+AA24) -> 0 | G24: =SUM(D24-F24) -> 0
B25: Повышение доступности рынка многоквартирных жилых домов | C25: =SUM(H25+L25+P25+T25+X25) -> 46350 | D25: =SUM(I25+M25+Q25+U25+Y25) -> 0 | E25: =SUM(D25/C25*100) -> 0 | F25: =SUM(K25+O25+S25+W25+AA25) -> 0 | G25: =SUM(D25-F25) -> 0 | L25: 17000 | N25: =SUM(M25/L25*100) -> 0 | P25: 850 | R25: =SUM(Q25/P25*100) -> 0 | X25: 28500 | Z25: =SUM(Y25/X25*100) -> 0
B26: Ипотечное кредитование молодых учителей | C26: =SUM(H26+L26+P26+T26+X26) -> 0 | D26: =SUM(I26+M26+Q26+U26+Y26) -> 0 | F26: =SUM(K26+O26+S26+W26+AA26) -> 0 | G26: =SUM(D26-F26) -> 0 | R26: =SUM(Q26/P26*100) -> #DIV/0!
A27: 4 | B27: Дорожное хозяйство на 2012-2019 годы | C27: =SUM(C28:C30) -> 40400 | D27: =SUM(D28:D30) -> 39721.675 | E27: =SUM(D27/C27*100) -> 98.320977 | F27: =SUM(K27+O27+S27+W27+AA27) -> 38471.7 | G27: =SUM(D27-F27) -> 1249.9746 | L27: =SUM(L28:L30) -> 25000 | M27: =SUM(M28:M30) -> 22511.53 | N27: =SUM(M27/L27*100) -> 90.04612 | O27: 22511.53 | P27: =SUM(P28:P30) -> 15400 | Q27: =SUM(Q28:Q30) -> 17210.145 | R27: =SUM(Q27/P27*100) -> 111.75419 | S27: =SUM(S28:S30) -> 15960.17
B28: Содержание и эксплуатация муниципальных автомобильных дорог "Бердигестях -Дикимдя-Ерт", "Орто-Сурт - Кептин", "Дикимдя-Эбэ", "Бердигестях-Аэропорт" | C28: =SUM(H28+L28+P28+T28+X28) -> 3000 | D28: =SUM(I28+M28+Q28+U28+Y28) -> 3157.3473 | E28: =SUM(D28/C28*100) -> 105.24491 | F28: =SUM(K28+O28+S28+W28+AA28) -> 2907.37 | G28: =SUM(D28-F28) -> 249.97731 | P28: 3000 | Q28: 3157.3473 | R28: =SUM(Q28/P28*100) -> 105.24491 | S28: 2907.37
B29: Ремонт муниципальных межпоселковых автомобильных дорог | C29: =SUM(H29+L29+P29+T29+X29) -> 7000 | D29: =SUM(I29+M29+Q29+U29+Y29) -> 11867.25 | E29: =SUM(D29/C29*100) -> 169.53214 | F29: =SUM(K29+O29+S29+W29+AA29) -> 11867.25 | G29: =SUM(D29-F29) -> 0.00014 | P29: 7000 | Q29: 11867.25 | R29: =SUM(Q29/P29*100) -> 169.53214 | S29: 11867.25
B30: Проектирование и строительство муниципальных автомобильных дорог | C30: =SUM(H30+L30+P30+T30+X30) -> 30400 | D30: =SUM(I30+M30+Q30+U30+Y30) -> 24697.077 | E30: =SUM(D30/C30*100) -> 81.240385 | F30: =SUM(K30+O30+S30+W30+AA30) -> 23697.08 | G30: =SUM(D30-F30) -> 999.99712 | L30: 25000 | M30: 22511.53 | N30: =SUM(M30/L30*100) -> 90.04612 | O30: 22511.53 | P30: 5400 | Q30: 2185.5471 | R30: =SUM(Q30/P30*100) -> 40.473095 | S30: 1185.55
A31: 5 | B31: Развитие сельскохозяйственного производства в муниципальном районе "Горный улус" Республики Саха (Якутия) на 2012-2019 годы | C31: =SUM(C32:C43) -> 284921.94 | D31: =SUM(D32:D43) -> 253334.82 | E31: =SUM(D31/C31*100) -> 88.913764 | F31: =SUM(K31+O31+S31+W31+AA31) -> 253334.82 | G31: =SUM(D31-F31) -> 2.910383e-11 | H31: =SUM(H32:H43) -> 36075 | I31: =SUM(I32:I43) -> 24168.27 | J31: =SUM(I31/H31*100) -> 66.994511 | K31: =SUM(K32:K43) -> 24168.27 | L31: =SUM(L32:L43) -> 173959.6 | M31: =SUM(M32:M43) -> 160558.37 | N31: =SUM(M31/L31*100) -> 92.296355 | O31: =SUM(O32:O43) -> 160558.37 | P31: =SUM(P32:P43) -> 17881.18 | Q31: =SUM(Q32:Q43) -> 11691.18 | R31: =SUM(Q31/P31*100) -> 65.382598 | S31: =SUM(S32:S43) -> 11691.18 | T31: =SUM(T32:T43) -> 4300 | V31: =SUM(U31/T31*100) -> 0 | W31: =SUM(W32:W43) -> 0 | X31: =SUM(X32:X43) -> 52706.16 | Y31: =SUM(Y32:Y43) -> 56917 | Z31: =SUM(Y31/X31*100) -> 107.98927 | AA31: =SUM(AA32:AA43) -> 56917
B32: Развитие животноводства | C32: =SUM(H32+L32+P32+T32+X32) -> 30624 | D32: =SUM(I32+M32+Q32+U32+Y32) -> 22534.7 | E32: =SUM(D32/C32*100) -> 73.585097 | F32: =SUM(K32+O32+S32+W32+AA32) -> 22534.7 | G32: =SUM(D32-F32) -> 0 | H32: =SUM([1]сх!D58) -> 1100 | I32: 1971.12 | J32: =SUM(I32/H32*100) -> 179.19273 | K32: 1971.12 | L32: =SUM([1]сх!E58) -> 12980 | M32: 12252.67 | N32: =SUM(M32/L32*100) -> 94.396533 | O32: 12252.67 | P32: =SUM([1]сх!F58) -> 7050 | Q32: 3570.91 | R32: =SUM(Q32/P32*100) -> 50.651206 | S32: 3570.91 | X32: 9494 | Y32: 4740 | Z32: =SUM(Y32/X32*100) -> 49.926269 | AA32: 4740
B33: Развитие растениеводства | C33: =SUM(H33+L33+P33+T33+X33) -> 8655.5 | D33: =SUM(I33+M33+Q33+U33+Y33) -> 12370.12 | E33: =SUM(D33/C33*100) -> 142.9163 | F33: =SUM(K33+O33+S33+W33+AA33) -> 12370.12 | G33: =SUM(D33-F33) -> 0 | H33: =SUM([1]сх!D78) -> 1100 | J33: =SUM(I33/H33*100) -> 0 | L33: =SUM([1]сх!E78) -> 2584.2 | M33: 7368.25 | N33: =SUM(M33/L33*100) -> 285.12693 | O33: 7368.25 | P33: =SUM([1]сх!F78) -> 2050 | Q33: 5001.87 | R33: =SUM(Q33/P33*100) -> 243.99366 | S33: 5001.87 | T33: 100 | V33: =SUM(U33/T33*100) -> 0 | X33: 2821.3 | Z33: =SUM(Y33/X33*100) -> 0
B34: Развитие пищевой и перерабатывающей промышленности | C34: =SUM(H34+L34+P34+T34+X34) -> 161426.86 | D34: =SUM(I34+M34+Q34+U34+Y34) -> 154016.5 | E34: =SUM(D34/C34*100) -> 95.409463 | F34: =SUM(K34+O34+S34+W34+AA34) -> 154016.5 | G34: =SUM(D34-F34) -> 0 | H34: =SUM([1]сх!D99) -> 17200 | J34: =SUM(I34/H34*100) -> 0 | L34: =SUM([1]сх!E99) -> 100210 | M34: 116531.5 | N34: =SUM(M34/L34*100) -> 116.2873 | O34: 116531.5 | P34: =SUM([1]сх!F99) -> 2376 | Q34: 76 | R34: =SUM(Q34/P34*100) -> 3.1986532 | S34: 76 | T34: 1850 | V34: =SUM(U34/T34*100) -> 0 | X34: 39790.86 | Y34: 37409 | AA34: 37409
B35: Развитие мелиорации сельскохозяйственных земель | C35: =SUM(H35+L35+P35+T35+X35) -> 0 | D35: =SUM(I35+M35+Q35+U35+Y35) -> 0 | F35: =SUM(K35+O35+S35+W35+AA35) -> 0 | G35: =SUM(D35-F35) -> 0
B36: Развитие традиционных отраслей Севера | C36: =SUM(H36+L36+P36+T36+X36) -> 2905 | D36: =SUM(I36+M36+Q36+U36+Y36) -> 1155 | E36: =SUM(D36/C36*100) -> 39.759036 | F36: =SUM(K36+O36+S36+W36+AA36) -> 1155 | G36: =SUM(D36-F36) -> 0 | H36: =SUM([1]сх!D112) -> 50 | J36: =SUM(I36/H36*100) -> 0 | L36: =SUM([1]сх!E112) -> 2555 | M36: 855 | N36: =SUM(M36/L36*100) -> 33.463796 | O36: 855 | P36: 300 | Q36: 300 | R36: =SUM(Q36/P36*100) -> 100 | S36: 300
B37: Устойчивое развитие сельских территорий | C37: =SUM(H37+L37+P37+T37+X37) -> 20800 | D37: =SUM(I37+M37+Q37+U37+Y37) -> 38552.63 | E37: =SUM(D37/C37*100) -> 185.34918 | F37: =SUM(K37+O37+S37+W37+AA37) -> 38552.63 | G37: =SUM(D37-F37) -> 0 | H37: =SUM([1]сх!D121) -> 9600 | I37: 14785.15 | J37: =SUM(I37/H37*100) -> 154.01198 | K37: 14785.15 | L37: =SUM([1]сх!E121) -> 11200 | M37: 10274.48 | N37: =SUM(M37/L37*100) -> 91.736429 | O37: 10274.48 | Y37: 13493 | AA37: 13493
B38: Создание общих условий функционирования сельского хозяйства | C38: =SUM(H38+L38+P38+T38+X38) -> 2000 | D38: =SUM(I38+M38+Q38+U38+Y38) -> 3382 | E38: =SUM(D38/C38*100) -> 169.1 | F38: =SUM(K38+O38+S38+W38+AA38) -> 3382 | G38: =SUM(D38-F38) -> 0 | H38: =SUM([1]сх!D123) -> 900 | J38: =SUM(I38/H38*100) -> 0 | L38: 1100 | M38: 3382 | N38: =SUM(M38/L38*100) -> 307.45455 | O38: 3382
B39: Кадровое обеспечение | C39: =SUM(H39+L39+P39+T39+X39) -> 150 | D39: =SUM(I39+M39+Q39+U39+Y39) -> 0 | E39: =SUM(D39/C39*100) -> 0 | F39: =SUM(K39+O39+S39+W39+AA39) -> 0 | G39: =SUM(D39-F39) -> 0 | L39: 150 | N39: =SUM(M39/L39*100) -> 0
B40: Развитие кооперации и малых форм хозяйствования на селе | C40: =SUM(H40+L40+P40+T40+X40) -> 37225 | D40: =SUM(I40+M40+Q40+U40+Y40) -> 9775 | E40: =SUM(D40/C40*100) -> 26.259234 | F40: =SUM(K40+O40+S40+W40+AA40) -> 9775 | G40: =SUM(D40-F40) -> 0 | H40: =SUM([1]сх!D129) -> 4425 | I40: 7412 | J40: =SUM(I40/H40*100) -> 167.50282 | K40: 7412 | L40: =SUM([1]сх!E129) -> 31800 | M40: 1088 | N40: =SUM(M40/L40*100) -> 3.4213836 | O40: 1088 | P40: 500 | R40: =SUM(Q40/P40*100) -> 0 | T40: 500 | V40: =SUM(U40/T40*100) -> 0 | Y40: 1275 | AA40: 1275
B41: Комплексное обустройство населенных пунктов, расположенных в сельской местности, объектами социальной и инженерной инфраструктуры | C41: =SUM(H41+L41+P41+T41+X41) -> 4700 | D41: =SUM(I41+M41+Q41+U41+Y41) -> 0 | E41: =SUM(D41/C41*100) -> 0 | F41: =SUM(K41+O41+S41+W41+AA41) -> 0 | G41: =SUM(D41-F41) -> 0 | H41: 200 | J41: =SUM(I41/H41*100) -> 0 | L41: =SUM([1]сх!E133) -> 1700 | N41: =SUM(M41/L41*100) -> 0 | P41: 1500 | R41: =SUM(Q41/P41*100) -> 0 | T41: 1100 | V41: =SUM(U41/T41*100) -> 0 | X41: 200 | Z41: =SUM(Y41/X41*100) -> 0
B42: Грантовая поддержка местных инициатив граждан, проживающих в сельской местности | C42: =SUM(H42+L42+P42+T42+X42) -> 8255.18 | D42: =SUM(I42+M42+Q42+U42+Y42) -> 0 | E42: =SUM(D42/C42*100) -> 0 | F42: =SUM(K42+O42+S42+W42+AA42) -> 0 | G42: =SUM(D42-F42) -> 0 | H42: =SUM([1]сх!D140) -> 1500 | J42: =SUM(I42/H42*100) -> 0 | L42: =SUM([1]сх!E140) -> 1500 | N42: =SUM(M42/L42*100) -> 0 | P42: 4105.18 | R42: =SUM(Q42/P42*100) -> 0 | T42: 750 | V42: =SUM(U42/T42*100) -> 0 | X42: 400 | Z42: =SUM(Y42/X42*100) -> 0
B43: Содержание МКУ "УСХ МР "Горный улус" | C43: =SUM(H43+L43+P43+T43+X43) -> 8180.4 | D43: =SUM(I43+M43+Q43+U43+Y43) -> 11548.87 | E43: =SUM(D43/C43*100) -> 141.17733 | F43: =SUM(K43+O43+S43+W43+AA43) -> 11548.87 | G43: =SUM(D43-F43) -> 0 | L43: 8180.4 | M43: 8806.47 | N43: =SUM(M43/L43*100) -> 107.65329 | O43: 8806.47 | Q43: 2742.4 | S43: 2742.4
A44: 6 | B44: Управление муниципальной собственностью муниципальном районе "Горный улус" на 2015-2017 годы | C44: =SUM(C45:C49) -> 3255.4 | D44: =SUM(D45:D49) -> 5968.33 | E44: =SUM(D44/C44*100) -> 183.3363 | F44: =SUM(K44+O44+S44+W44+AA44) -> 5968.33 | G44: =SUM(D44-F44) -> 0 | P44: =SUM(P45:P49) -> 3255.4 | Q44: =SUM(Q45:Q49) -> 3355.13 | R44: =SUM(Q44/P44*100) -> 103.06353 | S44: =SUM(S45:S49) -> 3355.13 | U44: =SUM(U45:U49) -> 2613.2 | W44: =SUM(W45:W49) -> 2613.2
B45: Управление программой | C45: =SUM(H45+L45+P45+T45+X45) -> 2605.4 | D45: =SUM(I45+M45+Q45+U45+Y45) -> 5318.33 | E45: =SUM(D45/C45*100) -> 204.1272 | F45: =SUM(K45+O45+S45+W45+AA45) -> 5318.33 | G45: =SUM(D45-F45) -> 0 | P45: 2605.4 | Q45: 2705.13 | R45: =SUM(Q45/P45*100) -> 103.82782 | S45: 2705.13 | U45: 2613.2 | W45: 2613.2
B46: Учет муниципального имущества и формирование муниципальной собственности на объекты капитального строительства | C46: =SUM(H46+L46+P46+T46+X46) -> 220 | D46: =SUM(I46+M46+Q46+U46+Y46) -> 216.33 | E46: =SUM(D46/C46*100) -> 98.331818 | F46: =SUM(K46+O46+S46+W46+AA46) -> 216.33 | G46: =SUM(D46-F46) -> 0 | P46: 220 | Q46: 216.33 | R46: =SUM(Q46/P46*100) -> 98.331818 | S46: 216.33
B47: Управление муниципальным имуществом | C47: =SUM(H47+L47+P47+T47+X47) -> 280 | D47: =SUM(I47+M47+Q47+U47+Y47) -> 273.17 | E47: =SUM(D47/C47*100) -> 97.560714 | F47: =SUM(K47+O47+S47+W47+AA47) -> 273.17 | G47: =SUM(D47-F47) -> 0 | P47: 280 | Q47: 273.17 | R47: =SUM(Q47/P47*100) -> 97.560714 | S47: 273.17
B48: Формирование муниципальной собственности на землю | C48: =SUM(H48+L48+P48+T48+X48) -> 100 | D48: =SUM(I48+M48+Q48+U48+Y48) -> 0 | E48: =SUM(D48/C48*100) -> 0 | F48: =SUM(K48+O48+S48+W48+AA48) -> 0 | G48: =SUM(D48-F48) -> 0 | P48: 100 | R48: =SUM(Q48/P48*100) -> 0
B49: Организация учета использования земель в МР "Горный улус" | C49: =SUM(H49+L49+P49+T49+X49) -> 50 | D49: =SUM(I49+M49+Q49+U49+Y49) -> 160.5 | E49: =SUM(D49/C49*100) -> 321 | F49: =SUM(K49+O49+S49+W49+AA49) -> 160.5 | G49: =SUM(D49-F49) -> 0 | P49: 50 | Q49: 160.5 | R49: =SUM(Q49/P49*100) -> 321 | S49: 160.5
A50: 7 | B50: Развитие предпринимательства и туризма в Горном улусе в МР "Горный улус" на 2012-2017 годы | C50: =SUM(C51:C62) -> 7337.35 | D50: =SUM(D51:D62) -> 6042.69 | E50: =SUM(D50/C50*100) -> 82.35521 | F50: =SUM(K50+O50+S50+W50+AA50) -> 5770.23 | G50: =SUM(D50-F50) -> 272.46 | L50: =SUM(L51:L62) -> 1334.35 | N50: =SUM(M50/L50*100) -> 0 | P50: =SUM(P51:P62) -> 6003 | Q50: =SUM(Q51:Q62) -> 5442.69 | R50: =SUM(Q50/P50*100) -> 90.666167 | S50: =SUM(S51:S62) -> 5170.23 | U50: =SUM(U51:U62) -> 600 | W50: =SUM(W51:W62) -> 600
B51: Предоставление грантов начинающим субъектам малого предпринимательства | C51: =SUM(H51+L51+P51+T51+X51) -> 200 | D51: =SUM(I51+M51+Q51+U51+Y51) -> 0.126 | E51: =SUM(D51/C51*100) -> 0.063 | F51: =SUM(K51+O51+S51+W51+AA51) -> 0.13 | G51: =SUM(D51-F51) -> -0.004 | P51: 200 | Q51: 0.126 | R51: =SUM(Q51/P51*100) -> 0.063 | S51: 0.13
B52: Поддержка местных товаропроизводителей | C52: =SUM(H52+L52+P52+T52+X52) -> 0 | D52: =SUM(I52+M52+Q52+U52+Y52) -> 289.52 | F52: =SUM(K52+O52+S52+W52+AA52) -> 289.52 | G52: =SUM(D52-F52) -> 0 | U52: 289.52 | W52: 289.52
B53: Поддержка социально-значимых услуг | C53: =SUM(H53+L53+P53+T53+X53) -> 1234.35 | D53: =SUM(I53+M53+Q53+U53+Y53) -> 310.48 | E53: =SUM(D53/C53*100) -> 25.15332 | F53: =SUM(K53+O53+S53+W53+AA53) -> 310.48 | G53: =SUM(D53-F53) -> 0 | L53: 1234.35 | N53: =SUM(M53/L53*100) -> 0 | U53: 310.48 | W53: 310.48
B54: Создание и (или) обеспечение деятельности инфраструктуры поддержки предпринимательства | C54: =SUM(H54+L54+P54+T54+X54) -> 4361.9 | D54: =SUM(I54+M54+Q54+U54+Y54) -> 4104.544 | E54: =SUM(D54/C54*100) -> 94.099911 | F54: =SUM(K54+O54+S54+W54+AA54) -> 3832.08 | G54: =SUM(D54-F54) -> 272.464 | P54: 4361.9 | Q54: 4104.544 | R54: =SUM(Q54/P54*100) -> 94.099911 | S54: 3832.08
B55: Организация массовых программ обучения | C55: =SUM(H55+L55+P55+T55+X55) -> 141.1 | D55: =SUM(I55+M55+Q55+U55+Y55) -> 0 | E55: =SUM(D55/C55*100) -> 0 | F55: =SUM(K55+O55+S55+W55+AA55) -> 0 | G55: =SUM(D55-F55) -> 0 | L55: 100 | N55: =SUM(M55/L55*100) -> 0 | P55: 41.1 | R55: =SUM(Q55/P55*100) -> 0
B56: Развитие туризма | C56: =SUM(H56+L56+P56+T56+X56) -> 400 | D56: =SUM(I56+M56+Q56+U56+Y56) -> 0.02 | E56: =SUM(D56/C56*100) -> 0.005 | F56: =SUM(K56+O56+S56+W56+AA56) -> 0.02 | G56: =SUM(D56-F56) -> 0 | P56: 400 | Q56: 0.02 | R56: =SUM(Q56/P56*100) -> 0.005 | S56: 0.02
B57: Софинансирование муниипальных инвестиционных проектов | C57: =SUM(H57+L57+P57+T57+X57) -> 0 | D57: =SUM(I57+M57+Q57+U57+Y57) -> 0 | F57: =SUM(K57+O57+S57+W57+AA57) -> 0 | G57: =SUM(D57-F57) -> 0
B58: Создание бизнес инкубатора в с. Бердигестях | C58: =SUM(H58+L58+P58+T58+X58) -> 0 | D58: =SUM(I58+M58+Q58+U58+Y58) -> 0 | F58: =SUM(K58+O58+S58+W58+AA58) -> 0 | G58: =SUM(D58-F58) -> 0
B59: Мероприятия по проведению Года предпринимательства в Горном улусе | C59: =SUM(H59+L59+P59+T59+X59) -> 0 | D59: =SUM(I59+M59+Q59+U59+Y59) -> 0 | F59: =SUM(K59+O59+S59+W59+AA59) -> 0 | G59: =SUM(D59-F59) -> 0
B60: Предоставление микрокредитов субъектам малого и среднего предпринимательства | C60: =SUM(H60+L60+P60+T60+X60) -> 1000 | D60: =SUM(I60+M60+Q60+U60+Y60) -> 1323 | E60: =SUM(D60/C60*100) -> 132.3 | F60: =SUM(K60+O60+S60+W60+AA60) -> 1323 | G60: =SUM(D60-F60) -> 0 | P60: 1000 | Q60: 1323 | R60: =SUM(Q60/P60*100) -> 132.3 | S60: 1323
B61: Поддержка субъектов малого и среднего предпринимательства на организацию групп дневного времяпровождения детей дошкольного возраста и иных подобных им видов деятельности по уходу и присмотру за детьми | C61: =SUM(H61+L61+P61+T61+X61) -> 0 | D61: =SUM(I61+M61+Q61+U61+Y61) -> 0 | F61: =SUM(K61+O61+S61+W61+AA61) -> 0 | G61: =SUM(D61-F61) -> 0
B62: Формирование положительного образа предпринимателя, популяризация роли предпринимательства | C62: =SUM(H62+L62+P62+T62+X62) -> 0 | D62: =SUM(I62+M62+Q62+U62+Y62) -> 15 | F62: =SUM(K62+O62+S62+W62+AA62) -> 15 | G62: =SUM(D62-F62) -> 0 | Q62: 15 | S62: 15
A63: 8 | B63: Развитие информационного общества на территории муниципального района "Горный улус" на 2014-2017 годы | C63: =SUM(C64:C65) -> 1389.9 | D63: =SUM(D64:D65) -> 1295.65 | E63: =SUM(D63/C63*100) -> 93.218937 | F63: =SUM(K63+O63+S63+W63+AA63) -> 1295.65 | G63: =SUM(D63-F63) -> 0 | L63: =SUM(L64:L65) -> 0 | M63: =SUM(M64:M65) -> 0 | P63: 1389.9 | Q63: 1295.65 | R63: =SUM(Q63/P63*100) -> 93.218937 | S63: 1295.65
B64: Формирование единого пространства электронного взаимодействия органов государственной власти и органов местного самоуправления,и повышение качества предоставления муниципальных услуг на основе использования информационных и телекоммуникационных технологий | C64: =SUM(H64+L64+P64+T64+X64) -> 0 | D64: =SUM(I64+M64+Q64+U64+Y64) -> 40 | F64: =SUM(K64+O64+S64+W64+AA64) -> 40 | G64: =SUM(D64-F64) -> 0 | Q64: 40 | S64: 40
B65: Обеспечение наибольшей открытости информации об органах местного самоуправления МР «Горный улус» и информирование населения о деятельности органов местного самоуправления МР «Горный улус», формирование позитивного имиджа органов местного самоуправления МР «Горный улус» | C65: =SUM(H65+L65+P65+T65+X65) -> 1389.9 | D65: =SUM(I65+M65+Q65+U65+Y65) -> 1255.65 | E65: =SUM(D65/C65*100) -> 90.341032 | F65: =SUM(K65+O65+S65+W65+AA65) -> 1255.65 | G65: =SUM(D65-F65) -> 0 | P65: 1389.9 | Q65: 1255.65 | R65: =SUM(Q65/P65*100) -> 90.341032 | S65: 1255.65
A66: 9 | B66: Повышение эффективности бюджетных расходов МР "Горный улус" на 2011-2013годы (2014 год) | C66: =SUM(C67:C70) -> 500 | D66: =SUM(M66+Q66) -> 1520.928 | E66: =SUM(D66/C66*100) -> 304.1856 | F66: =SUM(K66+O66+S66+W66+AA66) -> 1512.448 | G66: =SUM(D66-F66) -> 8.48 | M66: 1020.928 | O66: 1020.928 | P66: 500 | Q66: =SUM(Q67:Q71) -> 500 | R66: =SUM(Q66/P66*100) -> 100 | S66: =SUM(S67:S71) -> 491.52
B67: Участие в серии семинаров для работников в области управления муниципальными закупками | C67: =SUM(H67+L67+P67+T67+X67) -> 0 | D67: =SUM(I67+M67+Q67+U67+Y67) -> 220 | F67: =SUM(K67+O67+S67+W67+AA67) -> 211.52 | G67: =SUM(D67-F67) -> 8.48 | Q67: 220 | S67: 211.52
B68: Проведение экспертизы проектов новых муниципальных программ, предлагаемых к реализации | C68: =SUM(H68+L68+P68+T68+X68) -> 500 | D68: =SUM(I68+M68+Q68+U68+Y68) -> 0 | E68: =SUM(D68/C68*100) -> 0 | F68: =SUM(K68+O68+S68+W68+AA68) -> 0 | G68: =SUM(D68-F68) -> 0 | P68: 500 | R68: =SUM(Q68/P68*100) -> 0
B69: Обеспечение открытости и доступности информации о деятельности органов местного самоуправления, формируемых ими информационных ресурсах и обеспечение свободного доступа через сеть | C69: =SUM(H69+L69+P69+T69+X69) -> 0 | D69: =SUM(I69+M69+Q69+U69+Y69) -> 50 | F69: =SUM(K69+O69+S69+W69+AA69) -> 50 | G69: =SUM(D69-F69) -> 0 | Q69: 50 | S69: 50
B70: Совершенствование системы мониторинга и оценки качества управления муниципальными финансами (финансового менеджмента) | C70: =SUM(H70+L70+P70+T70+X70) -> 0 | D70: =SUM(I70+M70+Q70+U70+Y70) -> 130 | F70: =SUM(K70+O70+S70+W70+AA70) -> 130 | G70: =SUM(D70-F70) -> 0 | Q70: 130 | S70: 130
B71: Проведение экспертизы проектов новых муниципальных программ, предлагаемых к реализации | D71: =SUM(I71+M71+Q71+U71+Y71) -> 100 | F71: =SUM(K71+O71+S71+W71+AA71) -> 100 | G71: =SUM(D71-F71) -> 0 | Q71: 100 | S71: 100
A72: 10 | B72: Развитие муниципальной службы в Горном улусе на 2012-2017 годы | C72: =SUM(C73:C76) -> 175 | D72: =SUM(D73:D76) -> 175 | E72: =SUM(D72/C72*100) -> 100 | F72: =SUM(K72+O72+S72+W72+AA72) -> 174.726 | G72: =SUM(D72-F72) -> 0.274 | P72: 175 | Q72: =SUM(Q73:Q76) -> 175 | R72: =SUM(Q72/P72*100) -> 100 | S72: =SUM(S73:S76) -> 174.726
B73: Аттестация муниципальных служащих | C73: =SUM(H73+L73+P73+T73+X73) -> 0 | D73: =SUM(I73+M73+Q73+U73+Y73) -> 36.272 | F73: =SUM(K73+O73+S73+W73+AA73) -> 35.998 | G73: =SUM(D73-F73) -> 0.274 | Q73: 36.272 | S73: 35.998
B74: Повышение квалификации | C74: =SUM(H74+L74+P74+T74+X74) -> 86.68 | D74: =SUM(I74+M74+Q74+U74+Y74) -> 4.608 | E74: =SUM(D74/C74*100) -> 5.3161052 | F74: =SUM(K74+O74+S74+W74+AA74) -> 4.608 | G74: =SUM(D74-F74) -> 0 | P74: 86.68 | Q74: 4.608 | R74: =SUM(Q74/P74*100) -> 5.3161052 | S74: 4.608
B75: Профессиональная переподготовка | C75: =SUM(H75+L75+P75+T75+X75) -> 88.32 | D75: =SUM(I75+M75+Q75+U75+Y75) -> 58.88 | E75: =SUM(D75/C75*100) -> 66.666667 | F75: =SUM(K75+O75+S75+W75+AA75) -> 58.88 | G75: =SUM(D75-F75) -> 0 | P75: 88.32 | Q75: 58.88 | R75: =SUM(Q75/P75*100) -> 66.666667 | S75: 58.88
B76: Проведение социологического опроса населения Горного улуса | C76: =SUM(H76+L76+P76+T76+X76) -> 0 | D76: =SUM(I76+M76+Q76+U76+Y76) -> 75.24 | F76: =SUM(K76+O76+S76+W76+AA76) -> 75.24 | G76: =SUM(D76-F76) -> 0 | Q76: 75.24 | S76: 75.24
A77: 11 | B77: Охрана труда в Горном улусе на 2014-2017гг. | C77: =SUM(C78:C81) -> 3432 | D77: =SUM(D78:D81) -> 4962.51 | E77: =SUM(D77/C77*100) -> 144.59528 | F77: =SUM(K77+O77+S77+W77+AA77) -> 4962.51 | G77: =SUM(D77-F77) -> 0 | P77: =SUM(P78:P81) -> 400 | Q77: =SUM(Q78:Q81) -> 404.5 | R77: =SUM(Q77/P77*100) -> 101.125 | S77: =SUM(S78:S81) -> 404.5 | X77: =SUM(X78:X81) -> 3032 | Y77: =SUM(Y78:Y81) -> 4558.01 | Z77: =SUM(Y77/X77*100) -> 150.33015 | AA77: =SUM(AA78:AA81) -> 4558.01
B78: Непрерывная подготовка работников по охране труда | C78: =SUM(H78+L78+P78+T78+X78) -> 200 | D78: =SUM(I78+M78+Q78+U78+Y78) -> 323.8 | E78: =SUM(D78/C78*100) -> 161.9 | F78: =SUM(K78+O78+S78+W78+AA78) -> 323.8 | G78: =SUM(D78-F78) -> 0 | X78: 200 | Y78: 323.8 | Z78: =SUM(Y78/X78*100) -> 161.9 | AA78: 323.8
B79: Информационное обеспечение и пропаганда охраны труда | C79: =SUM(H79+L79+P79+T79+X79) -> 517 | D79: =SUM(I79+M79+Q79+U79+Y79) -> 15 | E79: =SUM(D79/C79*100) -> 2.901354 | F79: =SUM(K79+O79+S79+W79+AA79) -> 15 | G79: =SUM(D79-F79) -> 0 | P79: 400 | Q79: 15 | R79: =SUM(Q79/P79*100) -> 3.75 | S79: 15 | X79: 117 | Z79: =SUM(Y79/X79*100) -> 0
B80: Управление профессиональными рисками | C80: =SUM(H80+L80+P80+T80+X80) -> 1895 | D80: =SUM(I80+M80+Q80+U80+Y80) -> 2694.4 | E80: =SUM(D80/C80*100) -> 142.1847 | F80: =SUM(K80+O80+S80+W80+AA80) -> 2694.4 | G80: =SUM(D80-F80) -> 0 | Q80: 389.5 | S80: 389.5 | X80: 1895 | Y80: 2304.9 | Z80: =SUM(Y80/X80*100) -> 121.63061 | AA80: 2304.9
B81: Лечебно-профилактические мероприятия | C81: =SUM(H81+L81+P81+T81+X81) -> 820 | D81: =SUM(I81+M81+Q81+U81+Y81) -> 1929.31 | E81: =SUM(D81/C81*100) -> 235.28171 | F81: =SUM(K81+O81+S81+W81+AA81) -> 1929.31 | G81: =SUM(D81-F81) -> 0 | X81: 820 | Y81: 1929.31 | Z81: =SUM(Y81/X81*100) -> 235.28171 | AA81: 1929.31
A82: 12 | B82: Старшее поколение на 2014-2017 годы | C82: =SUM(C83:C85) -> 2045 | D82: =SUM(D83:D85) -> 1699 | E82: =SUM(D82/C82*100) -> 83.080685 | F82: =SUM(K82+O82+S82+W82+AA82) -> 1699 | G82: =SUM(D82-F82) -> 0 | L82: 360 | M82: 300 | N82: =SUM(M82/L82*100) -> 83.333333 | O82: 300 | P82: =SUM(P83:P85) -> 1000 | Q82: =SUM(Q83:Q85) -> 1049 | R82: =SUM(Q82/P82*100) -> 104.9 | S82: =SUM(S83:S85) -> 1049 | T82: =SUM(T83:T85) -> 485 | U82: =SUM(U83:U85) -> 350 | V82: =SUM(U82/T82*100) -> 72.164948 | W82: =SUM(W83:W85) -> 350 | X82: 200 | Z82: =SUM(Y82/X82*100) -> 0
B83: Социальная защита прав и интересов старшего поколения | C83: =SUM(H83+L83+P83+T83+X83) -> 475 | D83: =SUM(I83+M83+Q83+U83+Y83) -> 359 | E83: =SUM(D83/C83*100) -> 75.578947 | F83: =SUM(K83+O83+S83+W83+AA83) -> 359 | G83: =SUM(D83-F83) -> 0 | P83: 210 | Q83: 359 | R83: =SUM(Q83/P83*100) -> 170.95238 | S83: 359 | T83: 65 | V83: =SUM(U83/T83*100) -> 0 | X83: 200 | Z83: =SUM(Y83/X83*100) -> 0
B84: Поддержка деятельности общественных организаций ветеранов | C84: =SUM(H84+L84+P84+T84+X84) -> 370 | D84: =SUM(I84+M84+Q84+U84+Y84) -> 340 | E84: =SUM(D84/C84*100) -> 91.891892 | F84: =SUM(K84+O84+S84+W84+AA84) -> 340 | G84: =SUM(D84-F84) -> 0 | P84: 370 | Q84: 340 | R84: =SUM(Q84/P84*100) -> 91.891892 | S84: 340
B85: Улучшение жилищных условий ветеранов тыла | C85: =SUM(H85+L85+P85+T85+X85) -> 1200 | D85: =SUM(I85+M85+Q85+U85+Y85) -> 1000 | E85: =SUM(D85/C85*100) -> 83.333333 | F85: =SUM(K85+O85+S85+W85+AA85) -> 1000 | G85: =SUM(D85-F85) -> 0 | L85: 360 | M85: 300 | N85: =SUM(M85/L85*100) -> 83.333333 | O85: 300 | P85: 420 | Q85: 350 | R85: =SUM(Q85/P85*100) -> 83.333333 | S85: 350 | T85: 420 | U85: 350 | V85: =SUM(U85/T85*100) -> 83.333333 | W85: 350
A86: 13 | B86: Обеспечение безбарьерной среды жизнедеятельности инвалидов в Горном улусе на 2012 - 2017 годы | C86: =SUM(C87:C91) -> 246.9 | D86: =SUM(D87:D91) -> 569.765 | E86: =SUM(D86/C86*100) -> 230.76752 | F86: =SUM(K86+O86+S86+W86+AA86) -> 394.265 | G86: =SUM(D86-F86) -> 175.5 | L86: =SUM(L87:L91) -> 250.6 | M86: =SUM(M87:M91) -> 323.48 | N86: =SUM(M86/L86*100) -> 129.0822 | O86: =SUM(O87:O91) -> 147.98 | P86: =SUM(P87:P91) -> 0 | Q86: =SUM(Q87:Q91) -> 246.285 | S86: =SUM(S87:S91) -> 246.285
B87: Установление муниципальных льгот инвалидам и детям инвалидам | C87: =SUM(H87+L87+P87+T87+X87) -> 100 | D87: =SUM(I87+M87+Q87+U87+Y87) -> 0 | E87: =SUM(D87/C87*100) -> 0 | F87: =SUM(K87+O87+S87+W87+AA87) -> 0 | G87: =SUM(D87-F87) -> 0 | L87: 100 | N87: =SUM(M87/L87*100) -> 0
B88: Спортивно-культурные мероприятия для инвалидов | C88: 61 | D88: =SUM(I88+M88+Q88+U88+Y88) -> 94.04 | E88: =SUM(D88/C88*100) -> 154.16393 | F88: =SUM(K88+O88+S88+W88+AA88) -> 94.04 | G88: =SUM(D88-F88) -> 0 | L88: 70 | N88: =SUM(M88/L88*100) -> 0 | Q88: 94.04 | S88: 94.04
B89: Поддержка творческих способностей инвалидов | C89: 20 | D89: =SUM(I89+M89+Q89+U89+Y89) -> 48.3 | E89: =SUM(D89/C89*100) -> 241.5 | F89: =SUM(K89+O89+S89+W89+AA89) -> 48.3 | G89: =SUM(D89-F89) -> 0 | L89: 15 | N89: =SUM(M89/L89*100) -> 0 | Q89: 48.3 | S89: 48.3
B90: Улусные мероприятия для инвалидов | C90: 65.9 | D90: =SUM(I90+M90+Q90+U90+Y90) -> 58.738 | E90: =SUM(D90/C90*100) -> 89.132018 | F90: =SUM(K90+O90+S90+W90+AA90) -> 58.738 | G90: =SUM(D90-F90) -> 0 | L90: 65.6 | N90: =SUM(M90/L90*100) -> 0 | Q90: 58.738 | S90: 58.738
B91: Обеспечение доступности инвалидов (Приобретение мобильного переносного подъемника) | C91: =SUM(H91+L91+P91+T91+X91) -> 0 | D91: =SUM(I91+M91+Q91+U91+Y91) -> 368.687 | F91: =SUM(K91+O91+S91+W91+AA91) -> 193.187 | G91: =SUM(D91-F91) -> 175.5 | M91: 323.48 | O91: 147.98 | Q91: 45.207 | S91: 45.207
A92: 14 | B92: Семейная политика в Горном улусе на 2012-2017 годы | C92: =SUM(C93:C97) -> 895 | D92: =SUM(D93:D97) -> 1080.01 | E92: =SUM(D92/C92*100) -> 120.67151 | F92: =SUM(K92+O92+S92+W92+AA92) -> 1080.01 | G92: =SUM(D92-F92) -> 0 | L92: =SUM(L93:L97) -> 0 | M92: =SUM(M93:M97) -> 0 | P92: =SUM(P93:P97) -> 895 | Q92: =SUM(Q93:Q97) -> 1080.01 | R92: =SUM(Q92/P92*100) -> 120.67151 | S92: =SUM(S93:S97) -> 1080.01
B93: Улучшение демографичесской ситуации | C93: =SUM(H93+L93+P93+T93+X93) -> 220 | D93: =SUM(I93+M93+Q93+U93+Y93) -> 309.73 | E93: =SUM(D93/C93*100) -> 140.78636 | F93: =SUM(K93+O93+S93+W93+AA93) -> 309.73 | G93: =SUM(D93-F93) -> 0 | P93: 220 | Q93: 309.73 | R93: =SUM(Q93/P93*100) -> 140.78636 | S93: 309.73
B94: Укрепление института семьи, возрождение и сохранение духовно-нравственных традиций семейных отношени | C94: =SUM(H94+L94+P94+T94+X94) -> 235 | D94: =SUM(I94+M94+Q94+U94+Y94) -> 196.72 | E94: =SUM(D94/C94*100) -> 83.710638 | F94: =SUM(K94+O94+S94+W94+AA94) -> 196.72 | G94: =SUM(D94-F94) -> 0 | P94: 235 | Q94: 196.72 | R94: =SUM(Q94/P94*100) -> 83.710638 | S94: 196.72
B95: Профилактика семейного неблагополучия и социального сиротства детей | C95: =SUM(H95+L95+P95+T95+X95) -> 160 | D95: =SUM(I95+M95+Q95+U95+Y95) -> 66.93 | E95: =SUM(D95/C95*100) -> 41.83125 | F95: =SUM(K95+O95+S95+W95+AA95) -> 66.93 | G95: =SUM(D95-F95) -> 0 | P95: 160 | Q95: 66.93 | R95: =SUM(Q95/P95*100) -> 41.83125 | S95: 66.93
B96: Поддержка и создание условий для пропаганды семейной политики и ЗОЖ | C96: =SUM(H96+L96+P96+T96+X96) -> 195 | D96: =SUM(I96+M96+Q96+U96+Y96) -> 296.09 | E96: =SUM(D96/C96*100) -> 151.84103 | F96: =SUM(K96+O96+S96+W96+AA96) -> 296.09 | G96: =SUM(D96-F96) -> 0 | P96: 195 | Q96: 296.09 | R96: =SUM(Q96/P96*100) -> 151.84103 | S96: 296.09
B97: Повышение качества жизни малоимущих семей | C97: =SUM(H97+L97+P97+T97+X97) -> 85 | D97: =SUM(I97+M97+Q97+U97+Y97) -> 210.54 | E97: =SUM(D97/C97*100) -> 247.69412 | F97: =SUM(K97+O97+S97+W97+AA97) -> 210.54 | G97: =SUM(D97-F97) -> 0 | P97: 85 | Q97: 210.54 | R97: =SUM(Q97/P97*100) -> 247.69412 | S97: 210.54
A98: 15 | B98: Профилактика безнадзорности и правонарушений несовершеннолетних на территории Горного улуса на 2012-2017 годы | C98: =SUM(C99:C100) -> 500 | D98: =SUM(D99:D100) -> 500 | E98: =SUM(D98/C98*100) -> 100 | F98: =SUM(K98+O98+S98+W98+AA98) -> 500 | G98: =SUM(D98-F98) -> 0 | P98: =SUM(P99:P100) -> 500 | Q98: =SUM(Q99:Q100) -> 500 | R98: =SUM(Q98/P98*100) -> 100 | S98: =SUM(S99:S100) -> 500
B99: Организационно – управленческое и правовое обеспечение | C99: =SUM(H99+L99+P99+T99+X99) -> 10 | D99: =SUM(I99+M99+Q99+U99+Y99) -> 10 | E99: =SUM(D99/C99*100) -> 100 | F99: =SUM(K99+O99+S99+W99+AA99) -> 10 | G99: =SUM(D99-F99) -> 0 | P99: 10 | Q99: 10 | R99: =SUM(Q99/P99*100) -> 100 | S99: 10
B100: Социальная адаптация, реабилитация и организация досуга несовершеннолетних | C100: =SUM(H100+L100+P100+T100+X100) -> 490 | D100: =SUM(I100+M100+Q100+U100+Y100) -> 490 | E100: =SUM(D100/C100*100) -> 100 | F100: =SUM(K100+O100+S100+W100+AA100) -> 490 | G100: =SUM(D100-F100) -> 0 | P100: 490 | Q100: 490 | R100: =SUM(Q100/P100*100) -> 100 | S100: 490
A101: 16 | B101: Молодежь Горного улуса РС (Я) на 2012-2017 годы | C101: =SUM(C102:C106) -> 3285 | D101: =SUM(D102:D106) -> 1594.9 | E101: =SUM(D101/C101*100) -> 48.550989 | F101: =SUM(K101+O101+S101+W101+AA101) -> 1594.9 | G101: =SUM(D101-F101) -> 0 | L101: =SUM(L102:L106) -> 1055 | M101: =SUM(M102:M106) -> 245.7 | N101: =SUM(M101/L101*100) -> 23.2891 | O101: =SUM(O102:O106) -> 245.7 | P101: =SUM(P102:P106) -> 1620 | Q101: =SUM(Q102:Q106) -> 1349.2 | R101: =SUM(Q101/P101*100) -> 83.283951 | S101: =SUM(S102:S106) -> 1349.2
...

Sheet Лист2
D1: Финансирование муниципальных программ за 2017год по МР "Горный улус"
C3: всего | H3: федеральный бюджет | L3: гоусдарственный бюджет | P3: мр | T3: мо | X3: внебюджетные средсвта
C4: план | D4: факт | E4: % | F4: кассовый расход | G4: остаток | H4: план | I4: факт | J4: % | K4: кассовый расход | L4: план | M4: факт | N4: % | O4: кассовый расход | P4: план | Q4: факт | R4: % | S4: кассовый расход | T4: план | U4: факт | V4: % | W4: кассовый расход | X4: план | Y4: факт | Z4: % | AA4: кассовый расход
A5: 1 | B5: Развития образования в МР "Горный улус" на 2012-2017 годы | C5: =SUM(C6:C10) -> 905209.3 | D5: =SUM(D6:D10) -> 950501.1 | E5: =SUM(D5/C5*100) -> 105.00346 | F5: =SUM(K5+O5+S5+W5+AA5) -> 950501.1 | G5: =SUM(D5-F5) -> 0 | H5: =SUM(H6:H10) -> 3606.7 | I5: =SUM(I6:I10) -> 3606.7 | J5: =SUM(I5/H5*100) -> 100 | K5: =SUM(K6:K10) -> 3606.7 | L5: =SUM(L6:L10) -> 480486.2 | M5: =SUM(M6:M10) -> 519308.5 | N5: =SUM(M5/L5*100) -> 108.0798 | O5: =SUM(O6:O10) -> 519308.5 | P5: =SUM(P6:P10) -> 406447.6 | Q5: =SUM(Q6:Q10) -> 412431.7 | R5: =SUM(Q5/P5*100) -> 101.47229 | S5: =SUM(S6:S10) -> 412431.7 | X5: =SUM(X6:X10) -> 14668.8 | Y5: =SUM(Y6:Y10) -> 15154.2 | Z5: =SUM(Y5/X5*100) -> 103.30906 | AA5: =SUM(AA6:AA10) -> 15154.2
B6: Совершенствование дошкольного образования | C6: =SUM(H6+L6+P6+T6+X6) -> 285040.8 | D6: =SUM(I6+M6+Q6+U6+Y6) -> 281240 | E6: =SUM(D6/C6*100) -> 98.666577 | F6: =SUM(K6+O6+S6+W6+AA6) -> 281240 | G6: =SUM(D6-F6) -> 0 | L6: 152109 | M6: 155352.3 | N6: =SUM(M6/L6*100) -> 102.13222 | O6: 155352.3 | P6: 120203.8 | Q6: 113748.2 | R6: =SUM(Q6/P6*100) -> 94.629454 | S6: 113748.2 | X6: 12728 | Y6: 12139.5 | Z6: =SUM(Y6/X6*100) -> 95.376336 | AA6: 12139.5
B7: Совершенствование общего образования | C7: =SUM(H7+L7+P7+T7+X7) -> 512394.8 | D7: =SUM(I7+M7+Q7+U7+Y7) -> 544539.6 | E7: =SUM(D7/C7*100) -> 106.27344 | F7: =SUM(K7+O7+S7+W7+AA7) -> 544539.6 | G7: =SUM(D7-F7) -> 0 | H7: 2925.4 | I7: 2925.4 | J7: =SUM(I7/H7*100) -> 100 | K7: 2925.4 | L7: 323476.9 | M7: 350646.9 | N7: =SUM(M7/L7*100) -> 108.39936 | O7: 350646.9 | P7: 184289.7 | Q7: 188272.1 | R7: =SUM(Q7/P7*100) -> 102.16095 | S7: 188272.1 | X7: 1702.8 | Y7: 2695.2 | Z7: =SUM(Y7/X7*100) -> 158.28048 | AA7: 2695.2
B8: Совершенствование дополнительного образования | C8: =SUM(H8+L8+P8+T8+X8) -> 63373.6 | D8: =SUM(I8+M8+Q8+U8+Y8) -> 66342.2 | E8: =SUM(D8/C8*100) -> 104.68428 | F8: =SUM(K8+O8+S8+W8+AA8) -> 66342.2 | G8: =SUM(D8-F8) -> 0 | H8: 681.3 | I8: 681.3 | J8: =SUM(I8/H8*100) -> 100 | K8: 681.3 | L8: 1002.3 | M8: 5286 | N8: =SUM(M8/L8*100) -> 527.38701 | O8: 5286 | P8: 61572 | Q8: 60354.9 | R8: =SUM(Q8/P8*100) -> 98.02329 | S8: 60354.9 | X8: 118 | Y8: 20 | Z8: =SUM(Y8/X8*100) -> 16.949153 | AA8: 20
B9: Совершенствование ресурсного обеспечения системы образования | C9: =SUM(H9+L9+P9+T9+X9) -> 38802.1 | D9: =SUM(I9+M9+Q9+U9+Y9) -> 52320 | E9: =SUM(D9/C9*100) -> 134.83806 | F9: =SUM(K9+O9+S9+W9+AA9) -> 52320 | G9: =SUM(D9-F9) -> 0 | M9: 4125.3 | O9: 4125.3 | P9: 38682.1 | Q9: 47895.2 | R9: =SUM(Q9/P9*100) -> 123.81748 | S9: 47895.2 | X9: 120 | Y9: 299.5 | Z9: =SUM(Y9/X9*100) -> 249.58333 | AA9: 299.5
B10: Обеспечение доступности полноценного (качественного) отдыха и оздоровления детей | C10: =SUM(H10+L10+P10+T10+X10) -> 5598 | D10: =SUM(I10+M10+Q10+U10+Y10) -> 6059.3 | E10: =SUM(D10/C10*100) -> 108.24044 | F10: =SUM(K10+O10+S10+W10+AA10) -> 6059.3 | G10: =SUM(D10-F10) -> 0 | L10: 3898 | M10: 3898 | N10: =SUM(M10/L10*100) -> 100 | O10: 3898 | P10: 1700 | Q10: 2161.3 | R10: =SUM(Q10/P10*100) -> 127.13529 | S10: 2161.3
A11: 2 | B11: Создание условий для духовно-культурного развития граждан в МР "Горный улус" на 2012-2017 годы | C11: =SUM(C12:C15) -> 89681.4 | D11: =SUM(D12:D15) -> 96021.362 | E11: =SUM(D11/C11*100) -> 107.06943 | F11: =SUM(K11+O11+S11+W11+AA11) -> 91064.397 | G11: =SUM(D11-F11) -> 4956.9643 | I11: 168.6 | M11: =SUM(M12:M15) -> 1558.8 | P11: =SUM(P12:P15) -> 41596 | Q11: =SUM(Q12:Q15) -> 41212.462 | R11: =SUM(Q11/P11*100) -> 99.077944 | S11: =SUM(S12:S15) -> 40974.997 | T11: =SUM(T12:T15) -> 47085.4 | U11: =SUM(U12:U15) -> 50089.4 | V11: =SUM(U11/T11*100) -> 106.3799 | W11: =SUM(W12:W15) -> 50089.4 | Y11: =SUM(Y12:Y15) -> 3160.7 | AA11: =SUM(AA12:AA15) -> 0
B12: Стратегическое направление "Управление программой" | C12: =SUM(H12+L12+P12+T12+X12) -> 8401 | D12: =SUM(I12+M12+Q12+U12+Y12) -> 8648.4917 | E12: =SUM(D12/C12*100) -> 102.94598 | F12: =SUM(K12+O12+S12+W12+AA12) -> 8411.0274 | G12: =SUM(D12-F12) -> 237.46433 | P12: 8401 | Q12: 8648.4917 | R12: =SUM(Q12/P12*100) -> 102.94598 | S12: 8411.0274
B13: Развитие народного творчества и культурно - досуговой деятельности Горного улуса | C13: 52148.4 | D13: =SUM(I13+M13+Q13+U13+Y13) -> 54505.52 | E13: =SUM(D13/C13*100) -> 104.52002 | F13: =SUM(K13+O13+S13+W13+AA13) -> 50815.42 | G13: =SUM(D13-F13) -> 3690.1 | M13: 1107.9 | O13: 480 | P13: 13199 | Q13: 11717.72 | R13: =SUM(Q13/P13*100) -> 88.777332 | S13: 11717.72 | T13: 37949.4 | U13: 38617.7 | V13: =SUM(U13/T13*100) -> 101.76103 | W13: 38617.7 | Y13: 3062.2
B14: Развитие библиотечного дела в Горном улусе | C14: =SUM(H14+L14+P14+T14+X14) -> 20066 | D14: =SUM(I14+M14+Q14+U14+Y14) -> 21309.25 | E14: =SUM(D14/C14*100) -> 106.1958 | F14: =SUM(K14+O14+S14+W14+AA14) -> 21309.25 | G14: =SUM(D14-F14) -> 0 | M14: 303 | O14: 303 | P14: 19996 | Q14: 20846.25 | R14: =SUM(Q14/P14*100) -> 104.2521 | S14: 20846.25 | T14: 70 | U14: 160 | V14: =SUM(U14/T14*100) -> 228.57143 | W14: 160
B15: Развитие музейного дела в Горном улусе | C15: =SUM(H15+L15+P15+T15+X15) -> 9066 | D15: =SUM(I15+M15+Q15+U15+Y15) -> 11558.1 | E15: =SUM(D15/C15*100) -> 127.48842 | F15: =SUM(K15+O15+S15+W15+AA15) -> 11459.6 | G15: =SUM(D15-F15) -> 98.5 | M15: 147.9 | O15: 147.9 | T15: 9066 | U15: 11311.7 | V15: =SUM(U15/T15*100) -> 124.77057 | W15: 11311.7 | Y15: 98.5
A16: 3 | B16: Обеспечение качественным жильем в МР "Горный улус" на 2012-2019 годы | C16: =SUM(C17:C26) -> 251234.22 | D16: =SUM(D17:D26) -> 165060.36 | E16: =SUM(D16/C16*100) -> 65.699792 | F16: =SUM(K16+O16+S16+W16+AA16) -> 163402.38 | G16: =SUM(D16-F16) -> 1657.98 | H16: =SUM(H17:H26) -> 3000 | I16: =SUM(I17:I26) -> 6001.23 | J16: =SUM(I16/H16*100) -> 200.041 | K16: =SUM(K17:K26) -> 6001.23 | L16: =SUM(L17:L26) -> 163646.84 | M16: =SUM(M17:M26) -> 145567.26 | N16: =SUM(M16/L16*100) -> 88.952075 | O16: =SUM(O17:O26) -> 145567.26 | P16: =SUM(P17:P26) -> 8163.76 | Q16: =SUM(Q17:Q26) -> 3033.04 | R16: =SUM(Q16/P16*100) -> 37.152489 | S16: =SUM(S17:S26) -> 3467.65 | T16: =SUM(T17:T26) -> 3088.76 | U16: =SUM(U17:U26) -> 2500 | V16: =SUM(U16/T16*100) -> 80.938629 | W16: =SUM(W17:W26) -> 2500 | X16: =SUM(X17:X26) -> 73334.86 | Y16: =SUM(Y17:Y26) -> 7958.83 | Z16: =SUM(Y16/X16*100) -> 10.852724 | AA16: =SUM(AA17:AA26) -> 5866.24 | AB16: 13инд,7нев
B17: Градостроительное планирование развития территорий. Снижение административных барьеров в области строительства | C17: =SUM(H17+L17+P17+T17+X17) -> 1250 | D17: =SUM(I17+M17+Q17+U17+Y17) -> 1216.23 | F17: =SUM(K17+O17+S17+W17+AA17) -> 1216.23 | G17: =SUM(D17-F17) -> 0 | M17: 478.89 | O17: 478.89 | P17: 800 | Q17: 287.34 | R17: =SUM(Q17/P17*100) -> 35.9175 | S17: 287.34 | T17: 450 | U17: 450 | V17: =SUM(U17/T17*100) -> 100 | W17: 450
B18: Переселение граждан из ветхого и аварийного жилищного фонда | C18: =SUM(H18+L18+P18+T18+X18) -> 144909.22 | D18: =SUM(I18+M18+Q18+U18+Y18) -> 136261.46 | E18: =SUM(D18/C18*100) -> 94.032291 | F18: =SUM(K18+O18+S18+W18+AA18) -> 137637.84 | G18: =SUM(D18-F18) -> -1376.38 | L18: 114446.84 | M18: 136261.46 | N18: =SUM(M18/L18*100) -> 119.06092 | O18: 136261.46 | P18: 1913.76 | R18: =SUM(Q18/P18*100) -> 0 | S18: 1376.38 | T18: 713.76 | V18: =SUM(U18/T18*100) -> 0 | X18: 27834.86 | Z18: =SUM(Y18/X18*100) -> 0
B19: Обеспечение жильем работников бюджетной сферы | C19: =SUM(H19+L19+P19+T19+X19) -> 0 | D19: =SUM(I19+M19+Q19+U19+Y19) -> 0 | F19: =SUM(K19+O19+S19+W19+AA19) -> 0 | G19: =SUM(D19-F19) -> 0
B20: Комплексное освоение и развитие территорий в целях жилищного строительства | C20: =SUM(H20+L20+P20+T20+X20) -> 0 | D20: =SUM(I20+M20+Q20+U20+Y20) -> 0 | F20: =SUM(K20+O20+S20+W20+AA20) -> 0 | G20: =SUM(D20-F20) -> 0
B21: Индивидуальное жилищное строительство | C21: =SUM(H21+L21+P21+T21+X21) -> 38650 | D21: =SUM(I21+M21+Q21+U21+Y21) -> 13782.61 | E21: =SUM(D21/C21*100) -> 35.660052 | F21: =SUM(K21+O21+S21+W21+AA21) -> 10748.25 | G21: =SUM(D21-F21) -> 3034.36 | L21: 20000 | M21: 4673.78 | N21: =SUM(M21/L21*100) -> 23.3689 | O21: 4673.78 | P21: 1000 | Q21: 1000 | R21: =SUM(Q21/P21*100) -> 100 | S21: 58.23 | T21: 650 | U21: 150 | V21: =SUM(U21/T21*100) -> 23.076923 | W21: 150 | X21: 17000 | Y21: 7958.83 | Z21: =SUM(Y21/X21*100) -> 46.816647 | AA21: 5866.24
B22: Обеспечение жильем молодых семей | C22: =SUM(H22+L22+P22+T22+X22) -> 8475 | D22: =SUM(I22+M22+Q22+U22+Y22) -> 13800.06 | E22: =SUM(D22/C22*100) -> 162.83257 | F22: =SUM(K22+O22+S22+W22+AA22) -> 13800.06 | G22: =SUM(D22-F22) -> 0 | H22: 3000 | I22: 6001.23 | J22: =SUM(I22/H22*100) -> 200.041 | K22: 6001.23 | L22: 1700 | M22: 4153.13 | N22: =SUM(M22/L22*100) -> 244.30176 | O22: 4153.13 | P22: 2500 | Q22: 1745.7 | R22: =SUM(Q22/P22*100) -> 69.828 | S22: 1745.7 | T22: 1275 | U22: 1900 | V22: =SUM(U22/T22*100) -> 149.01961 | W22: 1900
B23: Обеспечение жильем отдельных категорий граждан | C23: =SUM(H23+L23+P23+T23+X23) -> 11600 | D23: =SUM(I23+M23+Q23+U23+Y23) -> 0 | E23: =SUM(D23/C23*100) -> 0 | F23: =SUM(K23+O23+S23+W23+AA23) -> 0 | G23: =SUM(D23-F23) -> 0 | L23: 10500 | N23: =SUM(M23/L23*100) -> 0 | P23: 1100 | R23: =SUM(Q23/P23*100) -> 0
B24: Строительство жилищного фонда социального использования | C24: =SUM(H24+L24+P24+T24+X24) -> 0 | D24: =SUM(I24+M24+Q24+U24+Y24) -> 0 | F24: =SUM(K24+O24+S24+W24+AA24) -> 0 | G24: =SUM(D24-F24) -> 0
B25: Повышение доступности рынка многоквартирных жилых домов | C25: =SUM(H25+L25+P25+T25+X25) -> 46350 | D25: =SUM(I25+M25+Q25+U25+Y25) -> 0 | E25: =SUM(D25/C25*100) -> 0 | F25: =SUM(K25+O25+S25+W25+AA25) -> 0 | G25: =SUM(D25-F25) -> 0 | L25: 17000 | N25: =SUM(M25/L25*100) -> 0 | P25: 850 | R25: =SUM(Q25/P25*100) -> 0 | X25: 28500 | Z25: =SUM(Y25/X25*100) -> 0
B26: Ипотечное кредитование молодых учителей | C26: =SUM(H26+L26+P26+T26+X26) -> 0 | D26: =SUM(I26+M26+Q26+U26+Y26) -> 0 | F26: =SUM(K26+O26+S26+W26+AA26) -> 0 | G26: =SUM(D26-F26) -> 0 | R26: =SUM(Q26/P26*100) -> #DIV/0!
A27: 4 | B27: Дорожное хозяйство на 2012-2019 годы | C27: =SUM(C28:C30) -> 40400 | D27: =SUM(D28:D30) -> 39721.675 | E27: =SUM(D27/C27*100) -> 98.320977 | F27: =SUM(K27+O27+S27+W27+AA27) -> 38471.7 | G27: =SUM(D27-F27) -> 1249.9746 | L27: =SUM(L28:L30) -> 25000 | M27: =SUM(M28:M30) -> 22511.53 | N27: =SUM(M27/L27*100) -> 90.04612 | O27: 22511.53 | P27: =SUM(P28:P30) -> 15400 | Q27: =SUM(Q28:Q30) -> 17210.145 | R27: =SUM(Q27/P27*100) -> 111.75419 | S27: =SUM(S28:S30) -> 15960.17 | AB27: 4инд,1нев
B28: Содержание и эксплуатация муниципальных автомобильных дорог "Бердигестях -Дикимдя-Ерт", "Орто-Сурт - Кептин", "Дикимдя-Эбэ", "Бердигестях-Аэропорт" | C28: =SUM(H28+L28+P28+T28+X28) -> 3000 | D28: =SUM(I28+M28+Q28+U28+Y28) -> 3157.3473 | E28: =SUM(D28/C28*100) -> 105.24491 | F28: =SUM(K28+O28+S28+W28+AA28) -> 2907.37 | G28: =SUM(D28-F28) -> 249.97731 | P28: 3000 | Q28: 3157.3473 | R28: =SUM(Q28/P28*100) -> 105.24491 | S28: 2907.37
B29: Ремонт муниципальных межпоселковых автомобильных дорог | C29: =SUM(H29+L29+P29+T29+X29) -> 7000 | D29: =SUM(I29+M29+Q29+U29+Y29) -> 11867.25 | E29: =SUM(D29/C29*100) -> 169.53214 | F29: =SUM(K29+O29+S29+W29+AA29) -> 11867.25 | G29: =SUM(D29-F29) -> 0.00014 | P29: 7000 | Q29: 11867.25 | R29: =SUM(Q29/P29*100) -> 169.53214 | S29: 11867.25
B30: Проектирование и строительство муниципальных автомобильных дорог | C30: =SUM(H30+L30+P30+T30+X30) -> 30400 | D30: =SUM(I30+M30+Q30+U30+Y30) -> 24697.077 | E30: =SUM(D30/C30*100) -> 81.240385 | F30: =SUM(K30+O30+S30+W30+AA30) -> 23697.08 | G30: =SUM(D30-F30) -> 999.99712 | L30: 25000 | M30: 22511.53 | N30: =SUM(M30/L30*100) -> 90.04612 | O30: 22511.53 | P30: 5400 | Q30: 2185.5471 | R30: =SUM(Q30/P30*100) -> 40.473095 | S30: 1185.55
A31: 5 | B31: Развитие сельскохозяйственного производства в муниципальном районе "Горный улус" Республики Саха (Якутия) на 2012-2019 годы | C31: =SUM(C32:C43) -> 284921.94 | D31: =SUM(D32:D43) -> 253334.82 | E31: =SUM(D31/C31*100) -> 88.913764 | F31: =SUM(K31+O31+S31+W31+AA31) -> 253334.82 | G31: =SUM(D31-F31) -> 2.910383e-11 | H31: =SUM(H32:H43) -> 36075 | I31: =SUM(I32:I43) -> 24168.27 | J31: =SUM(I31/H31*100) -> 66.994511 | K31: =SUM(K32:K43) -> 24168.27 | L31: =SUM(L32:L43) -> 173959.6 | M31: =SUM(M32:M43) -> 160558.37 | N31: =SUM(M31/L31*100) -> 92.296355 | O31: =SUM(O32:O43) -> 160558.37 | P31: =SUM(P32:P43) -> 17881.18 | Q31: =SUM(Q32:Q43) -> 11691.18 | R31: =SUM(Q31/P31*100) -> 65.382598 | S31: =SUM(S32:S43) -> 11691.18 | T31: =SUM(T32:T43) -> 4300 | V31: =SUM(U31/T31*100) -> 0 | W31: =SUM(W32:W43) -> 0 | X31: =SUM(X32:X43) -> 52706.16 | Y31: =SUM(Y32:Y43) -> 56917 | Z31: =SUM(Y31/X31*100) -> 107.98927 | AA31: =SUM(AA32:AA43) -> 56917 | AB31: 37инд,11нев
B32: Развитие животноводства | C32: =SUM(H32+L32+P32+T32+X32) -> 30624 | D32: =SUM(I32+M32+Q32+U32+Y32) -> 22534.7 | E32: =SUM(D32/C32*100) -> 73.585097 | F32: =SUM(K32+O32+S32+W32+AA32) -> 22534.7 | G32: =SUM(D32-F32) -> 0 | H32: =SUM([1]сх!D58) -> 1100 | I32: 1971.12 | J32: =SUM(I32/H32*100) -> 179.19273 | K32: 1971.12 | L32: =SUM([1]сх!E58) -> 12980 | M32: 12252.67 | N32: =SUM(M32/L32*100) -> 94.396533 | O32: 12252.67 | P32: =SUM([1]сх!F58) -> 7050 | Q32: 3570.91 | R32: =SUM(Q32/P32*100) -> 50.651206 | S32: 3570.91 | X32: 9494 | Y32: 4740 | Z32: =SUM(Y32/X32*100) -> 49.926269 | AA32: 4740 | AB32: 15инд,2невып
B33: Развитие растениеводства | C33: =SUM(H33+L33+P33+T33+X33) -> 8655.5 | D33: =SUM(I33+M33+Q33+U33+Y33) -> 12370.12 | E33: =SUM(D33/C33*100) -> 142.9163 | F33: =SUM(K33+O33+S33+W33+AA33) -> 12370.12 | G33: =SUM(D33-F33) -> 0 | H33: =SUM([1]сх!D78) -> 1100 | J33: =SUM(I33/H33*100) -> 0 | L33: =SUM([1]сх!E78) -> 2584.2 | M33: 7368.25 | N33: =SUM(M33/L33*100) -> 285.12693 | O33: 7368.25 | P33: =SUM([1]сх!F78) -> 2050 | Q33: 5001.87 | R33: =SUM(Q33/P33*100) -> 243.99366 | S33: 5001.87 | T33: 100 | V33: =SUM(U33/T33*100) -> 0 | X33: 2821.3 | Z33: =SUM(Y33/X33*100) -> 0 | AB33: 19инд,6 невып
B34: Развитие пищевой и перерабатывающей промышленности | C34: =SUM(H34+L34+P34+T34+X34) -> 161426.86 | D34: =SUM(I34+M34+Q34+U34+Y34) -> 154016.5 | E34: =SUM(D34/C34*100) -> 95.409463 | F34: =SUM(K34+O34+S34+W34+AA34) -> 154016.5 | G34: =SUM(D34-F34) -> 0 | H34: =SUM([1]сх!D99) -> 17200 | J34: =SUM(I34/H34*100) -> 0 | L34: =SUM([1]сх!E99) -> 100210 | M34: 116531.5 | N34: =SUM(M34/L34*100) -> 116.2873 | O34: 116531.5 | P34: =SUM([1]сх!F99) -> 2376 | Q34: 76 | R34: =SUM(Q34/P34*100) -> 3.1986532 | S34: 76 | T34: 1850 | V34: =SUM(U34/T34*100) -> 0 | X34: 39790.86 | Y34: 37409 | AA34: 37409 | AB34: 4инд,2 нев
B35: Развитие мелиорации сельскохозяйственных земель | C35: =SUM(H35+L35+P35+T35+X35) -> 0 | D35: =SUM(I35+M35+Q35+U35+Y35) -> 0 | F35: =SUM(K35+O35+S35+W35+AA35) -> 0 | G35: =SUM(D35-F35) -> 0
B36: Развитие традиционных отраслей Севера | C36: =SUM(H36+L36+P36+T36+X36) -> 2905 | D36: =SUM(I36+M36+Q36+U36+Y36) -> 1155 | E36: =SUM(D36/C36*100) -> 39.759036 | F36: =SUM(K36+O36+S36+W36+AA36) -> 1155 | G36: =SUM(D36-F36) -> 0 | H36: =SUM([1]сх!D112) -> 50 | J36: =SUM(I36/H36*100) -> 0 | L36: =SUM([1]сх!E112) -> 2555 | M36: 855 | N36: =SUM(M36/L36*100) -> 33.463796 | O36: 855 | P36: 300 | Q36: 300 | R36: =SUM(Q36/P36*100) -> 100 | S36: 300 | AB36: 1инд выпол
B37: Устойчивое развитие сельских территорий | C37: =SUM(H37+L37+P37+T37+X37) -> 20800 | D37: =SUM(I37+M37+Q37+U37+Y37) -> 38552.63 | E37: =SUM(D37/C37*100) -> 185.34918 | F37: =SUM(K37+O37+S37+W37+AA37) -> 38552.63 | G37: =SUM(D37-F37) -> 0 | H37: =SUM([1]сх!D121) -> 9600 | I37: 14785.15 | J37: =SUM(I37/H37*100) -> 154.01198 | K37: 14785.15 | L37: =SUM([1]сх!E121) -> 11200 | M37: 10274.48 | N37: =SUM(M37/L37*100) -> 91.736429 | O37: 10274.48 | Y37: 13493 | AA37: 13493 | AB37: 2инд,1нев
B38: Создание общих условий функционирования сельского хозяйства | C38: =SUM(H38+L38+P38+T38+X38) -> 2000 | D38: =SUM(I38+M38+Q38+U38+Y38) -> 3382 | E38: =SUM(D38/C38*100) -> 169.1 | F38: =SUM(K38+O38+S38+W38+AA38) -> 3382 | G38: =SUM(D38-F38) -> 0 | H38: =SUM([1]сх!D123) -> 900 | J38: =SUM(I38/H38*100) -> 0 | L38: 1100 | M38: 3382 | N38: =SUM(M38/L38*100) -> 307.45455 | O38: 3382
B39: Кадровое обеспечение | C39: =SUM(H39+L39+P39+T39+X39) -> 150 | D39: =SUM(I39+M39+Q39+U39+Y39) -> 0 | E39: =SUM(D39/C39*100) -> 0 | F39: =SUM(K39+O39+S39+W39+AA39) -> 0 | G39: =SUM(D39-F39) -> 0 | L39: 150 | N39: =SUM(M39/L39*100) -> 0
B40: Развитие кооперации и малых форм хозяйствования на селе | C40: =SUM(H40+L40+P40+T40+X40) -> 37225 | D40: =SUM(I40+M40+Q40+U40+Y40) -> 9775 | E40: =SUM(D40/C40*100) -> 26.259234 | F40: =SUM(K40+O40+S40+W40+AA40) -> 9775 | G40: =SUM(D40-F40) -> 0 | H40: =SUM([1]сх!D129) -> 4425 | I40: 7412 | J40: =SUM(I40/H40*100) -> 167.50282 | K40: 7412 | L40: =SUM([1]сх!E129) -> 31800 | M40: 1088 | N40: =SUM(M40/L40*100) -> 3.4213836 | O40: 1088 | P40: 500 | R40: =SUM(Q40/P40*100) -> 0 | T40: 500 | V40: =SUM(U40/T40*100) -> 0 | Y40: 1275 | AA40: 1275
B41: Комплексное обустройство населенных пунктов, расположенных в сельской местности, объектами социальной и инженерной инфраструктуры | C41: =SUM(H41+L41+P41+T41+X41) -> 4700 | D41: =SUM(I41+M41+Q41+U41+Y41) -> 0 | E41: =SUM(D41/C41*100) -> 0 | F41: =SUM(K41+O41+S41+W41+AA41) -> 0 | G41: =SUM(D41-F41) -> 0 | H41: 200 | J41: =SUM(I41/H41*100) -> 0 | L41: =SUM([1]сх!E133) -> 1700 | N41: =SUM(M41/L41*100) -> 0 | P41: 1500 | R41: =SUM(Q41/P41*100) -> 0 | T41: 1100 | V41: =SUM(U41/T41*100) -> 0 | X41: 200 | Z41: =SUM(Y41/X41*100) -> 0
B42: Грантовая поддержка местных инициатив граждан, проживающих в сельской местности | C42: =SUM(H42+L42+P42+T42+X42) -> 8255.18 | D42: =SUM(I42+M42+Q42+U42+Y42) -> 0 | E42: =SUM(D42/C42*100) -> 0 | F42: =SUM(K42+O42+S42+W42+AA42) -> 0 | G42: =SUM(D42-F42) -> 0 | H42: =SUM([1]сх!D140) -> 1500 | J42: =SUM(I42/H42*100) -> 0 | L42: =SUM([1]сх!E140) -> 1500 | N42: =SUM(M42/L42*100) -> 0 | P42: 4105.18 | R42: =SUM(Q42/P42*100) -> 0 | T42: 750 | V42: =SUM(U42/T42*100) -> 0 | X42: 400 | Z42: =SUM(Y42/X42*100) -> 0
B43: Содержание МКУ "УСХ МР "Горный улус" | C43: =SUM(H43+L43+P43+T43+X43) -> 8180.4 | D43: =SUM(I43+M43+Q43+U43+Y43) -> 11548.87 | E43: =SUM(D43/C43*100) -> 141.17733 | F43: =SUM(K43+O43+S43+W43+AA43) -> 11548.87 | G43: =SUM(D43-F43) -> 0 | L43: 8180.4 | M43: 8806.47 | N43: =SUM(M43/L43*100) -> 107.65329 | O43: 8806.47 | Q43: 2742.4 | S43: 2742.4
A44: 6 | B44: Управление муниципальной собственностью муниципальном районе "Горный улус" на 2015-2017 годы | C44: =SUM(C45:C49) -> 3255.4 | D44: =SUM(D45:D49) -> 5968.33 | E44: =SUM(D44/C44*100) -> 183.3363 | F44: =SUM(K44+O44+S44+W44+AA44) -> 5968.33 | G44: =SUM(D44-F44) -> 0 | P44: =SUM(P45:P49) -> 3255.4 | Q44: =SUM(Q45:Q49) -> 3355.13 | R44: =SUM(Q44/P44*100) -> 103.06353 | S44: =SUM(S45:S49) -> 3355.13 | U44: =SUM(U45:U49) -> 2613.2 | W44: =SUM(W45:W49) -> 2613.2 | AB44: 9инд,4нев
B45: Управление программой | C45: =SUM(H45+L45+P45+T45+X45) -> 2605.4 | D45: =SUM(I45+M45+Q45+U45+Y45) -> 5318.33 | E45: =SUM(D45/C45*100) -> 204.1272 | F45: =SUM(K45+O45+S45+W45+AA45) -> 5318.33 | G45: =SUM(D45-F45) -> 0 | P45: 2605.4 | Q45: 2705.13 | R45: =SUM(Q45/P45*100) -> 103.82782 | S45: 2705.13 | U45: 2613.2 | W45: 2613.2
B46: Учет муниципального имущества и формирование муниципальной собственности на объекты капитального строительства | C46: =SUM(H46+L46+P46+T46+X46) -> 220 | D46: =SUM(I46+M46+Q46+U46+Y46) -> 216.33 | E46: =SUM(D46/C46*100) -> 98.331818 | F46: =SUM(K46+O46+S46+W46+AA46) -> 216.33 | G46: =SUM(D46-F46) -> 0 | P46: 220 | Q46: 216.33 | R46: =SUM(Q46/P46*100) -> 98.331818 | S46: 216.33 | AB46: 4инд,1 нев
B47: Управление муниципальным имуществом | C47: =SUM(H47+L47+P47+T47+X47) -> 280 | D47: =SUM(I47+M47+Q47+U47+Y47) -> 273.17 | E47: =SUM(D47/C47*100) -> 97.560714 | F47: =SUM(K47+O47+S47+W47+AA47) -> 273.17 | G47: =SUM(D47-F47) -> 0 | P47: 280 | Q47: 273.17 | R47: =SUM(Q47/P47*100) -> 97.560714 | S47: 273.17
B48: Формирование муниципальной собственности на землю | C48: =SUM(H48+L48+P48+T48+X48) -> 100 | D48: =SUM(I48+M48+Q48+U48+Y48) -> 0 | E48: =SUM(D48/C48*100) -> 0 | F48: =SUM(K48+O48+S48+W48+AA48) -> 0 | G48: =SUM(D48-F48) -> 0 | P48: 100 | R48: =SUM(Q48/P48*100) -> 0 | AB48: 5инд,3нев
B49: Организация учета использования земель в МР "Горный улус" | C49: =SUM(H49+L49+P49+T49+X49) -> 50 | D49: =SUM(I49+M49+Q49+U49+Y49) -> 160.5 | E49: =SUM(D49/C49*100) -> 321 | F49: =SUM(K49+O49+S49+W49+AA49) -> 160.5 | G49: =SUM(D49-F49) -> 0 | P49: 50 | Q49: 160.5 | R49: =SUM(Q49/P49*100) -> 321 | S49: 160.5 | AB49: 1идн нев
A50: 7 | B50: Развитие предпринимательства и туризма в Горном улусе в МР "Горный улус" на 2012-2017 годы | C50: =SUM(C51:C62) -> 7337.35 | D50: =SUM(D51:D62) -> 6042.69 | E50: =SUM(D50/C50*100) -> 82.35521 | F50: =SUM(K50+O50+S50+W50+AA50) -> 5770.23 | G50: =SUM(D50-F50) -> 272.46 | L50: =SUM(L51:L62) -> 1334.35 | N50: =SUM(M50/L50*100) -> 0 | P50: =SUM(P51:P62) -> 6003 | Q50: =SUM(Q51:Q62) -> 5442.69 | R50: =SUM(Q50/P50*100) -> 90.666167 | S50: =SUM(S51:S62) -> 5170.23 | U50: =SUM(U51:U62) -> 600 | W50: =SUM(W51:W62) -> 600 | AB50: 14 инд,8инд нев
B51: Предоставление грантов начинающим субъектам малого предпринимательства | C51: =SUM(H51+L51+P51+T51+X51) -> 200 | D51: =SUM(I51+M51+Q51+U51+Y51) -> 0.126 | E51: =SUM(D51/C51*100) -> 0.063 | F51: =SUM(K51+O51+S51+W51+AA51) -> 0.13 | G51: =SUM(D51-F51) -> -0.004 | P51: 200 | Q51: 0.126 | R51: =SUM(Q51/P51*100) -> 0.063 | S51: 0.13
B52: Поддержка местных товаропроизводителей | C52: =SUM(H52+L52+P52+T52+X52) -> 0 | D52: =SUM(I52+M52+Q52+U52+Y52) -> 289.52 | F52: =SUM(K52+O52+S52+W52+AA52) -> 289.52 | G52: =SUM(D52-F52) -> 0 | U52: 289.52 | W52: 289.52
B53: Поддержка социально-значимых услуг | C53: =SUM(H53+L53+P53+T53+X53) -> 1234.35 | D53: =SUM(I53+M53+Q53+U53+Y53) -> 310.48 | E53: =SUM(D53/C53*100) -> 25.15332 | F53: =SUM(K53+O53+S53+W53+AA53) -> 310.48 | G53: =SUM(D53-F53) -> 0 | L53: 1234.35 | N53: =SUM(M53/L53*100) -> 0 | U53: 310.48 | W53: 310.48
B54: Создание и (или) обеспечение деятельности инфраструктуры поддержки предпринимательства | C54: =SUM(H54+L54+P54+T54+X54) -> 4361.9 | D54: =SUM(I54+M54+Q54+U54+Y54) -> 4104.544 | E54: =SUM(D54/C54*100) -> 94.099911 | F54: =SUM(K54+O54+S54+W54+AA54) -> 3832.08 | G54: =SUM(D54-F54) -> 272.464 | P54: 4361.9 | Q54: 4104.544 | R54: =SUM(Q54/P54*100) -> 94.099911 | S54: 3832.08
B55: Организация массовых программ обучения | C55: =SUM(H55+L55+P55+T55+X55) -> 141.1 | D55: =SUM(I55+M55+Q55+U55+Y55) -> 0 | E55: =SUM(D55/C55*100) -> 0 | F55: =SUM(K55+O55+S55+W55+AA55) -> 0 | G55: =SUM(D55-F55) -> 0 | L55: 100 | N55: =SUM(M55/L55*100) -> 0 | P55: 41.1 | R55: =SUM(Q55/P55*100) -> 0
B56: Развитие туризма | C56: =SUM(H56+L56+P56+T56+X56) -> 400 | D56: =SUM(I56+M56+Q56+U56+Y56) -> 0.02 | E56: =SUM(D56/C56*100) -> 0.005 | F56: =SUM(K56+O56+S56+W56+AA56) -> 0.02 | G56: =SUM(D56-F56) -> 0 | P56: 400 | Q56: 0.02 | R56: =SUM(Q56/P56*100) -> 0.005 | S56: 0.02
B57: Софинансирование муниипальных инвестиционных проектов | C57: =SUM(H57+L57+P57+T57+X57) -> 0 | D57: =SUM(I57+M57+Q57+U57+Y57) -> 0 | F57: =SUM(K57+O57+S57+W57+AA57) -> 0 | G57: =SUM(D57-F57) -> 0
B58: Создание бизнес инкубатора в с. Бердигестях | C58: =SUM(H58+L58+P58+T58+X58) -> 0 | D58: =SUM(I58+M58+Q58+U58+Y58) -> 0 | F58: =SUM(K58+O58+S58+W58+AA58) -> 0 | G58: =SUM(D58-F58) -> 0
B59: Мероприятия по проведению Года предпринимательства в Горном улусе | C59: =SUM(H59+L59+P59+T59+X59) -> 0 | D59: =SUM(I59+M59+Q59+U59+Y59) -> 0 | F59: =SUM(K59+O59+S59+W59+AA59) -> 0 | G59: =SUM(D59-F59) -> 0
B60: Предоставление микрокредитов субъектам малого и среднего предпринимательства | C60: =SUM(H60+L60+P60+T60+X60) -> 1000 | D60: =SUM(I60+M60+Q60+U60+Y60) -> 1323 | E60: =SUM(D60/C60*100) -> 132.3 | F60: =SUM(K60+O60+S60+W60+AA60) -> 1323 | G60: =SUM(D60-F60) -> 0 | P60: 1000 | Q60: 1323 | R60: =SUM(Q60/P60*100) -> 132.3 | S60: 1323
B61: Поддержка субъектов малого и среднего предпринимательства на организацию групп дневного времяпровождения детей дошкольного возраста и иных подобных им видов деятельности по уходу и присмотру за детьми | C61: =SUM(H61+L61+P61+T61+X61) -> 0 | D61: =SUM(I61+M61+Q61+U61+Y61) -> 0 | F61: =SUM(K61+O61+S61+W61+AA61) -> 0 | G61: =SUM(D61-F61) -> 0
B62: Формирование положительного образа предпринимателя, популяризация роли предпринимательства | C62: =SUM(H62+L62+P62+T62+X62) -> 0 | D62: =SUM(I62+M62+Q62+U62+Y62) -> 15 | F62: =SUM(K62+O62+S62+W62+AA62) -> 15 | G62: =SUM(D62-F62) -> 0 | Q62: 15 | S62: 15
A63: 8 | B63: Развитие информационного общества на территории муниципального района "Горный улус" на 2014-2017 годы | C63: =SUM(C64:C65) -> 1389.9 | D63: =SUM(D64:D65) -> 1295.65 | E63: =SUM(D63/C63*100) -> 93.218937 | F63: =SUM(K63+O63+S63+W63+AA63) -> 1295.65 | G63: =SUM(D63-F63) -> 0 | L63: =SUM(L64:L65) -> 0 | M63: =SUM(M64:M65) -> 0 | P63: 1389.9 | Q63: 1295.65 | R63: =SUM(Q63/P63*100) -> 93.218937 | S63: 1295.65 | AB63: 1
B64: Формирование единого пространства электронного взаимодействия органов государственной власти и органов местного самоуправления,и повышение качества предоставления муниципальных услуг на основе использования информационных и телекоммуникационных технологий | C64: =SUM(H64+L64+P64+T64+X64) -> 0 | D64: =SUM(I64+M64+Q64+U64+Y64) -> 40 | F64: =SUM(K64+O64+S64+W64+AA64) -> 40 | G64: =SUM(D64-F64) -> 0 | Q64: 40 | S64: 40
B65: Обеспечение наибольшей открытости информации об органах местного самоуправления МР «Горный улус» и информирование населения о деятельности органов местного самоуправления МР «Горный улус», формирование позитивного имиджа органов местного самоуправления МР «Горный улус» | C65: =SUM(H65+L65+P65+T65+X65) -> 1389.9 | D65: =SUM(I65+M65+Q65+U65+Y65) -> 1255.65 | E65: =SUM(D65/C65*100) -> 90.341032 | F65: =SUM(K65+O65+S65+W65+AA65) -> 1255.65 | G65: =SUM(D65-F65) -> 0 | P65: 1389.9 | Q65: 1255.65 | R65: =SUM(Q65/P65*100) -> 90.341032 | S65: 1255.65
A66: 9 | B66: Повышение эффективности бюджетных расходов МР "Горный улус" на 2011-2013годы (2014 год) | C66: =SUM(C67:C70) -> 500 | D66: =SUM(M66+Q66) -> 1520.928 | E66: =SUM(D66/C66*100) -> 304.1856 | F66: =SUM(K66+O66+S66+W66+AA66) -> 1512.448 | G66: =SUM(D66-F66) -> 8.48 | M66: 1020.928 | O66: 1020.928 | P66: 500 | Q66: =SUM(Q67:Q71) -> 500 | R66: =SUM(Q66/P66*100) -> 100 | S66: =SUM(S67:S71) -> 491.52 | AB66: 21инд ,1нев
B67: Участие в серии семинаров для работников в области управления муниципальными закупками | C67: =SUM(H67+L67+P67+T67+X67) -> 0 | D67: =SUM(I67+M67+Q67+U67+Y67) -> 220 | F67: =SUM(K67+O67+S67+W67+AA67) -> 211.52 | G67: =SUM(D67-F67) -> 8.48 | Q67: 220 | S67: 211.52
B68: Проведение экспертизы проектов новых муниципальных программ, предлагаемых к реализации | C68: =SUM(H68+L68+P68+T68+X68) -> 500 | D68: =SUM(I68+M68+Q68+U68+Y68) -> 0 | E68: =SUM(D68/C68*100) -> 0 | F68: =SUM(K68+O68+S68+W68+AA68) -> 0 | G68: =SUM(D68-F68) -> 0 | P68: 500 | R68: =SUM(Q68/P68*100) -> 0
B69: Обеспечение открытости и доступности информации о деятельности органов местного самоуправления, формируемых ими информационных ресурсах и обеспечение свободного доступа через сеть | C69: =SUM(H69+L69+P69+T69+X69) -> 0 | D69: =SUM(I69+M69+Q69+U69+Y69) -> 50 | F69: =SUM(K69+O69+S69+W69+AA69) -> 50 | G69: =SUM(D69-F69) -> 0 | Q69: 50 | S69: 50
B70: Совершенствование системы мониторинга и оценки качества управления муниципальными финансами (финансового менеджмента) | C70: =SUM(H70+L70+P70+T70+X70) -> 0 | D70: =SUM(I70+M70+Q70+U70+Y70) -> 130 | F70: =SUM(K70+O70+S70+W70+AA70) -> 130 | G70: =SUM(D70-F70) -> 0 | Q70: 130 | S70: 130
B71: Проведение экспертизы проектов новых муниципальных программ, предлагаемых к реализации | D71: =SUM(I71+M71+Q71+U71+Y71) -> 100 | F71: =SUM(K71+O71+S71+W71+AA71) -> 100 | G71: =SUM(D71-F71) -> 0 | Q71: 100 | S71: 100
A72: 10 | B72: Развитие муниципальной службы в Горном улусе на 2012-2017 годы | C72: =SUM(C73:C76) -> 175 | D72: =SUM(D73:D76) -> 175 | E72: =SUM(D72/C72*100) -> 100 | F72: =SUM(K72+O72+S72+W72+AA72) -> 174.726 | G72: =SUM(D72-F72) -> 0.274 | P72: 175 | Q72: =SUM(Q73:Q76) -> 175 | R72: =SUM(Q72/P72*100) -> 100 | S72: =SUM(S73:S76) -> 174.726 | AB72: 5инд ,2нев
B73: Аттестация муниципальных служащих | C73: =SUM(H73+L73+P73+T73+X73) -> 0 | D73: =SUM(I73+M73+Q73+U73+Y73) -> 36.272 | F73: =SUM(K73+O73+S73+W73+AA73) -> 35.998 | G73: =SUM(D73-F73) -> 0.274 | Q73: 36.272 | S73: 35.998
B74: Повышение квалификации | C74: =SUM(H74+L74+P74+T74+X74) -> 86.68 | D74: =SUM(I74+M74+Q74+U74+Y74) -> 4.608 | E74: =SUM(D74/C74*100) -> 5.3161052 | F74: =SUM(K74+O74+S74+W74+AA74) -> 4.608 | G74: =SUM(D74-F74) -> 0 | P74: 86.68 | Q74: 4.608 | R74: =SUM(Q74/P74*100) -> 5.3161052 | S74: 4.608
B75: Профессиональная переподготовка | C75: =SUM(H75+L75+P75+T75+X75) -> 88.32 | D75: =SUM(I75+M75+Q75+U75+Y75) -> 58.88 | E75: =SUM(D75/C75*100) -> 66.666667 | F75: =SUM(K75+O75+S75+W75+AA75) -> 58.88 | G75: =SUM(D75-F75) -> 0 | P75: 88.32 | Q75: 58.88 | R75: =SUM(Q75/P75*100) -> 66.666667 | S75: 58.88
B76: Проведение социологического опроса населения Горного улуса | C76: =SUM(H76+L76+P76+T76+X76) -> 0 | D76: =SUM(I76+M76+Q76+U76+Y76) -> 75.24 | F76: =SUM(K76+O76+S76+W76+AA76) -> 75.24 | G76: =SUM(D76-F76) -> 0 | Q76: 75.24 | S76: 75.24
A77: 11 | B77: Охрана труда в Горном улусе на 2014-2017гг. | C77: =SUM(C78:C81) -> 3432 | D77: =SUM(D78:D81) -> 4962.51 | E77: =SUM(D77/C77*100) -> 144.59528 | F77: =SUM(K77+O77+S77+W77+AA77) -> 4962.51 | G77: =SUM(D77-F77) -> 0 | P77: =SUM(P78:P81) -> 400 | Q77: =SUM(Q78:Q81) -> 404.5 | R77: =SUM(Q77/P77*100) -> 101.125 | S77: =SUM(S78:S81) -> 404.5 | X77: =SUM(X78:X81) -> 3032 | Y77: =SUM(Y78:Y81) -> 4558.01 | Z77: =SUM(Y77/X77*100) -> 150.33015 | AA77: =SUM(AA78:AA81) -> 4558.01 | AB77: 1
B78: Непрерывная подготовка работников по охране труда | C78: =SUM(H78+L78+P78+T78+X78) -> 200 | D78: =SUM(I78+M78+Q78+U78+Y78) -> 323.8 | E78: =SUM(D78/C78*100) -> 161.9 | F78: =SUM(K78+O78+S78+W78+AA78) -> 323.8 | G78: =SUM(D78-F78) -> 0 | X78: 200 | Y78: 323.8 | Z78: =SUM(Y78/X78*100) -> 161.9 | AA78: 323.8
B79: Информационное обеспечение и пропаганда охраны труда | C79: =SUM(H79+L79+P79+T79+X79) -> 517 | D79: =SUM(I79+M79+Q79+U79+Y79) -> 15 | E79: =SUM(D79/C79*100) -> 2.901354 | F79: =SUM(K79+O79+S79+W79+AA79) -> 15 | G79: =SUM(D79-F79) -> 0 | P79: 400 | Q79: 15 | R79: =SUM(Q79/P79*100) -> 3.75 | S79: 15 | X79: 117 | Z79: =SUM(Y79/X79*100) -> 0
B80: Управление профессиональными рисками | C80: =SUM(H80+L80+P80+T80+X80) -> 1895 | D80: =SUM(I80+M80+Q80+U80+Y80) -> 2694.4 | E80: =SUM(D80/C80*100) -> 142.1847 | F80: =SUM(K80+O80+S80+W80+AA80) -> 2694.4 | G80: =SUM(D80-F80) -> 0 | Q80: 389.5 | S80: 389.5 | X80: 1895 | Y80: 2304.9 | Z80: =SUM(Y80/X80*100) -> 121.63061 | AA80: 2304.9
B81: Лечебно-профилактические мероприятия | C81: =SUM(H81+L81+P81+T81+X81) -> 820 | D81: =SUM(I81+M81+Q81+U81+Y81) -> 1929.31 | E81: =SUM(D81/C81*100) -> 235.28171 | F81: =SUM(K81+O81+S81+W81+AA81) -> 1929.31 | G81: =SUM(D81-F81) -> 0 | X81: 820 | Y81: 1929.31 | Z81: =SUM(Y81/X81*100) -> 235.28171 | AA81: 1929.31
A82: 12 | B82: Старшее поколение на 2014-2017 годы | C82: =SUM(C83:C85) -> 2045 | D82: =SUM(D83:D85) -> 1699 | E82: =SUM(D82/C82*100) -> 83.080685 | F82: =SUM(K82+O82+S82+W82+AA82) -> 1699 | G82: =SUM(D82-F82) -> 0 | L82: 360 | M82: 300 | N82: =SUM(M82/L82*100) -> 83.333333 | O82: 300 | P82: =SUM(P83:P85) -> 1000 | Q82: =SUM(Q83:Q85) -> 1049 | R82: =SUM(Q82/P82*100) -> 104.9 | S82: =SUM(S83:S85) -> 1049 | T82: =SUM(T83:T85) -> 485 | U82: =SUM(U83:U85) -> 350 | V82: =SUM(U82/T82*100) -> 72.164948 | W82: =SUM(W83:W85) -> 350 | X82: 200 | Z82: =SUM(Y82/X82*100) -> 0 | AB82: 1
B83: Социальная защита прав и интересов старшего поколения | C83: =SUM(H83+L83+P83+T83+X83) -> 475 | D83: =SUM(I83+M83+Q83+U83+Y83) -> 359 | E83: =SUM(D83/C83*100) -> 75.578947 | F83: =SUM(K83+O83+S83+W83+AA83) -> 359 | G83: =SUM(D83-F83) -> 0 | P83: 210 | Q83: 359 | R83: =SUM(Q83/P83*100) -> 170.95238 | S83: 359 | T83: 65 | V83: =SUM(U83/T83*100) -> 0 | X83: 200 | Z83: =SUM(Y83/X83*100) -> 0
B84: Поддержка деятельности общественных организаций ветеранов | C84: =SUM(H84+L84+P84+T84+X84) -> 370 | D84: =SUM(I84+M84+Q84+U84+Y84) -> 340 | E84: =SUM(D84/C84*100) -> 91.891892 | F84: =SUM(K84+O84+S84+W84+AA84) -> 340 | G84: =SUM(D84-F84) -> 0 | P84: 370 | Q84: 340 | R84: =SUM(Q84/P84*100) -> 91.891892 | S84: 340
B85: Улучшение жилищных условий ветеранов тыла | C85: =SUM(H85+L85+P85+T85+X85) -> 1200 | D85: =SUM(I85+M85+Q85+U85+Y85) -> 1000 | E85: =SUM(D85/C85*100) -> 83.333333 | F85: =SUM(K85+O85+S85+W85+AA85) -> 1000 | G85: =SUM(D85-F85) -> 0 | L85: 360 | M85: 300 | N85: =SUM(M85/L85*100) -> 83.333333 | O85: 300 | P85: 420 | Q85: 350 | R85: =SUM(Q85/P85*100) -> 83.333333 | S85: 350 | T85: 420 | U85: 350 | V85: =SUM(U85/T85*100) -> 83.333333 | W85: 350
A86: 13 | B86: Обеспечение безбарьерной среды жизнедеятельности инвалидов в Горном улусе на 2012 - 2017 годы | C86: =SUM(C87:C91) -> 246.9 | D86: =SUM(D87:D91) -> 569.765 | E86: =SUM(D86/C86*100) -> 230.76752 | F86: =SUM(K86+O86+S86+W86+AA86) -> 394.265 | G86: =SUM(D86-F86) -> 175.5 | L86: =SUM(L87:L91) -> 250.6 | M86: =SUM(M87:M91) -> 323.48 | N86: =SUM(M86/L86*100) -> 129.0822 | O86: =SUM(O87:O91) -> 147.98 | P86: =SUM(P87:P91) -> 0 | Q86: =SUM(Q87:Q91) -> 246.285 | S86: =SUM(S87:S91) -> 246.285 | AB86: 11инд,нев
B87: Установление муниципальных льгот инвалидам и детям инвалидам | C87: =SUM(H87+L87+P87+T87+X87) -> 100 | D87: =SUM(I87+M87+Q87+U87+Y87) -> 0 | E87: =SUM(D87/C87*100) -> 0 | F87: =SUM(K87+O87+S87+W87+AA87) -> 0 | G87: =SUM(D87-F87) -> 0 | L87: 100 | N87: =SUM(M87/L87*100) -> 0
B88: Спортивно-культурные мероприятия для инвалидов | C88: 61 | D88: =SUM(I88+M88+Q88+U88+Y88) -> 94.04 | E88: =SUM(D88/C88*100) -> 154.16393 | F88: =SUM(K88+O88+S88+W88+AA88) -> 94.04 | G88: =SUM(D88-F88) -> 0 | L88: 70 | N88: =SUM(M88/L88*100) -> 0 | Q88: 94.04 | S88: 94.04
B89: Поддержка творческих способностей инвалидов | C89: 20 | D89: =SUM(I89+M89+Q89+U89+Y89) -> 48.3 | E89: =SUM(D89/C89*100) -> 241.5 | F89: =SUM(K89+O89+S89+W89+AA89) -> 48.3 | G89: =SUM(D89-F89) -> 0 | L89: 15 | N89: =SUM(M89/L89*100) -> 0 | Q89: 48.3 | S89: 48.3
B90: Улусные мероприятия для инвалидов | C90: 65.9 | D90: =SUM(I90+M90+Q90+U90+Y90) -> 58.738 | E90: =SUM(D90/C90*100) -> 89.132018 | F90: =SUM(K90+O90+S90+W90+AA90) -> 58.738 | G90: =SUM(D90-F90) -> 0 | L90: 65.6 | N90: =SUM(M90/L90*100) -> 0 | Q90: 58.738 | S90: 58.738
B91: Обеспечение доступности инвалидов (Приобретение мобильного переносного подъемника) | C91: =SUM(H91+L91+P91+T91+X91) -> 0 | D91: =SUM(I91+M91+Q91+U91+Y91) -> 368.687 | F91: =SUM(K91+O91+S91+W91+AA91) -> 193.187 | G91: =SUM(D91-F91) -> 175.5 | M91: 323.48 | O91: 147.98 | Q91: 45.207 | S91: 45.207
A92: 14 | B92: Семейная политика в Горном улусе на 2012-2017 годы | C92: =SUM(C93:C97) -> 895 | D92: =SUM(D93:D97) -> 1080.01 | E92: =SUM(D92/C92*100) -> 120.67151 | F92: =SUM(K92+O92+S92+W92+AA92) -> 1080.01 | G92: =SUM(D92-F92) -> 0 | L92: =SUM(L93:L97) -> 0 | M92: =SUM(M93:M97) -> 0 | P92: =SUM(P93:P97) -> 895 | Q92: =SUM(Q93:Q97) -> 1080.01 | R92: =SUM(Q92/P92*100) -> 120.67151 | S92: =SUM(S93:S97) -> 1080.01 | AB92: 12инд,8нев
B93: Улучшение демографичесской ситуации | C93: =SUM(H93+L93+P93+T93+X93) -> 220 | D93: =SUM(I93+M93+Q93+U93+Y93) -> 309.73 | E93: =SUM(D93/C93*100) -> 140.78636 | F93: =SUM(K93+O93+S93+W93+AA93) -> 309.73 | G93: =SUM(D93-F93) -> 0 | P93: 220 | Q93: 309.73 | R93: =SUM(Q93/P93*100) -> 140.78636 | S93: 309.73
B94: Укрепление института семьи, возрождение и сохранение духовно-нравственных традиций семейных отношени | C94: =SUM(H94+L94+P94+T94+X94) -> 235 | D94: =SUM(I94+M94+Q94+U94+Y94) -> 196.72 | E94: =SUM(D94/C94*100) -> 83.710638 | F94: =SUM(K94+O94+S94+W94+AA94) -> 196.72 | G94: =SUM(D94-F94) -> 0 | P94: 235 | Q94: 196.72 | R94: =SUM(Q94/P94*100) -> 83.710638 | S94: 196.72
B95: Профилактика семейного неблагополучия и социального сиротства детей | C95: =SUM(H95+L95+P95+T95+X95) -> 160 | D95: =SUM(I95+M95+Q95+U95+Y95) -> 66.93 | E95: =SUM(D95/C95*100) -> 41.83125 | F95: =SUM(K95+O95+S95+W95+AA95) -> 66.93 | G95: =SUM(D95-F95) -> 0 | P95: 160 | Q95: 66.93 | R95: =SUM(Q95/P95*100) -> 41.83125 | S95: 66.93
B96: Поддержка и создание условий для пропаганды семейной политики и ЗОЖ | C96: =SUM(H96+L96+P96+T96+X96) -> 195 | D96: =SUM(I96+M96+Q96+U96+Y96) -> 296.09 | E96: =SUM(D96/C96*100) -> 151.84103 | F96: =SUM(K96+O96+S96+W96+AA96) -> 296.09 | G96: =SUM(D96-F96) -> 0 | P96: 195 | Q96: 296.09 | R96: =SUM(Q96/P96*100) -> 151.84103 | S96: 296.09
B97: Повышение качества жизни малоимущих семей | C97: =SUM(H97+L97+P97+T97+X97) -> 85 | D97: =SUM(I97+M97+Q97+U97+Y97) -> 210.54 | E97: =SUM(D97/C97*100) -> 247.69412 | F97: =SUM(K97+O97+S97+W97+AA97) -> 210.54 | G97: =SUM(D97-F97) -> 0 | P97: 85 | Q97: 210.54 | R97: =SUM(Q97/P97*100) -> 247.69412 | S97: 210.54
A98: 15 | B98: Профилактика безнадзорности и правонарушений несовершеннолетних на территории Горного улуса на 2012-2017 годы | C98: =SUM(C99:C100) -> 500 | D98: =SUM(D99:D100) -> 500 | E98: =SUM(D98/C98*100) -> 100 | F98: =SUM(K98+O98+S98+W98+AA98) -> 500 | G98: =SUM(D98-F98) -> 0 | P98: =SUM(P99:P100) -> 500 | Q98: =SUM(Q99:Q100) -> 500 | R98: =SUM(Q98/P98*100) -> 100 | S98: =SUM(S99:S100) -> 500 | AB98: 1
B99: Организационно – управленческое и правовое обеспечение | C99: =SUM(H99+L99+P99+T99+X99) -> 10 | D99: =SUM(I99+M99+Q99+U99+Y99) -> 10 | E99: =SUM(D99/C99*100) -> 100 | F99: =SUM(K99+O99+S99+W99+AA99) -> 10 | G99: =SUM(D99-F99) -> 0 | P99: 10 | Q99: 10 | R99: =SUM(Q99/P99*100) -> 100 | S99: 10
B100: Социальная адаптация, реабилитация и организация досуга несовершеннолетних | C100: =SUM(H100+L100+P100+T100+X100) -> 490 | D100: =SUM(I100+M100+Q100+U100+Y100) -> 490 | E100: =SUM(D100/C100*100) -> 100 | F100: =SUM(K100+O100+S100+W100+AA100) -> 490 | G100: =SUM(D100-F100) -> 0 | P100: 490 | Q100: 490 | R100: =SUM(Q100/P100*100) -> 100 | S100: 490
A101: 16 | B101: Молодежь Горного улуса РС (Я) на 2012-2017 годы | C101: =SUM(C102:C106) -> 3285 | D101: =SUM(D102:D106) -> 1594.9 | E101: =SUM(D101/C101*100) -> 48.550989 | F101: =SUM(K101+O101+S101+W101+AA101) -> 1594.9 | G101: =SUM(D101-F101) -> 0 | L101: =SUM(L102:L106) -> 1055 | M101: =SUM(M102:M106) -> 245.7 | N101: =SUM(M101/L101*100) -> 23.2891 | O101: =SUM(O102:O106) -> 245.7 | P101: =SUM(P102:P106) -> 1620 | Q101: =SUM(Q102:Q106) -> 1349.2 | R101: =SUM(Q101/P101*100) -> 83.283951 | S101: =SUM(S102:S106) -> 1349.2 | AB101: 9инд,4нев
...
